Workbook
Name \0: #REF!
Name \00: #REF!
Name \a: #REF!
Name \a: #REF!
Name \a: #REF!
Name \a: #REF!
Name \a: #REF!
Name \a: #REF!
Name \a: #REF!
Name \a: #REF!
Name \a: #REF!
Name \a: #REF!
Name \a: #REF!
Name \a: #REF!
Name \a: #REF!
Name \a: #REF!
Name \a: #REF!
Name \a: #REF!
Name \a: #REF!
Name \a: #REF!
Name \a: #REF!
Name \a: #REF!
Name \a: #REF!
Name \AA: #REF!
Name \b: #REF!
Name \bb: #REF!
Name \E: #REF!
Name \EE: #REF!
Name \G: #REF!
Name \k: #REF!
Name \l: #REF!
Name \M: #REF!
Name \ñ: #REF!
Name \P: #REF!
Name \R: #REF!
Name \s: #REF!
Name \s: #REF!
Name \s: #REF!
Name \s: #REF!
Name \s: #REF!
Name \s: #REF!
Name \s: #REF!
Name \s: #REF!
Name \s: #REF!
Name \s: #REF!
Name \s: #REF!
Name \s: #REF!
Name \s: #REF!
Name \s: #REF!
Name \s: #REF!
Name \s: #REF!
Name \s: #REF!
Name \s: #REF!
Name \s: #REF!
Name \s: #REF!
Name \s: #REF!
Name \V: #REF!
Name \X: 'APU CAP #'!ERR
Name \X: 'APU CAP 10'!ERR
Name \X: 'APU CAP 11'!ERR

Sheet RESUMEN PRESUPUESTO
B3: PRESUPUESTO VALORES POR CAPITULOS
B6: =PRESUPUESTO!C13 -> CONSTRUCCIÓN DEL CENTRO DE DESARROLLO INFANTIL BRISAS DEL MUNICIPIO DE MOSQUERA, CUNDINAMARCA
B9: VALOR TOTAL PROYECTO | C9: =PRESUPUESTO!K378 -> 0
B11: CAPITULOS | C11: NOMBRE DEL CAPITULO | D11: VALOR TOTAL CAPITULO | E11: PORCENTAJE RESPECTO AL TOTAL DEL PROYECTO
B12: CAPITULO 1 | C12: =PRESUPUESTO!C14 -> 1- PRELIMINARES, DEMOLICIONES Y DESMONTE | D12: =PRESUPUESTO!K21 -> 0 | E12: =+D12/$C$9 -> #DIV/0!
B13: CAPITULO 2 | C13: =PRESUPUESTO!C22 -> 2- EXCAVACIONES Y RELLENOS | D13: =PRESUPUESTO!K27 -> 0 | E13: =+D13/$C$9 -> #DIV/0!
B14: CAPITULO 3 | C14: =PRESUPUESTO!C28 -> 3- CIMENTACIONES EN CONCRETO | D14: =PRESUPUESTO!K39 -> 0 | E14: =+D14/$C$9 -> #DIV/0!
B15: CAPITULO 4 | C15: =PRESUPUESTO!C40 -> 4- ESTRUCTURA | D15: =PRESUPUESTO!K53 -> 0 | E15: =+D15/$C$9 -> #DIV/0!
B16: CAPITULO 5 | C16: =PRESUPUESTO!C54 -> 5- INSTALACIONES ELÉCTRICAS | D16: =PRESUPUESTO!K158 -> 0 | E16: =+D16/$C$9 -> #DIV/0!
B17: CAPITULO 6 | C17: =PRESUPUESTO!C159 -> 6- ESTRUCTURA METALICA | D17: =PRESUPUESTO!K161 -> 0 | E17: =+D17/$C$9 -> #DIV/0!
B18: CAPITULO 7 | C18: =PRESUPUESTO!C162 -> 7- INSTALACIONES HIDROSANITARIAS | D18: =PRESUPUESTO!K223 -> 0 | E18: =+D18/$C$9 -> #DIV/0!
B19: CAPITULO 8 | C19: =PRESUPUESTO!C224 -> 8-CUBIERTA E IMPERMEABILIZACIONES | D19: =PRESUPUESTO!K237 -> 0 | E19: =+D19/$C$9 -> #DIV/0!
B20: CAPITULO 9 | C20: =PRESUPUESTO!C238 -> 9- PISOS Y BASES | D20: =PRESUPUESTO!K241 -> 0 | E20: =+D20/$C$9 -> #DIV/0!
B21: CAPITULO 10 | C21: =PRESUPUESTO!C242 -> 10- MUROS, MAMPOSTERÍA Y PAÑETES | D21: =PRESUPUESTO!K258 -> 0 | E21: =+D21/$C$9 -> #DIV/0!
B22: CAPITULO 11 | C22: =PRESUPUESTO!C259 -> 11- ACABADO DE PISOS | D22: =PRESUPUESTO!K272 -> 0 | E22: =+D22/$C$9 -> #DIV/0!
B23: CAPITULO 12 | C23: =PRESUPUESTO!C273 -> 12- ACABADOS DE MURO | D23: =PRESUPUESTO!K279 -> 0 | E23: =+D23/$C$9 -> #DIV/0!
B24: CAPITULO 13 | C24: =PRESUPUESTO!C280 -> 13- PINTURAS | D24: =PRESUPUESTO!K284 -> 0 | E24: =+D24/$C$9 -> #DIV/0!
B25: CAPITULO 14 | C25: =PRESUPUESTO!C285 -> 14- CIELO RASOS | D25: =PRESUPUESTO!K291 -> 0 | E25: =+D25/$C$9 -> #DIV/0!
B26: CAPITULO 15 | C26: =PRESUPUESTO!C292 -> 15- APARATOS SANITARIOS, MESONES Y ACCESORIOS | D26: =PRESUPUESTO!K310 -> 0 | E26: =+D26/$C$9 -> #DIV/0!
B27: CAPITULO 16 | C27: =PRESUPUESTO!C311 -> 16- CARPINTERÍA EN ALUMINIO Y METÁLICA | D27: =PRESUPUESTO!K329 -> 0 | E27: =+D27/$C$9 -> #DIV/0!
B28: CAPITULO 17 | C28: =PRESUPUESTO!C330 -> 17- CARPINTERÍA EN MADERA | D28: =PRESUPUESTO!K334 -> 0 | E28: =+D28/$C$9 -> #DIV/0!
B29: CAPITULO 18 | C29: =PRESUPUESTO!C335 -> 18- OBRAS EXTERIORES, URBANISMO Y CERRAMIENTO | D29: =PRESUPUESTO!K350 -> 0 | E29: =+D29/$C$9 -> #DIV/0!
B30: CAPITULO 19 | C30: =PRESUPUESTO!C351 -> 19- ELEMENTOS DE IMAGEN DE FACHADA | D30: =PRESUPUESTO!K353 -> 0 | E30: =+D30/$C$9 -> #DIV/0!
B31: CAPITULO 20 | C31: =PRESUPUESTO!C354 -> 20- SEÑALIZACION | D31: =PRESUPUESTO!K358 -> 0 | E31: =+D31/$C$9 -> #DIV/0!
B32: CAPITULO 21 | C32: 21- EQUIPOS | D32: =PRESUPUESTO!K361 -> 0 | E32: =+D32/$C$9 -> #DIV/0!
B33: CAPITULO 22 | C33: =PRESUPUESTO!C362 -> 22- ASEO | D33: =PRESUPUESTO!K365 -> 0 | E33: =+D33/$C$9 -> #DIV/0!
B34: CAPITULO 23 | C34: =PRESUPUESTO!C368 -> 23- TRAMITES, CERTIFICACIONES Y PRUEBAS | D34: =PRESUPUESTO!K374 -> 0 | E34: =+D34/$C$9 -> #DIV/0!
D35: TOTAL | E35: =+SUM(E12:E34) -> #DIV/0!

Sheet PRESUPUESTO
C3: Formulario 1 - Propuesta económica - Licitación de obra pública de infraestructura social
C4: Código | D4: CCE-EICP-FM-116 | E4: Versión | F4: 1
C6: PRESUPUESTO OFICIAL
C7: [La Entidad puede utilizar este Formulario de detalle del Presupuesto Oficial para determinar las condiciones bajo las cuales los Proponentes analizarán y presentarán su propuesta económica de forma detallada, sin perjuicio que la Entidad pueda modificarlo o establecer la presentación de la oferta económica con un Formulario distinto al indicado.]
C9: Adicionalmente, cuando el Proceso de Contratación es estructurado por Precios Unitarios, la Entidad debe aplicar las notas 1, 2 y 3 del presente Formulario y las casillas de "Descripción", "Porcentaje" de la Administración, Imprevisto, Utilidad y total A.I.U. resaltadas en color amarillo. Tratándose de otras modalidades de precio, la Entidad puede o no configurar los mismos aspectos.
C11: Nº | D11: ÍTEM DE PAGO | E11: ESPECIFICACIONES | G11: DESCRIPCIÓN | H11: UND | I11: CANTIDAD | J11: VALOR UNITARIO | K11: VALOR TOTAL
E12: GENERAL | F12: ICCU
C13: CONSTRUCCIÓN DEL CENTRO DE DESARROLLO INFANTIL BRISAS DEL MUNICIPIO DE MOSQUERA, CUNDINAMARCA
C14: 1- PRELIMINARES, DEMOLICIONES Y DESMONTE
C15: 1.01 | D15: =IFERROR(VLOOKUP(G15,'LISTA ICCU 2026'!$D$6:$G$1065,4,FALSE),"APU - "&C15) -> 1,1 - C | E15: =C15 -> 1.01 | F15: =IF(OR(TRIM(D15)="APU - "&SUBSTITUTE(TEXT(C15,"0,00"),",","."),TRIM(D15)="APU - "&TEXT(C15,"0,00")),"N/A",IFERROR(VLOOKUP(G15,'LISTA ICCU 2026'!$D$6:$G$1065,4,FALSE),"APU - "&SUBSTITUTE(TEXT(C15,"0,00"),",","."))) -> 1,1 - C | G15: CAMPAMENTO 18M2 EN TABLA, TEJA DE ETERNIT, INC. TRANS, MATERIALES | H15: =IFERROR(VLOOKUP(G15,'LISTA ICCU 2026'!$D$6:$H$1065,2,FALSE),"NO ") -> UN | I15: 2
C16: =C15+0.01 -> 1.02 | D16: =IFERROR(VLOOKUP(G16,'LISTA ICCU 2026'!$D$6:$G$1065,4,FALSE),"APU - "&C16) -> 1,8 - C | E16: =C16 -> 1.02 | F16: =IF(OR(TRIM(D16)="APU - "&SUBSTITUTE(TEXT(C16,"0,00"),",","."),TRIM(D16)="APU - "&TEXT(C16,"0,00")),"N/A",IFERROR(VLOOKUP(G16,'LISTA ICCU 2026'!$D$6:$G$1065,4,FALSE),"APU - "&SUBSTITUTE(TEXT(C16,"0,00"),",","."))) -> 1,8 - C | G16: CERCA EN TELA VERDE H = 2.10 M | H16: =IFERROR(VLOOKUP(G16,'LISTA ICCU 2026'!$D$6:$H$1065,2,FALSE),"NO ") -> ML | I16: 157.73
C17: =C16+0.01 -> 1.03 | D17: =IFERROR(VLOOKUP(G17,'LISTA ICCU 2026'!$D$6:$G$1065,4,FALSE),"APU - "&C17) -> 1.30 - C | E17: =C17 -> 1.03 | F17: =IF(OR(TRIM(D17)="APU - "&SUBSTITUTE(TEXT(C17,"0,00"),",","."),TRIM(D17)="APU - "&TEXT(C17,"0,00")),"N/A",IFERROR(VLOOKUP(G17,'LISTA ICCU 2026'!$D$6:$G$1065,4,FALSE),"APU - "&SUBSTITUTE(TEXT(C17,"0,00"),",","."))) -> 1.30 - C | G17: DESCAPOTE A MAQUINA E=0.20 M, INC RETIRO | H17: =IFERROR(VLOOKUP(G17,'LISTA ICCU 2026'!$D$6:$H$1065,2,FALSE),"NO ") -> M2 | I17: 1474.92
C18: =C17+0.01 -> 1.04 | D18: =IFERROR(VLOOKUP(G18,'LISTA ICCU 2026'!$D$6:$G$1065,4,FALSE),"APU - "&C18) -> 1,41 - C | E18: =C18 -> 1.04 | F18: =IF(OR(TRIM(D18)="APU - "&SUBSTITUTE(TEXT(C18,"0,00"),",","."),TRIM(D18)="APU - "&TEXT(C18,"0,00")),"N/A",IFERROR(VLOOKUP(G18,'LISTA ICCU 2026'!$D$6:$G$1065,4,FALSE),"APU - "&SUBSTITUTE(TEXT(C18,"0,00"),",","."))) -> 1,41 - C | G18: LOCALIZACIÓN Y REPLANTEO DE CIMIENTOS CON ELEMENTOS DE PRESICIÓN | H18: =IFERROR(VLOOKUP(G18,'LISTA ICCU 2026'!$D$6:$H$1065,2,FALSE),"NO ") -> M2 | I18: 778.2
C19: =C18+0.01 -> 1.05 | D19: =IFERROR(VLOOKUP(G19,'LISTA ICCU 2026'!$D$6:$G$1065,4,FALSE),"APU - "&C19) -> 1,43 - C | E19: =C19 -> 1.05 | F19: =IF(OR(TRIM(D19)="APU - "&SUBSTITUTE(TEXT(C19,"0,00"),",","."),TRIM(D19)="APU - "&TEXT(C19,"0,00")),"N/A",IFERROR(VLOOKUP(G19,'LISTA ICCU 2026'!$D$6:$G$1065,4,FALSE),"APU - "&SUBSTITUTE(TEXT(C19,"0,00"),",","."))) -> 1,43 - C | G19: RED ELÉCTRICA PROVISIONAL L=50M | H19: =IFERROR(VLOOKUP(G19,'LISTA ICCU 2026'!$D$6:$H$1065,2,FALSE),"NO ") -> UN | I19: 1
C20: =C19+0.01 -> 1.06 | D20: =IFERROR(VLOOKUP(G20,'LISTA ICCU 2026'!$D$6:$G$1065,4,FALSE),"APU - "&C20) -> 11,1 - C | E20: =C20 -> 1.06 | F20: =IF(OR(TRIM(D20)="APU - "&SUBSTITUTE(TEXT(C20,"0,00"),",","."),TRIM(D20)="APU - "&TEXT(C20,"0,00")),"N/A",IFERROR(VLOOKUP(G20,'LISTA ICCU 2026'!$D$6:$G$1065,4,FALSE),"APU - "&SUBSTITUTE(TEXT(C20,"0,00"),",","."))) -> 11,1 - C | G20: ACOMETIDA EN PVC 1/2" 5M. INC CHEQUE , REGISTRO, ACCESORIOS | H20: =IFERROR(VLOOKUP(G20,'LISTA ICCU 2026'!$D$6:$H$1065,2,FALSE),"NO ") -> UN | I20: 1
C22: 2- EXCAVACIONES Y RELLENOS
C23: 2.01 | D23: =IFERROR(VLOOKUP(G23,'LISTA ICCU 2026'!$D$6:$G$1065,4,FALSE),"APU - "&C23) -> 16,2 - C | E23: =C23 -> 2.01 | F23: =IF(OR(TRIM(D23)="APU - "&SUBSTITUTE(TEXT(C23,"0,00"),",","."),TRIM(D23)="APU - "&TEXT(C23,"0,00")),"N/A",IFERROR(VLOOKUP(G23,'LISTA ICCU 2026'!$D$6:$G$1065,4,FALSE),"APU - "&SUBSTITUTE(TEXT(C23,"0,00"),",","."))) -> 16,2 - C | G23: EXCAVACIONES VARIAS A MÁQUINA SIN CLASIFICAR (INCLUYE RETIRO DE SOBRANTES A UNA DISTANCIA MENOR DE 5 KM) | H23: =IFERROR(VLOOKUP(G23,'LISTA ICCU 2026'!$D$6:$H$1065,2,FALSE),"NO ") -> M3 | I23: 622.57
C24: =C23+0.01 -> 2.02 | D24: =IFERROR(VLOOKUP(G24,'LISTA ICCU 2026'!$D$6:$G$1065,4,FALSE),"APU - "&C24) -> 16,5 - C | E24: =C24 -> 2.02 | F24: =IF(OR(TRIM(D24)="APU - "&SUBSTITUTE(TEXT(C24,"0,00"),",","."),TRIM(D24)="APU - "&TEXT(C24,"0,00")),"N/A",IFERROR(VLOOKUP(G24,'LISTA ICCU 2026'!$D$6:$G$1065,4,FALSE),"APU - "&SUBSTITUTE(TEXT(C24,"0,00"),",","."))) -> 16,5 - C | G24: EXCAVACIÓN MANUAL EN CONGLOMERADO H=0.0-2.0 M (INCLUYE RETIRO DE SOBRANTES A UNA DISTANCIA MENOR DE 5 KM) | H24: =IFERROR(VLOOKUP(G24,'LISTA ICCU 2026'!$D$6:$H$1065,2,FALSE),"NO ") -> M3 | I24: 134.71
C25: =C24+0.01 -> 2.03 | D25: =IFERROR(VLOOKUP(G25,'LISTA ICCU 2026'!$D$6:$G$1065,4,FALSE),"APU - "&C25) -> 16,8 - C | E25: =C25 -> 2.03 | F25: =IF(OR(TRIM(D25)="APU - "&SUBSTITUTE(TEXT(C25,"0,00"),",","."),TRIM(D25)="APU - "&TEXT(C25,"0,00")),"N/A",IFERROR(VLOOKUP(G25,'LISTA ICCU 2026'!$D$6:$G$1065,4,FALSE),"APU - "&SUBSTITUTE(TEXT(C25,"0,00"),",","."))) -> 16,8 - C | G25: RELLENO EN RECEBO COMÚN COMPACTADO MECÁNICAMENTE | H25: =IFERROR(VLOOKUP(G25,'LISTA ICCU 2026'!$D$6:$H$1065,2,FALSE),"NO ") -> M3 | I25: 156.86
C26: =C25+0.01 -> 2.04 | D26: =IFERROR(VLOOKUP(G26,'LISTA ICCU 2026'!$D$6:$G$1065,4,FALSE),"APU - "&C26) -> 1,6 - V | E26: =C26 -> 2.04 | F26: =IF(OR(TRIM(D26)="APU - "&SUBSTITUTE(TEXT(C26,"0,00"),",","."),TRIM(D26)="APU - "&TEXT(C26,"0,00")),"N/A",IFERROR(VLOOKUP(G26,'LISTA ICCU 2026'!$D$6:$G$1065,4,FALSE),"APU - "&SUBSTITUTE(TEXT(C26,"0,00"),",","."))) -> 1,6 - V | G26: TRANSPORTE DE MATERIALES PROV. DE EXPLANACIÓN, CANALES, PRESTAMOS, SOBREACARREOS Y DERRUMBES | H26: =IFERROR(VLOOKUP(G26,'LISTA ICCU 2026'!$D$6:$H$1065,2,FALSE),"NO ") -> M3-KM | I26: 7572.72
C27: Subtotal
C28: 3- CIMENTACIONES EN CONCRETO
C29: 3.01 | D29: =IFERROR(VLOOKUP(G29,'LISTA ICCU 2026'!$D$6:$G$1065,4,FALSE),"APU - "&C29) -> 4,29 - C | E29: =C29 -> 3.01 | F29: =IF(OR(TRIM(D29)="APU - "&SUBSTITUTE(TEXT(C29,"0,00"),",","."),TRIM(D29)="APU - "&TEXT(C29,"0,00")),"N/A",IFERROR(VLOOKUP(G29,'LISTA ICCU 2026'!$D$6:$G$1065,4,FALSE),"APU - "&SUBSTITUTE(TEXT(C29,"0,00"),",","."))) -> 4,29 - C | G29: BASE EN CONCRETO POBRE 1500 PSI | H29: =IFERROR(VLOOKUP(G29,'LISTA ICCU 2026'!$D$6:$H$1065,2,FALSE),"NO ") -> M3 | I29: 12.68
C30: =C29+0.01 -> 3.02 | D30: =IFERROR(VLOOKUP(G30,'LISTA ICCU 2026'!$D$6:$G$1065,4,FALSE),"APU - "&C30) -> APU - 3.02 | E30: =C30 -> 3.02 | F30: =IF(OR(TRIM(D30)="APU - "&SUBSTITUTE(TEXT(C30,"0,00"),",","."),TRIM(D30)="APU - "&TEXT(C30,"0,00")),"N/A",IFERROR(VLOOKUP(G30,'LISTA ICCU 2026'!$D$6:$G$1065,4,FALSE),"APU - "&SUBSTITUTE(TEXT(C30,"0,00"),",","."))) -> APU - 003 | G30: SUMINISTRO Y TENDIDA DE POLIETILENO NEGRO CALIBRE 7, INCLUYE CORTE, TRASLAPE Y FIJACIÓN | H30: M2 | I30: 766.51
C31: =C30+0.01 -> 3.03 | D31: =IFERROR(VLOOKUP(G31,'LISTA ICCU 2026'!$D$6:$G$1065,4,FALSE),"APU - "&C31) -> 2,7 - C | E31: =C31 -> 3.03 | F31: =IF(OR(TRIM(D31)="APU - "&SUBSTITUTE(TEXT(C31,"0,00"),",","."),TRIM(D31)="APU - "&TEXT(C31,"0,00")),"N/A",IFERROR(VLOOKUP(G31,'LISTA ICCU 2026'!$D$6:$G$1065,4,FALSE),"APU - "&SUBSTITUTE(TEXT(C31,"0,00"),",","."))) -> 2,7 - C | G31: VIGA DE AMARRE EN CONCRETO 3500 PSI | H31: =IFERROR(VLOOKUP(G31,'LISTA ICCU 2026'!$D$6:$H$1065,2,FALSE),"NO ") -> M3 | I31: 44.26
C32: =C31+0.01 -> 3.04 | D32: =IFERROR(VLOOKUP(G32,'LISTA ICCU 2026'!$D$6:$G$1065,4,FALSE),"APU - "&C32) -> 2,8 - C | E32: =C32 -> 3.04 | F32: =IF(OR(TRIM(D32)="APU - "&SUBSTITUTE(TEXT(C32,"0,00"),",","."),TRIM(D32)="APU - "&TEXT(C32,"0,00")),"N/A",IFERROR(VLOOKUP(G32,'LISTA ICCU 2026'!$D$6:$G$1065,4,FALSE),"APU - "&SUBSTITUTE(TEXT(C32,"0,00"),",","."))) -> 2,8 - C | G32: ZAPATAS EN CONCRETO 3500 PSI | H32: =IFERROR(VLOOKUP(G32,'LISTA ICCU 2026'!$D$6:$H$1065,2,FALSE),"NO ") -> M3 | I32: 65.76
C33: =C32+0.01 -> 3.05 | D33: =IFERROR(VLOOKUP(G33,'LISTA ICCU 2026'!$D$6:$G$1065,4,FALSE),"APU - "&C33) -> 4,22 - C | E33: =C33 -> 3.05 | F33: =IF(OR(TRIM(D33)="APU - "&SUBSTITUTE(TEXT(C33,"0,00"),",","."),TRIM(D33)="APU - "&TEXT(C33,"0,00")),"N/A",IFERROR(VLOOKUP(G33,'LISTA ICCU 2026'!$D$6:$G$1065,4,FALSE),"APU - "&SUBSTITUTE(TEXT(C33,"0,00"),",","."))) -> 4,22 - C | G33: ACERO FIGURADO 60000 PSI | H33: =IFERROR(VLOOKUP(G33,'LISTA ICCU 2026'!$D$6:$H$1065,2,FALSE),"NO ") -> KG | I33: 13115.27
C34: =C33+0.01 -> 3.06 | D34: =IFERROR(VLOOKUP(G34,'LISTA ICCU 2026'!$D$6:$G$1065,4,FALSE),"APU - "&C34) -> 4,23 - C | E34: =C34 -> 3.06 | F34: =IF(OR(TRIM(D34)="APU - "&SUBSTITUTE(TEXT(C34,"0,00"),",","."),TRIM(D34)="APU - "&TEXT(C34,"0,00")),"N/A",IFERROR(VLOOKUP(G34,'LISTA ICCU 2026'!$D$6:$G$1065,4,FALSE),"APU - "&SUBSTITUTE(TEXT(C34,"0,00"),",","."))) -> 4,23 - C | G34: REFUERZO MALLA ELECTROSOLDADA | H34: =IFERROR(VLOOKUP(G34,'LISTA ICCU 2026'!$D$6:$H$1065,2,FALSE),"NO ") -> KG | I34: 2957.96
C35: =C34+0.01 -> 3.07 | D35: =IFERROR(VLOOKUP(G35,'LISTA ICCU 2026'!$D$6:$G$1065,4,FALSE),"APU - "&C35) -> 13,14 - C | E35: =C35 -> 3.07 | F35: =IF(OR(TRIM(D35)="APU - "&SUBSTITUTE(TEXT(C35,"0,00"),",","."),TRIM(D35)="APU - "&TEXT(C35,"0,00")),"N/A",IFERROR(VLOOKUP(G35,'LISTA ICCU 2026'!$D$6:$G$1065,4,FALSE),"APU - "&SUBSTITUTE(TEXT(C35,"0,00"),",","."))) -> 13,14 - C | G35: PLACA BASE CONCRETO 0.15 2500 PSI | H35: =IFERROR(VLOOKUP(G35,'LISTA ICCU 2026'!$D$6:$H$1065,2,FALSE),"NO ") -> M2 | I35: 766.31
C36: =C35+0.01 -> 3.08 | D36: =IFERROR(VLOOKUP(G36,'LISTA ICCU 2026'!$D$6:$G$1065,4,FALSE),"APU - "&C36) -> APU - 3.08 | E36: =C36 -> 3.08 | F36: =IF(OR(TRIM(D36)="APU - "&SUBSTITUTE(TEXT(C36,"0,00"),",","."),TRIM(D36)="APU - "&TEXT(C36,"0,00")),"N/A",IFERROR(VLOOKUP(G36,'LISTA ICCU 2026'!$D$6:$G$1065,4,FALSE),"APU - "&SUBSTITUTE(TEXT(C36,"0,00"),",","."))) -> APU - 003 | G36: TANQUE EN CONCRETO 4000PSI | H36: M3 | I36: 20.23
C37: =C36+0.01 -> 3.09 | D37: =IFERROR(VLOOKUP(G37,'LISTA ICCU 2026'!$D$6:$G$1065,4,FALSE),"APU - "&C37) -> APU - 3.09 | E37: =C37 -> 3.09 | F37: =IF(OR(TRIM(D37)="APU - "&SUBSTITUTE(TEXT(C37,"0,00"),",","."),TRIM(D37)="APU - "&TEXT(C37,"0,00")),"N/A",IFERROR(VLOOKUP(G37,'LISTA ICCU 2026'!$D$6:$G$1065,4,FALSE),"APU - "&SUBSTITUTE(TEXT(C37,"0,00"),",","."))) -> APU - 003 | G37: BOMBEO DE CONCRETO PREMEZCLADO | H37: M3 | I37: 245.2
C38: =C37+0.01 -> 3.1 | D38: =IFERROR(VLOOKUP(G38,'LISTA ICCU 2026'!$D$6:$G$1065,4,FALSE),"APU - "&C38) -> 2,12 - C | E38: =C38 -> 3.1 | F38: =IF(OR(TRIM(D38)="APU - "&SUBSTITUTE(TEXT(C38,"0,00"),",","."),TRIM(D38)="APU - "&TEXT(C38,"0,00")),"N/A",IFERROR(VLOOKUP(G38,'LISTA ICCU 2026'!$D$6:$G$1065,4,FALSE),"APU - "&SUBSTITUTE(TEXT(C38,"0,00"),",","."))) -> 2,12 - C | G38: PILOTE PRE EXCAVADO D=40 CM (INCLUYE RETIRO DE SOBRANTES A UNA DISTANCIA MENOR DE 5 KM), INC. BOMBA | H38: =IFERROR(VLOOKUP(G38,'LISTA ICCU 2026'!$D$6:$H$1065,2,FALSE),"NO ") -> ML | I38: 53.3
C39: Subtotal
C40: 4- ESTRUCTURA
C41: 4.01 | D41: =IFERROR(VLOOKUP(G41,'LISTA ICCU 2026'!$D$6:$G$1065,4,FALSE),"APU - "&C41) -> 4,3 - C | E41: =C41 -> 4.01 | F41: =IF(OR(TRIM(D41)="APU - "&SUBSTITUTE(TEXT(C41,"0,00"),",","."),TRIM(D41)="APU - "&TEXT(C41,"0,00")),"N/A",IFERROR(VLOOKUP(G41,'LISTA ICCU 2026'!$D$6:$G$1065,4,FALSE),"APU - "&SUBSTITUTE(TEXT(C41,"0,00"),",","."))) -> 4,3 - C | G41: COLUMNAS 3500 PSI | H41: =IFERROR(VLOOKUP(G41,'LISTA ICCU 2026'!$D$6:$H$1065,2,FALSE),"NO ") -> M3 | I41: 18.61
C42: =C41+0.01 -> 4.02 | D42: =IFERROR(VLOOKUP(G42,'LISTA ICCU 2026'!$D$6:$G$1065,4,FALSE),"APU - "&C42) -> APU - 4.02 | E42: =C42 -> 4.02 | F42: =IF(OR(TRIM(D42)="APU - "&SUBSTITUTE(TEXT(C42,"0,00"),",","."),TRIM(D42)="APU - "&TEXT(C42,"0,00")),"N/A",IFERROR(VLOOKUP(G42,'LISTA ICCU 2026'!$D$6:$G$1065,4,FALSE),"APU - "&SUBSTITUTE(TEXT(C42,"0,00"),",","."))) -> APU - 004 | G42: MURO PANTALLA EN CONCRETO 3500 PSI E= 15CM | H42: M3 | I42: 14.9
C43: =C42+0.01 -> 4.03 | D43: =IFERROR(VLOOKUP(G43,'LISTA ICCU 2026'!$D$6:$G$1065,4,FALSE),"APU - "&C43) -> 4,27 - C | E43: =C43 -> 4.03 | F43: =IF(OR(TRIM(D43)="APU - "&SUBSTITUTE(TEXT(C43,"0,00"),",","."),TRIM(D43)="APU - "&TEXT(C43,"0,00")),"N/A",IFERROR(VLOOKUP(G43,'LISTA ICCU 2026'!$D$6:$G$1065,4,FALSE),"APU - "&SUBSTITUTE(TEXT(C43,"0,00"),",","."))) -> 4,27 - C | G43: VIGA CINTA 3500 PSI | H43: =IFERROR(VLOOKUP(G43,'LISTA ICCU 2026'!$D$6:$H$1065,2,FALSE),"NO ") -> M3 | I43: 47.57
C44: =C43+0.01 -> 4.04 | D44: =IFERROR(VLOOKUP(G44,'LISTA ICCU 2026'!$D$6:$G$1065,4,FALSE),"APU - "&C44) -> 4,22 - C | E44: =C44 -> 4.04 | F44: =IF(OR(TRIM(D44)="APU - "&SUBSTITUTE(TEXT(C44,"0,00"),",","."),TRIM(D44)="APU - "&TEXT(C44,"0,00")),"N/A",IFERROR(VLOOKUP(G44,'LISTA ICCU 2026'!$D$6:$G$1065,4,FALSE),"APU - "&SUBSTITUTE(TEXT(C44,"0,00"),",","."))) -> 4,22 - C | G44: ACERO FIGURADO 60000 PSI | H44: =IFERROR(VLOOKUP(G44,'LISTA ICCU 2026'!$D$6:$H$1065,2,FALSE),"NO ") -> KG | I44: 12726
C45: =C44+0.01 -> 4.05 | D45: =IFERROR(VLOOKUP(G45,'LISTA ICCU 2026'!$D$6:$G$1065,4,FALSE),"APU - "&C45) -> 4,26 - C | E45: =C45 -> 4.05 | F45: =IF(OR(TRIM(D45)="APU - "&SUBSTITUTE(TEXT(C45,"0,00"),",","."),TRIM(D45)="APU - "&TEXT(C45,"0,00")),"N/A",IFERROR(VLOOKUP(G45,'LISTA ICCU 2026'!$D$6:$G$1065,4,FALSE),"APU - "&SUBSTITUTE(TEXT(C45,"0,00"),",","."))) -> 4,26 - C | G45: VIGA AÉREA 3500 PSI | H45: =IFERROR(VLOOKUP(G45,'LISTA ICCU 2026'!$D$6:$H$1065,2,FALSE),"NO ") -> M3 | I45: 7.53
C46: =C45+0.01 -> 4.06 | D46: =IFERROR(VLOOKUP(G46,'LISTA ICCU 2026'!$D$6:$G$1065,4,FALSE),"APU - "&C46) -> 4,28 - C | E46: =C46 -> 4.06 | F46: =IF(OR(TRIM(D46)="APU - "&SUBSTITUTE(TEXT(C46,"0,00"),",","."),TRIM(D46)="APU - "&TEXT(C46,"0,00")),"N/A",IFERROR(VLOOKUP(G46,'LISTA ICCU 2026'!$D$6:$G$1065,4,FALSE),"APU - "&SUBSTITUTE(TEXT(C46,"0,00"),",","."))) -> 4,28 - C | G46: VIGA CANAL EN CONCRETO 3500 PSI | H46: =IFERROR(VLOOKUP(G46,'LISTA ICCU 2026'!$D$6:$H$1065,2,FALSE),"NO ") -> M3 | I46: 30.74
C47: =C46+0.01 -> 4.07 | D47: =IFERROR(VLOOKUP(G47,'LISTA ICCU 2026'!$D$6:$G$1065,4,FALSE),"APU - "&C47) -> 4,23 - C | E47: =C47 -> 4.07 | F47: =IF(OR(TRIM(D47)="APU - "&SUBSTITUTE(TEXT(C47,"0,00"),",","."),TRIM(D47)="APU - "&TEXT(C47,"0,00")),"N/A",IFERROR(VLOOKUP(G47,'LISTA ICCU 2026'!$D$6:$G$1065,4,FALSE),"APU - "&SUBSTITUTE(TEXT(C47,"0,00"),",","."))) -> 4,23 - C | G47: REFUERZO MALLA ELECTROSOLDADA | H47: =IFERROR(VLOOKUP(G47,'LISTA ICCU 2026'!$D$6:$H$1065,2,FALSE),"NO ") -> KG | I47: 1033.79
C48: =C47+0.01 -> 4.08 | D48: =IFERROR(VLOOKUP(G48,'LISTA ICCU 2026'!$D$6:$G$1065,4,FALSE),"APU - "&C48) -> 4,15 - C | E48: =C48 -> 4.08 | F48: =IF(OR(TRIM(D48)="APU - "&SUBSTITUTE(TEXT(C48,"0,00"),",","."),TRIM(D48)="APU - "&TEXT(C48,"0,00")),"N/A",IFERROR(VLOOKUP(G48,'LISTA ICCU 2026'!$D$6:$G$1065,4,FALSE),"APU - "&SUBSTITUTE(TEXT(C48,"0,00"),",","."))) -> 4,15 - C | G48: ENTREPISO PLACA MACIZA 3500 PSI E=0.10 M | H48: =IFERROR(VLOOKUP(G48,'LISTA ICCU 2026'!$D$6:$H$1065,2,FALSE),"NO ") -> M2 | I48: 4.75
C49: =C48+0.01 -> 4.09 | D49: =IFERROR(VLOOKUP(G49,'LISTA ICCU 2026'!$D$6:$G$1065,4,FALSE),"APU - "&C49) -> 4,16 - C | E49: =C49 -> 4.09 | F49: =IF(OR(TRIM(D49)="APU - "&SUBSTITUTE(TEXT(C49,"0,00"),",","."),TRIM(D49)="APU - "&TEXT(C49,"0,00")),"N/A",IFERROR(VLOOKUP(G49,'LISTA ICCU 2026'!$D$6:$G$1065,4,FALSE),"APU - "&SUBSTITUTE(TEXT(C49,"0,00"),",","."))) -> 4,16 - C | G49: ENTREPISO PLACA MACIZA 3500 PSI E=0.12 M | H49: =IFERROR(VLOOKUP(G49,'LISTA ICCU 2026'!$D$6:$H$1065,2,FALSE),"NO ") -> M2 | I49: 259.32
C50: =C49+0.01 -> 4.1 | D50: =IFERROR(VLOOKUP(G50,'LISTA ICCU 2026'!$D$6:$G$1065,4,FALSE),"APU - "&TEXT(C50,"0,00")) -> 4,17 - C | E50: =C50 -> 4.1 | F50: =IF(OR(TRIM(D50)="APU - "&SUBSTITUTE(TEXT(C50,"0,00"),",","."),TRIM(D50)="APU - "&TEXT(C50,"0,00")),"N/A",IFERROR(VLOOKUP(G50,'LISTA ICCU 2026'!$D$6:$G$1065,4,FALSE),"APU - "&SUBSTITUTE(TEXT(C50,"0,00"),",","."))) -> 4,17 - C | G50: ENTREPISO PLACA MACIZA 3500 PSI E=0.15 M | H50: =IFERROR(VLOOKUP(G50,'LISTA ICCU 2026'!$D$6:$H$1065,2,FALSE),"NO ") -> M2 | I50: 3.75
C51: =C50+0.01 -> 4.11 | D51: =IFERROR(VLOOKUP(G51,'LISTA ICCU 2026'!$D$6:$G$1065,4,FALSE),"APU - "&TEXT(C51,"0,00")) -> APU - 004 | E51: =C51 -> 4.11 | F51: =IF(OR(TRIM(D51)="APU - "&SUBSTITUTE(TEXT(C51,"0,00"),",","."),TRIM(D51)="APU - "&TEXT(C51,"0,00")),"N/A",IFERROR(VLOOKUP(G51,'LISTA ICCU 2026'!$D$6:$G$1065,4,FALSE),"APU - "&SUBSTITUTE(TEXT(C51,"0,00"),",","."))) -> N/A | G51: BOMBEO DE CONCRETO PREMEZCLADO | H51: M3 | I51: 124.3
C52: =C51+0.01 -> 4.12 | D52: =IFERROR(VLOOKUP(G52,'LISTA ICCU 2026'!$D$6:$G$1065,4,FALSE),"APU - "&C52) -> 4,13 - C | E52: =C52 -> 4.12 | F52: =IF(OR(TRIM(D52)="APU - "&SUBSTITUTE(TEXT(C52,"0,00"),",","."),TRIM(D52)="APU - "&TEXT(C52,"0,00")),"N/A",IFERROR(VLOOKUP(G52,'LISTA ICCU 2026'!$D$6:$G$1065,4,FALSE),"APU - "&SUBSTITUTE(TEXT(C52,"0,00"),",","."))) -> 4,13 - C | G52: ESCALERA MACIZA 3500 PSI | H52: =IFERROR(VLOOKUP(G52,'LISTA ICCU 2026'!$D$6:$H$1065,2,FALSE),"NO ") -> M3 | I52: 3.53
C53: Subtotal
C54: 5- INSTALACIONES ELÉCTRICAS
C55: 5 | G55: EQUIPOS ELECTRICOS
C56: 5.01 | D56: =IFERROR(VLOOKUP(G56,'LISTA ICCU 2026'!$D$6:$G$1065,4,FALSE),"APU - "&C56) -> 12.102 - C | E56: =C56 -> 5.01 | F56: =IF(D56="APU - "&C56,"N/A",IFERROR(VLOOKUP(G56,'LISTA ICCU 2026'!$D$6:$G$1065,4,FALSE),"APU - "&C56)) -> 12.102 - C | G56: TRANSFORMADOR TRIFÁSICO 45kVA - 13,2kV / 208Y/120V - TIPO INMERSO EN ACEITE | H56: =IFERROR(VLOOKUP(G56,'LISTA ICCU 2026'!$D$6:$H$1065,2,FALSE),"NO ") -> UN | I56: 1
C57: 5.02 | D57: =IFERROR(VLOOKUP(G57,'LISTA ICCU 2026'!$D$6:$G$1065,4,FALSE),"APU - "&C57) -> 12.137 - C | E57: =C57 -> 5.02 | F57: =IF(D57="APU - "&C57,"N/A",IFERROR(VLOOKUP(G57,'LISTA ICCU 2026'!$D$6:$G$1065,4,FALSE),"APU - "&C57)) -> 12.137 - C | G57: POSTE CONCRETO 12m - 510kgf | H57: =IFERROR(VLOOKUP(G57,'LISTA ICCU 2026'!$D$6:$H$1065,2,FALSE),"NO ") -> UN | I57: 1
C58: 5.03 | D58: =IFERROR(VLOOKUP(G58,'LISTA ICCU 2026'!$D$6:$G$1065,4,FALSE),"APU - "&C58) -> 12.105 - C | E58: =C58 -> 5.03 | F58: =IF(D58="APU - "&C58,"N/A",IFERROR(VLOOKUP(G58,'LISTA ICCU 2026'!$D$6:$G$1065,4,FALSE),"APU - "&C58)) -> 12.105 - C | G58: PLANTA DE EMERGENCIA - 45kVA (Stand-by) - 208/120V - 60Hz - Cabinada | H58: =IFERROR(VLOOKUP(G58,'LISTA ICCU 2026'!$D$6:$H$1065,2,FALSE),"NO ") -> UN | I58: 1
C59: 5.1 | G59: CANALIZACIONES
C60: 5.1.1 | D60: =IFERROR(VLOOKUP(G60,'LISTA ICCU 2026'!$D$6:$G$1065,4,FALSE),"APU - "&C60) -> 12,17 - C | E60: =C60 -> 5.1.1 | F60: =IF(D60="APU - "&C60,"N/A",IFERROR(VLOOKUP(G60,'LISTA ICCU 2026'!$D$6:$G$1065,4,FALSE),"APU - "&C60)) -> 12,17 - C | G60: TUBERÍA PVC CONDUIT 3/4". INC ACCESORIOS | H60: =IFERROR(VLOOKUP(G60,'LISTA ICCU 2026'!$D$6:$H$1065,2,FALSE),"NO ") -> ML | I60: 395
C61: 5.1.2 | D61: =IFERROR(VLOOKUP(G61,'LISTA ICCU 2026'!$D$6:$G$1065,4,FALSE),"APU - "&C61) -> 21,14 - C | E61: =C61 -> 5.1.2 | F61: =IF(D61="APU - "&C61,"N/A",IFERROR(VLOOKUP(G61,'LISTA ICCU 2026'!$D$6:$G$1065,4,FALSE),"APU - "&C61)) -> 21,14 - C | G61: TUBERÍA CONDUIT EMT GALVANIZADA 3/4". INC ACCESORIOS | H61: =IFERROR(VLOOKUP(G61,'LISTA ICCU 2026'!$D$6:$H$1065,2,FALSE),"NO ") -> ML | I61: 725
C62: 5.1.3 | D62: =IFERROR(VLOOKUP(G62,'LISTA ICCU 2026'!$D$6:$G$1065,4,FALSE),"APU - "&C62) -> 12,18 - C | E62: =C62 -> 5.1.3 | F62: =IF(D62="APU - "&C62,"N/A",IFERROR(VLOOKUP(G62,'LISTA ICCU 2026'!$D$6:$G$1065,4,FALSE),"APU - "&C62)) -> 12,18 - C | G62: TUBERÍA PVC CONDUIT 1". INC ACCESORIOS | H62: =IFERROR(VLOOKUP(G62,'LISTA ICCU 2026'!$D$6:$H$1065,2,FALSE),"NO ") -> ML | I62: 170
C63: 5.1.4 | D63: =IFERROR(VLOOKUP(G63,'LISTA ICCU 2026'!$D$6:$G$1065,4,FALSE),"APU - "&C63) -> 21,15 - C | E63: =C63 -> 5.1.4 | F63: =IF(D63="APU - "&C63,"N/A",IFERROR(VLOOKUP(G63,'LISTA ICCU 2026'!$D$6:$G$1065,4,FALSE),"APU - "&C63)) -> 21,15 - C | G63: TUBERÍA CONDUIT EMT GALVANIZADA 1". INC ACCESORIOS | H63: =IFERROR(VLOOKUP(G63,'LISTA ICCU 2026'!$D$6:$H$1065,2,FALSE),"NO ") -> ML | I63: 12
C64: 5.1.5 | D64: =IFERROR(VLOOKUP(G64,'LISTA ICCU 2026'!$D$6:$G$1065,4,FALSE),"APU - "&C64) -> 12,57 - C | E64: =C64 -> 5.1.5 | F64: =IF(D64="APU - "&C64,"N/A",IFERROR(VLOOKUP(G64,'LISTA ICCU 2026'!$D$6:$G$1065,4,FALSE),"APU - "&C64)) -> 12,57 - C | G64: TUBERÍA PVC 2" - tipo DB (pesado) INC. ACCESORIOS | H64: =IFERROR(VLOOKUP(G64,'LISTA ICCU 2026'!$D$6:$H$1065,2,FALSE),"NO ") -> ML | I64: 55
C65: 5.1.6 | D65: =IFERROR(VLOOKUP(G65,'LISTA ICCU 2026'!$D$6:$G$1065,4,FALSE),"APU - "&C65) -> 12.149 - C | E65: =C65 -> 5.1.6 | F65: =IF(D65="APU - "&C65,"N/A",IFERROR(VLOOKUP(G65,'LISTA ICCU 2026'!$D$6:$G$1065,4,FALSE),"APU - "&C65)) -> 12.149 - C | G65: TUBERÍA IMC 2" INC. ACCESORIOS | H65: =IFERROR(VLOOKUP(G65,'LISTA ICCU 2026'!$D$6:$H$1065,2,FALSE),"NO ") -> ML | I65: 12
C66: 5.1.7 | D66: =IFERROR(VLOOKUP(G66,'LISTA ICCU 2026'!$D$6:$G$1065,4,FALSE),"APU - "&C66) -> APU - 5.1.7 | E66: =C66 -> 5.1.7 | F66: =IF(D66="APU - "&C66,"N/A",IFERROR(VLOOKUP(G66,'LISTA ICCU 2026'!$D$6:$G$1065,4,FALSE),"APU - "&C66)) -> N/A | G66: SUMINISTRO E INSTALACION BANDEJA TIPO DUCTO CERRADO 200X100 INCLUYE SOPORTE TIPO PELDAÑO, SOPORTE OMEGA UNIVERSAL, TORNILLO DE FIJACIÓN DUCTO, PLATINA DE UNIÓN DUCTO FORMA EN C. PERNOS EXPANSIVOS, PERNOS DE OJO ABIERTO Y DEMÁS ACCESORIOS DE MONTAJE. | H66: ML | I66: 65
C67: 5.1.8 | D67: =IFERROR(VLOOKUP(G67,'LISTA ICCU 2026'!$D$6:$G$1065,4,FALSE),"APU - "&C67) -> APU - 5.1.8 | E67: =C67 -> 5.1.8 | F67: =IF(D67="APU - "&C67,"N/A",IFERROR(VLOOKUP(G67,'LISTA ICCU 2026'!$D$6:$G$1065,4,FALSE),"APU - "&C67)) -> N/A | G67: SUMINISTRO E INSTALACION BANDEJA TIPO MALLA 200X100 INCLUYE SOPORTE TIPO PELDAÑO, SOPORTE OMEGA UNIVERSAL, TORNILLO DE FIJACIÓN DUCTO, PLATINA DE UNIÓN DUCTO FORMA EN C. PERNOS EXPANSIVOS, PERNOS DE OJO ABIERTO Y DEMÁS ACCESORIOS DE MONTAJE. | H67: ML | I67: 65
C68: 5.2 | G68: SISTEMA ELECTRICO
C69: 5.2.1 | G69: TABLERO ELECTRICOS
C70: 5.2.1.1 | D70: =IFERROR(VLOOKUP(G70,'LISTA ICCU 2026'!$D$6:$G$1065,4,FALSE),"APU - "&C70) -> APU - 5.2.1.1 | E70: =C70 -> 5.2.1.1 | F70: =IF(D70="APU - "&C70,"N/A",IFERROR(VLOOKUP(G70,'LISTA ICCU 2026'!$D$6:$G$1065,4,FALSE),"APU - "&C70)) -> N/A | G70: SUMINISTRO E INSTALACIÓN DE TABLERO DE FABRICACION ESPECIAL TRF, CON ESPACIO PARA TOTALIZADOR Y PROTECCIONES SEGÚN DU, INCLUYE TRANSFERENCIA AUTOMATICA CONTACTORES Y ALARMAS | H70: UN | I70: 1
C71: 5.2.1.2 | D71: =IFERROR(VLOOKUP(G71,'LISTA ICCU 2026'!$D$6:$G$1065,4,FALSE),"APU - "&C71) -> APU - 5.2.1.2 | E71: =C71 -> 5.2.1.2 | F71: =IF(D71="APU - "&C71,"N/A",IFERROR(VLOOKUP(G71,'LISTA ICCU 2026'!$D$6:$G$1065,4,FALSE),"APU - "&C71)) -> N/A | G71: SUMINISTRO E INSTALACIÓN DE TABLERO DE FABRICACION ESPECIAL TGN, CON ESPACIO PARA TOTALIZADOR Y PROTECCIONES SEGÚN DU. | H71: UN | I71: 1
C72: 5.2.1.3 | D72: =IFERROR(VLOOKUP(G72,'LISTA ICCU 2026'!$D$6:$G$1065,4,FALSE),"APU - "&C72) -> 12,15 - C | E72: =C72 -> 5.2.1.3 | F72: =IF(D72="APU - "&C72,"N/A",IFERROR(VLOOKUP(G72,'LISTA ICCU 2026'!$D$6:$G$1065,4,FALSE),"APU - "&C72)) -> 12,15 - C | G72: TABLERO PARCIALES 18 CIRCUITOS (INCLUYE TACOS DE 30A) | H72: =IFERROR(VLOOKUP(G72,'LISTA ICCU 2026'!$D$6:$H$1065,2,FALSE),"NO ") -> UN | I72: 1
C73: 5.2.1.4 | D73: =IFERROR(VLOOKUP(G73,'LISTA ICCU 2026'!$D$6:$G$1065,4,FALSE),"APU - "&C73) -> 12,14 - C | E73: =C73 -> 5.2.1.4 | F73: =IF(D73="APU - "&C73,"N/A",IFERROR(VLOOKUP(G73,'LISTA ICCU 2026'!$D$6:$G$1065,4,FALSE),"APU - "&C73)) -> 12,14 - C | G73: TABLERO PARCIALES 12 CIRCUITOS (INCLUYE TACOS DE 30A) | H73: =IFERROR(VLOOKUP(G73,'LISTA ICCU 2026'!$D$6:$H$1065,2,FALSE),"NO ") -> UN | I73: 1
C74: 5.2.1.5 | D74: =IFERROR(VLOOKUP(G74,'LISTA ICCU 2026'!$D$6:$G$1065,4,FALSE),"APU - "&C74) -> APU - 5.2.1.5 | E74: =C74 -> 5.2.1.5 | F74: =IF(D74="APU - "&C74,"N/A",IFERROR(VLOOKUP(G74,'LISTA ICCU 2026'!$D$6:$G$1065,4,FALSE),"APU - "&C74)) -> N/A | G74: SUMINISTRO E INSTALACIÓN DE TABLERO DE FABRICACION ESPECIAL GENERAL, CON ESPACIO PARA TOTALIZADOR Y PROTECCIONES SEGÚN DU, INCLUYE PULSADORES ON-OFF Y RELES | H74: UN | I74: 1
C75: 5.2.1.6 | D75: =IFERROR(VLOOKUP(G75,'LISTA ICCU 2026'!$D$6:$G$1065,4,FALSE),"APU - "&C75) -> APU - 5.2.1.6 | E75: =C75 -> 5.2.1.6 | F75: =IF(D75="APU - "&C75,"N/A",IFERROR(VLOOKUP(G75,'LISTA ICCU 2026'!$D$6:$G$1065,4,FALSE),"APU - "&C75)) -> N/A | G75: SUMINISTRO E INSTALACIÓN DE CELDA DE MEDIDA AE319, CON ESPACIO PARA TOTALIZADOR Y PROTECCIONES SEGÚN DU | H75: UN | I75: 1
C76: 5.2.2 | G76: UPS
C77: 5.2.2.1 | D77: =IFERROR(VLOOKUP(G77,'LISTA ICCU 2026'!$D$6:$G$1065,4,FALSE),"APU - "&C77) -> APU - 5.2.2.1 | E77: =C77 -> 5.2.2.1 | F77: =IF(D77="APU - "&C77,"N/A",IFERROR(VLOOKUP(G77,'LISTA ICCU 2026'!$D$6:$G$1065,4,FALSE),"APU - "&C77)) -> N/A | G77: SUMINISTRO E INSTALACIÓN DE UPS BIFÁSICA 208-120V, 6KVA, AUTONOMÍA 30 MINUTOS | H77: UN | I77: 1
C78: 5.2.3 | G78: CABLEADO ELECTRICO
C79: 5.2.3.1 | D79: =IFERROR(VLOOKUP(G79,'LISTA ICCU 2026'!$D$6:$G$1065,4,FALSE),"APU - "&C79) -> 12,43 - C | E79: =C79 -> 5.2.3.1 | F79: =IF(D79="APU - "&C79,"N/A",IFERROR(VLOOKUP(G79,'LISTA ICCU 2026'!$D$6:$G$1065,4,FALSE),"APU - "&C79)) -> 12,43 - C | G79: ACOMETIDA SUBTERRÁNEA BT - 3F - 4H - 3xNo.2/0AWG +1xNo.1/0AWG - CU - THHN/THWN-2 | H79: =IFERROR(VLOOKUP(G79,'LISTA ICCU 2026'!$D$6:$H$1065,2,FALSE),"NO ") -> ML | I79: 65
C80: 5.2.3.2 | D80: =IFERROR(VLOOKUP(G80,'LISTA ICCU 2026'!$D$6:$G$1065,4,FALSE),"APU - "&C80) -> APU - 5.2.3.2 | E80: =C80 -> 5.2.3.2 | F80: =IF(D80="APU - "&C80,"N/A",IFERROR(VLOOKUP(G80,'LISTA ICCU 2026'!$D$6:$G$1065,4,FALSE),"APU - "&C80)) -> N/A | G80: SUMINISTRO E INSTALACIÓN DE ACOMETIDA DESDE PLANTA ELECTRICA HASTA TABLERO TRF EN 3X2/0F+1X2/0N+1X4T AWG CU LSHZ 600V EN TUBERIA IMC 2" | H80: ML | I80: 25
C81: 5.2.3.3 | D81: =IFERROR(VLOOKUP(G81,'LISTA ICCU 2026'!$D$6:$G$1065,4,FALSE),"APU - "&C81) -> APU - 5.2.3.3 | E81: =C81 -> 5.2.3.3 | F81: =IF(D81="APU - "&C81,"N/A",IFERROR(VLOOKUP(G81,'LISTA ICCU 2026'!$D$6:$G$1065,4,FALSE),"APU - "&C81)) -> N/A | G81: SUMINISTRO E INSTALACIÓN DE ACOMETIDA DESDE TRF HASTA TGN EN 3X1/0F+1X1/0N+1X6T AWG CU LSHZ 600V EN TUBERIA IMC 2" | H81: ML | I81: 12
C82: 5.2.3.4 | D82: =IFERROR(VLOOKUP(G82,'LISTA ICCU 2026'!$D$6:$G$1065,4,FALSE),"APU - "&C82) -> APU - 5.2.3.4 | E82: =C82 -> 5.2.3.4 | F82: =IF(D82="APU - "&C82,"N/A",IFERROR(VLOOKUP(G82,'LISTA ICCU 2026'!$D$6:$G$1065,4,FALSE),"APU - "&C82)) -> N/A | G82: SUMINISTRO E INSTALACIÓN DE ACOMETIDA DESDE TGN HASTA TILU EN 3X6F+1X6N+1X8T AWG CU LSHZ 600V EN TUBERIA IMC 1-1/4" | H82: ML | I82: 12
C83: 5.2.3.5 | D83: =IFERROR(VLOOKUP(G83,'LISTA ICCU 2026'!$D$6:$G$1065,4,FALSE),"APU - "&C83) -> APU - 5.2.3.5 | E83: =C83 -> 5.2.3.5 | F83: =IF(D83="APU - "&C83,"N/A",IFERROR(VLOOKUP(G83,'LISTA ICCU 2026'!$D$6:$G$1065,4,FALSE),"APU - "&C83)) -> N/A | G83: SUMINISTRO E INSTALACIÓN DE ACOMETIDA DESDE TGN HASTA UPS Y TREG EN 2X8F+1X8N+1X8T AWG CU LSHZ 600V EN TUBERIA IMC 1" | H83: ML | I83: 25
C84: 5.2.3.6 | D84: =IFERROR(VLOOKUP(G84,'LISTA ICCU 2026'!$D$6:$G$1065,4,FALSE),"APU - "&C84) -> APU - 5.2.3.6 | E84: =C84 -> 5.2.3.6 | F84: =IF(D84="APU - "&C84,"N/A",IFERROR(VLOOKUP(G84,'LISTA ICCU 2026'!$D$6:$G$1065,4,FALSE),"APU - "&C84)) -> N/A | G84: SUMINISTRO E INSTALACIÓN DE CABLE NO.3X12 AWG-LSHZ-600V EN COBRE PARA SALIDAS DE CIRCUITOS RAMALES | H84: ML | I84: 1790
C85: 5.2.4 | G85: SALIDAS ELECTRICAS
C86: 5.2.4.1 | D86: =IFERROR(VLOOKUP(G86,'LISTA ICCU 2026'!$D$6:$G$1065,4,FALSE),"APU - "&C86) -> 12,9 - C | E86: =C86 -> 5.2.4.1 | F86: =IF(D86="APU - "&C86,"N/A",IFERROR(VLOOKUP(G86,'LISTA ICCU 2026'!$D$6:$G$1065,4,FALSE),"APU - "&C86)) -> 12,9 - C | G86: SALIDA TOMA DOBLE PVC COMPLETA | H86: =IFERROR(VLOOKUP(G86,'LISTA ICCU 2026'!$D$6:$H$1065,2,FALSE),"NO ") -> UN | I86: 78
C87: 5.2.4.2 | D87: =IFERROR(VLOOKUP(G87,'LISTA ICCU 2026'!$D$6:$G$1065,4,FALSE),"APU - "&C87) -> 12,92 - C | E87: =C87 -> 5.2.4.2 | F87: =IF(D87="APU - "&C87,"N/A",IFERROR(VLOOKUP(G87,'LISTA ICCU 2026'!$D$6:$G$1065,4,FALSE),"APU - "&C87)) -> 12,92 - C | G87: SALIDA TOMACORRIENTE DOBLE - 2P + T - CON PROTECCIÓN GFCI - 15A - 127V (NEMA 5-15R), INCLUYE: CAJA, ELEMENTOS DE FIJACIÓN, TRAMO DE 4m DE TUBERÍA PVC 1/2" Y CIRCUITO RAMAL | H87: =IFERROR(VLOOKUP(G87,'LISTA ICCU 2026'!$D$6:$H$1065,2,FALSE),"NO ") -> UN | I87: 10
C88: 5.2.4.3 | D88: =IFERROR(VLOOKUP(G88,'LISTA ICCU 2026'!$D$6:$G$1065,4,FALSE),"APU - "&C88) -> APU - 5.2.4.3 | E88: =C88 -> 5.2.4.3 | F88: =IF(D88="APU - "&C88,"N/A",IFERROR(VLOOKUP(G88,'LISTA ICCU 2026'!$D$6:$G$1065,4,FALSE),"APU - "&C88)) -> N/A | G88: SUMINISTRO E INSTALACIÓN DETOMACORRIENTE DOBLE CON POLO A TIERRA DE 20 A - 125V PARA SISTEMA REGULADO, INCLUYE APARATO CON TAPA NARANJA, TUBERIA PVC 3/4", CABLE 3X12 AWG LSHZ 600V CU, CAJA DE PASO METALICA 2400 | H88: UN | I88: 8
C89: 5.2.4.4 | D89: =IFERROR(VLOOKUP(G89,'LISTA ICCU 2026'!$D$6:$G$1065,4,FALSE),"APU - "&C89) -> 12,12 - C | E89: =C89 -> 5.2.4.4 | F89: =IF(D89="APU - "&C89,"N/A",IFERROR(VLOOKUP(G89,'LISTA ICCU 2026'!$D$6:$G$1065,4,FALSE),"APU - "&C89)) -> 12,12 - C | G89: SALIDA BIFÁSICA C.N. | H89: =IFERROR(VLOOKUP(G89,'LISTA ICCU 2026'!$D$6:$H$1065,2,FALSE),"NO ") -> UN | I89: 5
C90: 5.2.4.5 | D90: =IFERROR(VLOOKUP(G90,'LISTA ICCU 2026'!$D$6:$G$1065,4,FALSE),"APU - "&C90) -> 12.10 - C | E90: =C90 -> 5.2.4.5 | F90: =IF(D90="APU - "&C90,"N/A",IFERROR(VLOOKUP(G90,'LISTA ICCU 2026'!$D$6:$G$1065,4,FALSE),"APU - "&C90)) -> 12.10 - C | G90: SALIDA TRIFÁSICA PVC COMPLETA | H90: =IFERROR(VLOOKUP(G90,'LISTA ICCU 2026'!$D$6:$H$1065,2,FALSE),"NO ") -> UN | I90: 3
C91: 5.3 | G91: SISTEMA DE ILUMINACION
C92: 5.3.1 | G92: LUMINARIAS
C93: 5.3.1.1 | D93: =IFERROR(VLOOKUP(G93,'LISTA ICCU 2026'!$D$6:$G$1065,4,FALSE),"APU - "&C93) -> 12,3 - C | E93: =C93 -> 5.3.1.1 | F93: =IF(D93="APU - "&C93,"N/A",IFERROR(VLOOKUP(G93,'LISTA ICCU 2026'!$D$6:$G$1065,4,FALSE),"APU - "&C93)) -> 12,3 - C | G93: SALIDA LÁMPARA TOMA EMT COMPLETA. INC INTERRUPTOR | H93: =IFERROR(VLOOKUP(G93,'LISTA ICCU 2026'!$D$6:$H$1065,2,FALSE),"NO ") -> UN | I93: 288
C94: 5.3.1.2 | D94: =IFERROR(VLOOKUP(G94,'LISTA ICCU 2026'!$D$6:$G$1065,4,FALSE),"APU - "&C94) -> APU - 5.3.1.2 | E94: =C94 -> 5.3.1.2 | F94: =IF(D94="APU - "&C94,"N/A",IFERROR(VLOOKUP(G94,'LISTA ICCU 2026'!$D$6:$G$1065,4,FALSE),"APU - "&C94)) -> N/A | G94: SUMINISTRO E INSTALACIÓN DE LUMINARIA DE EMERGENCIA R1 2X1.6W | H94: UN | I94: 35
C95: 5.3.1.3 | D95: =IFERROR(VLOOKUP(G95,'LISTA ICCU 2026'!$D$6:$G$1065,4,FALSE),"APU - "&C95) -> APU - 5.3.1.3 | E95: =C95 -> 5.3.1.3 | F95: =IF(D95="APU - "&C95,"N/A",IFERROR(VLOOKUP(G95,'LISTA ICCU 2026'!$D$6:$G$1065,4,FALSE),"APU - "&C95)) -> N/A | G95: SUMINISTRO E INSTALACIÓN DE AVISO DE SALIDA EMERGENCIA | H95: UN | I95: 35
C96: 5.3.1.4 | D96: =IFERROR(VLOOKUP(G96,'LISTA ICCU 2026'!$D$6:$G$1065,4,FALSE),"APU - "&C96) -> APU - 5.3.1.4 | E96: =C96 -> 5.3.1.4 | F96: =IF(D96="APU - "&C96,"N/A",IFERROR(VLOOKUP(G96,'LISTA ICCU 2026'!$D$6:$G$1065,4,FALSE),"APU - "&C96)) -> N/A | G96: SUMINISTRO E INSTALACIÓN DE LUMINARIA HERMETICA 2X18W PC | H96: UN | I96: 28
C97: 5.3.1.5 | D97: =IFERROR(VLOOKUP(G97,'LISTA ICCU 2026'!$D$6:$G$1065,4,FALSE),"APU - "&C97) -> APU - 5.3.1.5 | E97: =C97 -> 5.3.1.5 | F97: =IF(D97="APU - "&C97,"N/A",IFERROR(VLOOKUP(G97,'LISTA ICCU 2026'!$D$6:$G$1065,4,FALSE),"APU - "&C97)) -> N/A | G97: SUMINISTRO E INSTALACIÓN DE LUMINARIA LED TIPO OJO DE BUEY ODB AVANTE CON PESTAÑA 15,8W | H97: UN | I97: 26
C98: 5.3.1.6 | D98: =IFERROR(VLOOKUP(G98,'LISTA ICCU 2026'!$D$6:$G$1065,4,FALSE),"APU - "&C98) -> APU - 5.3.1.6 | E98: =C98 -> 5.3.1.6 | F98: =IF(D98="APU - "&C98,"N/A",IFERROR(VLOOKUP(G98,'LISTA ICCU 2026'!$D$6:$G$1065,4,FALSE),"APU - "&C98)) -> N/A | G98: SUMINISTRO E INSTALACIÓN DE LUMINARIA TIPO SPOT COX RECTO O EQUIVALENTE | H98: UN | I98: 28
C99: 5.3.1.7 | D99: =IFERROR(VLOOKUP(G99,'LISTA ICCU 2026'!$D$6:$G$1065,4,FALSE),"APU - "&C99) -> APU - 5.3.1.7 | E99: =C99 -> 5.3.1.7 | F99: =IF(D99="APU - "&C99,"N/A",IFERROR(VLOOKUP(G99,'LISTA ICCU 2026'!$D$6:$G$1065,4,FALSE),"APU - "&C99)) -> N/A | G99: SUMINISTRO E INSTALACIÓN DE RIEL MAGNÉTICO PARA LUMINARIA SPOT COX RECTO O EQUIVALENTE | H99: UN | I99: 14
C100: 5.3.1.8 | D100: =IFERROR(VLOOKUP(G100,'LISTA ICCU 2026'!$D$6:$G$1065,4,FALSE),"APU - "&C100) -> APU - 5.3.1.8 | E100: =C100 -> 5.3.1.8 | F100: =IF(D100="APU - "&C100,"N/A",IFERROR(VLOOKUP(G100,'LISTA ICCU 2026'!$D$6:$G$1065,4,FALSE),"APU - "&C100)) -> N/A | G100: SUMINISTRO E INSTALACIÓN DE LUMINARIA LED TIPO EASY EKO II PREMIUM. LONGITUD= 582MM O EQUIVALENTE | H100: UN | I100: 94
C101: 5.3.1.9 | D101: =IFERROR(VLOOKUP(G101,'LISTA ICCU 2026'!$D$6:$G$1065,4,FALSE),"APU - "&C101) -> APU - 5.3.1.9 | E101: =C101 -> 5.3.1.9 | F101: =IF(D101="APU - "&C101,"N/A",IFERROR(VLOOKUP(G101,'LISTA ICCU 2026'!$D$6:$G$1065,4,FALSE),"APU - "&C101)) -> N/A | G101: SUMINISTRO E INSTALACIÓN DE LUMINARIA LED TIPO EASY EKO II PREMIUM. LONGITUD= 1145MM O EQUIVALENTE | H101: UN | I101: 15
C102: 5.3.1.10 | D102: =IFERROR(VLOOKUP(G102,'LISTA ICCU 2026'!$D$6:$G$1065,4,FALSE),"APU - "&C102) -> APU - 5.3.1.10 | E102: =C102 -> 5.3.1.10 | F102: =IF(D102="APU - "&C102,"N/A",IFERROR(VLOOKUP(G102,'LISTA ICCU 2026'!$D$6:$G$1065,4,FALSE),"APU - "&C102)) -> N/A | G102: SUMINISTRO E INSTALACIÓN DE LUMINARIA LED TIPO EASY EKO II PREMIUM. LONGITUD= 2271MM O EQUIVALENTE | H102: UN | I102: 4
C103: 5.3.1.11 | D103: =IFERROR(VLOOKUP(G103,'LISTA ICCU 2026'!$D$6:$G$1065,4,FALSE),"APU - "&C103) -> APU - 5.3.1.11 | E103: =C103 -> 5.3.1.11 | F103: =IF(D103="APU - "&C103,"N/A",IFERROR(VLOOKUP(G103,'LISTA ICCU 2026'!$D$6:$G$1065,4,FALSE),"APU - "&C103)) -> N/A | G103: SUMINISTRO E INSTALACIÓN DE LUMINARIA MINI ANTORCHA COLUMNA O EQUIVALENTE | H103: UN | I103: 9
C104: 5.3.1.12 | D104: =IFERROR(VLOOKUP(G104,'LISTA ICCU 2026'!$D$6:$G$1065,4,FALSE),"APU - "&C104) -> 12.112 - C | E104: =C104 -> 5.3.1.12 | F104: =IF(D104="APU - "&C104,"N/A",IFERROR(VLOOKUP(G104,'LISTA ICCU 2026'!$D$6:$G$1065,4,FALSE),"APU - "&C104)) -> 12.112 - C | G104: LUMINARIA PANEL LED REDONDO - 18W - 4000K/6000K - IP20 - 120V - DE INCRUSTAR 22cmX3cm | H104: UN | I104: 8
C105: 5.3.1.13 | D105: =IFERROR(VLOOKUP(G105,'LISTA ICCU 2026'!$D$6:$G$1065,4,FALSE),"APU - "&C105) -> 12.113 - C | E105: =C105 -> 5.3.1.13 | F105: =IF(D105="APU - "&C105,"N/A",IFERROR(VLOOKUP(G105,'LISTA ICCU 2026'!$D$6:$G$1065,4,FALSE),"APU - "&C105)) -> 12.113 - C | G105: LUMINARIA PANEL LED REDONDO - 24W - 4000K/6000K - IP20 - 120V - DE INCRUSTAR 30cmX3cm | H105: UN | I105: 2
C106: 5.3.2 | G106: SISTEMA DE CONTROL E INTERRUPTORES
...

Sheet APU CAP 3
C2: Formulario 1 - Propuesta económica - Licitación de obra pública de infraestructura social
C3: Código | D3: CCE-EICP-FM-116 | E3: Versión | F3: 1
C5: [La Entidad podrá utilizar este Formato para la presentación de los análisis de Precios Unitarios del Contratista en la oportunidad prevista en el numeral 8.1. del Documento Base]
C7: #VALUE!
D8: =PRESUPUESTO!C13 -> CONSTRUCCIÓN DEL CENTRO DE DESARROLLO INFANTIL BRISAS DEL MUNICIPIO DE MOSQUERA, CUNDINAMARCA
L9: VERSIÓN
L10: PÁGINA | M10: 1 | N10: DE | O10: 1
D11: ALCALDÍA DE MUNICIPAL DE MOSQUERA
L14: FECHA | M14: DD | N14: MM | O14: AA
C15: ESTUDIOS, DISEÑOS A DETALLE, PERMISOS Y LICENCIAMIENTO DE LOS DIFERENTES EQUIPAMIENTOS PÚBLICOS PARA EL MUNICIPIO DE MOSQUERA CUNDINAMARCA
C18: DATOS ESPECÍFICOS
C19: ÍTEM | D19: DESCRIPCIÓN | M19: UNIDAD | O19: CANTIDAD
C20: =PRESUPUESTO!C30 -> 3.02 | D20: =IFERROR(VLOOKUP(C20,PRESUPUESTO!$C$11:$K$366,5,FALSE)," ") -> SUMINISTRO Y TENDIDA DE POLIETILENO NEGRO CALIBRE 7, INCLUYE CORTE, TRASLAPE Y FIJACIÓN | M20: =IFERROR(VLOOKUP(C20,PRESUPUESTO!$C$11:$K$366,6,FALSE)," ") -> M2 | O20: =IFERROR(VLOOKUP(C20,PRESUPUESTO!$C$11:$K$366,7,FALSE)," ") -> 766.51
C24: DESCRIPCIÓN | H24: MARCA | J24: TIPO | L24: TARIFA/HORA | M24: RENDIMIENTO | O24: Vr. UNITARIO
C25: HERRAMIENTA MENOR | J25: =IFERROR(VLOOKUP(C25,EQUIPOS!$C$13:$G$80,2,FALSE)," ") -> % | L25: =O63 -> 6342.1667 | M25: 0.05 | O25: =IFERROR(M25*L25,0) -> 317.10833
J26: =IFERROR(VLOOKUP(C26,EQUIPOS!$C$13:$G$80,2,FALSE)," ") | L26: =IFERROR(VLOOKUP(C26,EQUIPOS!$C$13:$G$80,5,FALSE)," ") | O26: =IFERROR(L26/M26,0) -> 0
J27: =IFERROR(VLOOKUP(C27,EQUIPOS!$C$13:$G$80,2,FALSE)," ") | L27: =IFERROR(VLOOKUP(C27,EQUIPOS!$C$13:$G$80,5,FALSE)," ") | O27: =IFERROR(L27/M27,0) -> 0
J28: =IFERROR(VLOOKUP(C28,EQUIPOS!$C$13:$G$80,2,FALSE)," ") | L28: =IFERROR(VLOOKUP(C28,EQUIPOS!$C$13:$G$80,5,FALSE)," ") | O28: =IFERROR(L28/M28,0) -> 0
J29: =IFERROR(VLOOKUP(C29,EQUIPOS!$C$13:$G$80,2,FALSE)," ") | L29: =IFERROR(VLOOKUP(C29,EQUIPOS!$C$13:$G$80,5,FALSE)," ") | O29: =IFERROR(L29/M29,0) -> 0
C30: SUBTOTAL | O30: =SUM(O25:O29) -> 317.10833
C31: II. MATERIALES
C34: DESCRIPCIÓN | K34: UNIDAD | L34: CANTIDAD | M34: PRECIO UNIT. | O34: Vr. UNITARIO
C35: POLIETILENO NEGRO CAL 7 | K35: =IFERROR(VLOOKUP(C35,MATERIALES!$C$13:$G$2486,2,FALSE)," ") -> M2 | L35: 1.15 | M35: =IFERROR(VLOOKUP(C35,MATERIALES!$C$13:$G$2486,5,FALSE)," ") -> 2920 | O35: =IFERROR(M35*L35,0) -> 3358
C36: HILO 100% POLIÉSTER PARA COSTURA GEOTEXTIL | K36: =IFERROR(VLOOKUP(C36,MATERIALES!$C$13:$G$2486,2,FALSE)," ") -> ML | L36: 2 | M36: =IFERROR(VLOOKUP(C36,MATERIALES!$C$13:$G$2486,5,FALSE)," ") -> 28 | O36: =IFERROR(M36*L36,0) -> 56
K37: =IFERROR(VLOOKUP(C37,MATERIALES!$C$13:$G$2486,2,FALSE)," ") | M37: =IFERROR(VLOOKUP(C37,MATERIALES!$C$13:$G$2486,5,FALSE)," ") | O37: =IFERROR(M37*L37,0) -> 0
K38: =IFERROR(VLOOKUP(C38,MATERIALES!$C$13:$G$2486,2,FALSE)," ") | M38: =IFERROR(VLOOKUP(C38,MATERIALES!$C$13:$G$2486,5,FALSE)," ") | O38: =IFERROR(M38*L38,0) -> 0
K39: =IFERROR(VLOOKUP(C39,MATERIALES!$C$13:$G$2486,2,FALSE)," ") | M39: =IFERROR(VLOOKUP(C39,MATERIALES!$C$13:$G$2486,5,FALSE)," ") | O39: =IFERROR(M39*L39,0) -> 0
K40: =IFERROR(VLOOKUP(C40,MATERIALES!$C$13:$G$2486,2,FALSE)," ") | M40: =IFERROR(VLOOKUP(C40,MATERIALES!$C$13:$G$2486,5,FALSE)," ") | O40: =IFERROR(M40*L40,0) -> 0
K41: =IFERROR(VLOOKUP(C41,MATERIALES!$C$13:$G$2486,2,FALSE)," ") | M41: =IFERROR(VLOOKUP(C41,MATERIALES!$C$13:$G$2486,5,FALSE)," ") | O41: =IFERROR(M41*L41,0) -> 0
K42: =IFERROR(VLOOKUP(C42,MATERIALES!$C$13:$G$2486,2,FALSE)," ") | M42: =IFERROR(VLOOKUP(C42,MATERIALES!$C$13:$G$2486,5,FALSE)," ") | O42: =IFERROR(M42*L42,0) -> 0
K43: =IFERROR(VLOOKUP(C43,MATERIALES!$C$13:$G$2486,2,FALSE)," ") | M43: =IFERROR(VLOOKUP(C43,MATERIALES!$C$13:$G$2486,5,FALSE)," ") | O43: =IFERROR(M43*L43,0) -> 0
K44: =IFERROR(VLOOKUP(C44,MATERIALES!$C$13:$G$2486,2,FALSE)," ") | M44: =IFERROR(VLOOKUP(C44,MATERIALES!$C$13:$G$2486,5,FALSE)," ") | O44: =IFERROR(M44*L44,0) -> 0
K45: =IFERROR(VLOOKUP(C45,MATERIALES!$C$13:$G$2486,2,FALSE)," ") | M45: =IFERROR(VLOOKUP(C45,MATERIALES!$C$13:$G$2486,5,FALSE)," ") | O45: =IFERROR(M45*L45,0) -> 0
K46: =IFERROR(VLOOKUP(C46,MATERIALES!$C$13:$G$2486,2,FALSE)," ") | M46: =IFERROR(VLOOKUP(C46,MATERIALES!$C$13:$G$2486,5,FALSE)," ") | O46: =IFERROR(M46*L46,0) -> 0
C47: SUBTOTAL | O47: =SUM(O35:O46) -> 3414
C48: III. TRANSPORTES
C51: MATERIAL | J51: VOL. o PESO | K51: DISTANCIA | L51: M3 o Ton/Km | M51: TARIFA | O51: Vr. UNITARIO
C52: CAMIONETA | J52: 1e-05 | K52: 25.1 | L52: =K52*J52 -> 0.000251 | M52: =IFERROR(VLOOKUP(C52,TRANSPORTE!$C$14:$G$28,5,FALSE)," ") -> 514637 | O52: =IFERROR(M52*L52,0) -> 129.17389
O53: =IFERROR(M53*L53,0) -> 0
C54: SUBTOTAL | O54: =+SUM(O52:O53) -> 129.17389
C55: IV. MANO DE OBRA
C58: TRABAJADOR | J58: JORNAL | K58: PRESTACIONES | L58: JORNAL TOTAL | M58: RENDIMIENTO | O58: Vr. UNITARIO
C59: AA- 1 OFICIAL + 1 AYUDANTE ALBAÑILERÍA | J59: =IFERROR(VLOOKUP(C59,'MANO DE OBRA'!$C$13:$J$33,6,FALSE)," ") -> 190265 | K59: =IFERROR(VLOOKUP(C59,'MANO DE OBRA'!$C$13:$J$33,7,FALSE)," ") -> 2 | L59: =IFERROR(VLOOKUP(C59,'MANO DE OBRA'!$C$13:$J$33,8,FALSE)," ") -> 380530 | M59: 60 | O59: =IFERROR((L59/M59),0) -> 6342.1667
J60: =IFERROR(VLOOKUP(C60,'MANO DE OBRA'!$C$13:$J$33,6,FALSE)," ") | K60: =IFERROR(VLOOKUP(C60,'MANO DE OBRA'!$C$13:$J$33,7,FALSE)," ") | L60: =IFERROR(VLOOKUP(C60,'MANO DE OBRA'!$C$13:$J$33,8,FALSE)," ") | O60: =IFERROR((L60/M60),0) -> 0
J61: =IFERROR(VLOOKUP(C61,'MANO DE OBRA'!$C$13:$J$33,6,FALSE)," ") | K61: =IFERROR(VLOOKUP(C61,'MANO DE OBRA'!$C$13:$J$33,7,FALSE)," ") | L61: =IFERROR(VLOOKUP(C61,'MANO DE OBRA'!$C$13:$J$33,8,FALSE)," ") | O61: =IFERROR((L61/M61),0) -> 0
J62: =IFERROR(VLOOKUP(C62,'MANO DE OBRA'!$C$13:$J$33,6,FALSE)," ") | K62: =IFERROR(VLOOKUP(C62,'MANO DE OBRA'!$C$13:$J$33,7,FALSE)," ") | L62: =IFERROR(VLOOKUP(C62,'MANO DE OBRA'!$C$13:$J$33,8,FALSE)," ") | O62: =IFERROR((L62/M62),0) -> 0
C63: SUBTOTAL | O63: =+SUM(O59:O62) -> 6342.1667
C65: TOTAL COSTO DIRECTO | O65: =ROUND(O54+O30+O47+O63,0) -> 10202
C67: V. COSTOS INDIRECTOS
C70: DESCRIPCIÓN | N70: PORCENTAJE | O70: VALOR TOTAL
C71: ADMINISTRACION | N71: =PRESUPUESTO!$K$384 -> 0.26 | O71: =N71*O65 -> 2652.52
C72: IMPREVISTOS | N72: =PRESUPUESTO!$K$385 -> 0.01 | O72: =N72*O65 -> 102.02
C73: UTILIDAD | N73: =PRESUPUESTO!$K$386 -> 0.03 | O73: =N73*O65 -> 306.06
C76: TOTAL COSTO DIRECTO + A.I.U. | O76: =ROUNDUP(O65+O71+O72+O73,0) -> 13263
C82: DATOS ESPECÍFICOS
C83: ÍTEM | D83: DESCRIPCIÓN | M83: UNIDAD | O83: CANTIDAD
C84: =PRESUPUESTO!C36 -> 3.08 | D84: =IFERROR(VLOOKUP(C84,PRESUPUESTO!$C$11:$K$366,5,FALSE)," ") -> TANQUE EN CONCRETO 4000PSI | M84: =IFERROR(VLOOKUP(C84,PRESUPUESTO!$C$11:$K$366,6,FALSE)," ") -> M3 | O84: =IFERROR(VLOOKUP(C84,PRESUPUESTO!$C$11:$K$366,7,FALSE)," ") -> 20.23
C88: DESCRIPCIÓN | H88: MARCA | J88: TIPO | L88: TARIFA/HORA | M88: RENDIMIENTO | O88: Vr. UNITARIO
C89: HERRAMIENTA MENOR | J89: =IFERROR(VLOOKUP(C89,EQUIPOS!$C$13:$G$80,2,FALSE)," ") -> % | L89: =O127 -> 634216.67 | M89: 0.05 | O89: =IFERROR(M89*L89,0) -> 31710.833
C90: VIBRADOR PARA CONCRETO | J90: =IFERROR(VLOOKUP(C90,EQUIPOS!$C$13:$G$80,2,FALSE)," ") -> D | L90: =IFERROR(VLOOKUP(C90,EQUIPOS!$C$13:$G$80,5,FALSE)," ") -> 86639 | M90: 3.2 | O90: =IFERROR(L90/M90,0) -> 27074.688
J91: =IFERROR(VLOOKUP(C91,EQUIPOS!$C$13:$G$80,2,FALSE)," ") | L91: =IFERROR(VLOOKUP(C91,EQUIPOS!$C$13:$G$80,5,FALSE)," ") | O91: =IFERROR(L91/M91,0) -> 0
J92: =IFERROR(VLOOKUP(C92,EQUIPOS!$C$13:$G$80,2,FALSE)," ") | L92: =IFERROR(VLOOKUP(C92,EQUIPOS!$C$13:$G$80,5,FALSE)," ") | O92: =IFERROR(L92/M92,0) -> 0
J93: =IFERROR(VLOOKUP(C93,EQUIPOS!$C$13:$G$80,2,FALSE)," ") | L93: =IFERROR(VLOOKUP(C93,EQUIPOS!$C$13:$G$80,5,FALSE)," ") | O93: =IFERROR(L93/M93,0) -> 0
C94: SUBTOTAL | O94: =SUM(O89:O93) -> 58785.521
C95: II. MATERIALES
C98: DESCRIPCIÓN | K98: UNIDAD | L98: CANTIDAD | M98: PRECIO UNIT. | O98: Vr. UNITARIO
C99: CONCRETO 4000 PSI | K99: =IFERROR(VLOOKUP(C99,MATERIALES!$C$13:$G$2486,2,FALSE)," ") -> M3 | L99: 1.03 | M99: =IFERROR(VLOOKUP(C99,MATERIALES!$C$13:$G$2486,5,FALSE)," ") -> 595148 | O99: =IFERROR(M99*L99,0) -> 613002.44
C100: CONCRETO 2000 PSI | K100: =IFERROR(VLOOKUP(C100,MATERIALES!$C$13:$G$2486,2,FALSE)," ") -> M3 | L100: 0.09 | M100: =IFERROR(VLOOKUP(C100,MATERIALES!$C$13:$G$2486,5,FALSE)," ") -> 457027 | O100: =IFERROR(M100*L100,0) -> 41132.43
C101: FORMALETA ENTREPISOS | K101: =IFERROR(VLOOKUP(C101,MATERIALES!$C$13:$G$2486,2,FALSE)," ") -> MS | L101: 2.53 | M101: =IFERROR(VLOOKUP(C101,MATERIALES!$C$13:$G$2486,5,FALSE)," ") -> 14308 | O101: =IFERROR(M101*L101,0) -> 36199.24
C102: PUNTILLA CON CABEZA 2" | K102: =IFERROR(VLOOKUP(C102,MATERIALES!$C$13:$G$2486,2,FALSE)," ") -> LB | L102: 2.12 | M102: =IFERROR(VLOOKUP(C102,MATERIALES!$C$13:$G$2486,5,FALSE)," ") -> 6669 | O102: =IFERROR(M102*L102,0) -> 14138.28
C103: TABLA BURRA ORDINARIO 0.30 | K103: =IFERROR(VLOOKUP(C103,MATERIALES!$C$13:$G$2486,2,FALSE)," ") -> ML | L103: 0.76 | M103: =IFERROR(VLOOKUP(C103,MATERIALES!$C$13:$G$2486,5,FALSE)," ") -> 7990 | O103: =IFERROR(M103*L103,0) -> 6072.4
C104: VARA CLAVO | K104: =IFERROR(VLOOKUP(C104,MATERIALES!$C$13:$G$2486,2,FALSE)," ") -> ML | L104: 0.47 | M104: =IFERROR(VLOOKUP(C104,MATERIALES!$C$13:$G$2486,5,FALSE)," ") -> 2973 | O104: =IFERROR(M104*L104,0) -> 1397.31
C105: ADITIVOS | K105: =IFERROR(VLOOKUP(C105,MATERIALES!$C$13:$G$2486,2,FALSE)," ") -> LT | L105: 0.1 | M105: =IFERROR(VLOOKUP(C105,MATERIALES!$C$13:$G$2486,5,FALSE)," ") -> 26183 | O105: =IFERROR(M105*L105,0) -> 2618.3
K106: =IFERROR(VLOOKUP(C106,MATERIALES!$C$13:$G$2486,2,FALSE)," ") | M106: =IFERROR(VLOOKUP(C106,MATERIALES!$C$13:$G$2486,5,FALSE)," ") | O106: =IFERROR(M106*L106,0) -> 0
K107: =IFERROR(VLOOKUP(C107,MATERIALES!$C$13:$G$2486,2,FALSE)," ") | M107: =IFERROR(VLOOKUP(C107,MATERIALES!$C$13:$G$2486,5,FALSE)," ") | O107: =IFERROR(M107*L107,0) -> 0
K108: =IFERROR(VLOOKUP(C108,MATERIALES!$C$13:$G$2486,2,FALSE)," ") | M108: =IFERROR(VLOOKUP(C108,MATERIALES!$C$13:$G$2486,5,FALSE)," ") | O108: =IFERROR(M108*L108,0) -> 0
K109: =IFERROR(VLOOKUP(C109,MATERIALES!$C$13:$G$2486,2,FALSE)," ") | M109: =IFERROR(VLOOKUP(C109,MATERIALES!$C$13:$G$2486,5,FALSE)," ") | O109: =IFERROR(M109*L109,0) -> 0
K110: =IFERROR(VLOOKUP(C110,MATERIALES!$C$13:$G$2486,2,FALSE)," ") | M110: =IFERROR(VLOOKUP(C110,MATERIALES!$C$13:$G$2486,5,FALSE)," ") | O110: =IFERROR(M110*L110,0) -> 0
C111: SUBTOTAL | O111: =SUM(O99:O110) -> 714560.4
C112: III. TRANSPORTES
C115: MATERIAL | J115: VOL. o PESO | K115: DISTANCIA | L115: M3 o Ton/Km | M115: TARIFA | O115: Vr. UNITARIO
L116: =K116*J116 -> 0 | M116: =IFERROR(VLOOKUP(C116,TRANSPORTE!$C$14:$G$28,5,FALSE)," ") | O116: =IFERROR(M116*L116,0) -> 0
O117: =IFERROR(M117*L117,0) -> 0
C118: SUBTOTAL | O118: =+SUM(O116:O117) -> 0
C119: IV. MANO DE OBRA
C122: TRABAJADOR | J122: JORNAL | K122: PRESTACIONES | L122: JORNAL TOTAL | M122: RENDIMIENTO | O122: Vr. UNITARIO
C123: AA- 1 OFICIAL + 1 AYUDANTE ALBAÑILERÍA | J123: =IFERROR(VLOOKUP(C123,'MANO DE OBRA'!$C$13:$J$33,6,FALSE)," ") -> 190265 | K123: =IFERROR(VLOOKUP(C123,'MANO DE OBRA'!$C$13:$J$33,7,FALSE)," ") -> 2 | L123: =IFERROR(VLOOKUP(C123,'MANO DE OBRA'!$C$13:$J$33,8,FALSE)," ") -> 380530 | M123: 0.6 | O123: =IFERROR((L123/M123),0) -> 634216.67
J124: =IFERROR(VLOOKUP(C124,'MANO DE OBRA'!$C$13:$J$33,6,FALSE)," ") | K124: =IFERROR(VLOOKUP(C124,'MANO DE OBRA'!$C$13:$J$33,7,FALSE)," ") | L124: =IFERROR(VLOOKUP(C124,'MANO DE OBRA'!$C$13:$J$33,8,FALSE)," ") | O124: =IFERROR((L124/M124),0) -> 0
J125: =IFERROR(VLOOKUP(C125,'MANO DE OBRA'!$C$13:$J$33,6,FALSE)," ") | K125: =IFERROR(VLOOKUP(C125,'MANO DE OBRA'!$C$13:$J$33,7,FALSE)," ") | L125: =IFERROR(VLOOKUP(C125,'MANO DE OBRA'!$C$13:$J$33,8,FALSE)," ") | O125: =IFERROR((L125/M125),0) -> 0
J126: =IFERROR(VLOOKUP(C126,'MANO DE OBRA'!$C$13:$J$33,6,FALSE)," ") | K126: =IFERROR(VLOOKUP(C126,'MANO DE OBRA'!$C$13:$J$33,7,FALSE)," ") | L126: =IFERROR(VLOOKUP(C126,'MANO DE OBRA'!$C$13:$J$33,8,FALSE)," ") | O126: =IFERROR((L126/M126),0) -> 0
C127: SUBTOTAL | O127: =+SUM(O123:O126) -> 634216.67
C129: TOTAL COSTO DIRECTO | O129: =ROUND(O118+O94+O111+O127,0) -> 1407563
C131: V. COSTOS INDIRECTOS
C134: DESCRIPCIÓN | N134: PORCENTAJE | O134: VALOR TOTAL
C135: ADMINISTRACION | N135: =PRESUPUESTO!$K$384 -> 0.26 | O135: =N135*O129 -> 365966.38
C136: IMPREVISTOS | N136: =PRESUPUESTO!$K$385 -> 0.01 | O136: =N136*O129 -> 14075.63
C137: UTILIDAD | N137: =PRESUPUESTO!$K$386 -> 0.03 | O137: =N137*O129 -> 42226.89
C140: TOTAL COSTO DIRECTO + A.I.U. | O140: =ROUNDUP(O129+O135+O136+O137,0) -> 1829832
C147: DATOS ESPECÍFICOS
C148: ÍTEM | D148: DESCRIPCIÓN | M148: UNIDAD | O148: CANTIDAD
...

Sheet APU CAP 4
C2: Formulario 1 - Propuesta económica - Licitación de obra pública de infraestructura social
C3: Código | D3: CCE-EICP-FM-116 | E3: Versión | F3: 1
C5: [La Entidad podrá utilizar este Formato para la presentación de los análisis de Precios Unitarios del Contratista en la oportunidad prevista en el numeral 8.1. del Documento Base]
C7: #VALUE!
D8: =PRESUPUESTO!C13 -> CONSTRUCCIÓN DEL CENTRO DE DESARROLLO INFANTIL BRISAS DEL MUNICIPIO DE MOSQUERA, CUNDINAMARCA
L9: VERSIÓN
L10: PÁGINA | M10: 1 | N10: DE | O10: 1
D11: ALCALDÍA DE MUNICIPAL DE MOSQUERA
L14: FECHA | M14: DD | N14: MM | O14: AA
C15: ESTUDIOS, DISEÑOS A DETALLE, PERMISOS Y LICENCIAMIENTO DE LOS DIFERENTES EQUIPAMIENTOS PÚBLICOS PARA EL MUNICIPIO DE MOSQUERA CUNDINAMARCA
C18: DATOS ESPECÍFICOS
C19: ÍTEM | D19: DESCRIPCIÓN | M19: UNIDAD | O19: CANTIDAD
C20: =PRESUPUESTO!C42 -> 4.02 | D20: =IFERROR(VLOOKUP(C20,PRESUPUESTO!$C$11:$K$366,5,FALSE)," ") -> MURO PANTALLA EN CONCRETO 3500 PSI E= 15CM | M20: =IFERROR(VLOOKUP(C20,PRESUPUESTO!$C$11:$K$366,6,FALSE)," ") -> M3 | O20: =IFERROR(VLOOKUP(C20,PRESUPUESTO!$C$11:$K$366,7,FALSE)," ") -> 14.9
C24: DESCRIPCIÓN | H24: MARCA | J24: TIPO | L24: TARIFA/HORA | M24: RENDIMIENTO | O24: Vr. UNITARIO
C25: HERRAMIENTA MENOR | J25: =IFERROR(VLOOKUP(C25,EQUIPOS!$C$13:$G$80,2,FALSE)," ") -> % | L25: =O63 -> 507373.33 | M25: 0.05 | O25: =IFERROR(M25*L25,0) -> 25368.667
C26: VIBRADOR PARA CONCRETO | J26: =IFERROR(VLOOKUP(C26,EQUIPOS!$C$13:$G$80,2,FALSE)," ") -> D | L26: =IFERROR(VLOOKUP(C26,EQUIPOS!$C$13:$G$80,5,FALSE)," ") -> 86639 | M26: 25 | O26: =IFERROR(L26/M26,0) -> 3465.56
C27: SECCION DE 1,4 POR 1,4 H=2,0 - ANDAMIO CERTIFICADO BASE PLANA ACCESOINTERNO | J27: =IFERROR(VLOOKUP(C27,EQUIPOS!$C$13:$G$80,2,FALSE)," ") -> D | L27: =IFERROR(VLOOKUP(C27,EQUIPOS!$C$13:$G$80,5,FALSE)," ") -> 30496 | M27: 2.25 | O27: =IFERROR(L27/M27,0) -> 13553.778
C28: FORMALETA CONCRETO | J28: =IFERROR(VLOOKUP(C28,EQUIPOS!$C$13:$G$80,2,FALSE)," ") -> D | L28: =IFERROR(VLOOKUP(C28,EQUIPOS!$C$13:$G$80,5,FALSE)," ") -> 10397 | M28: 1 | O28: =IFERROR(L28/M28,0) -> 10397
J29: =IFERROR(VLOOKUP(C29,EQUIPOS!$C$13:$G$80,2,FALSE)," ") | L29: =IFERROR(VLOOKUP(C29,EQUIPOS!$C$13:$G$80,5,FALSE)," ") | O29: =IFERROR(L29/M29,0) -> 0
C30: SUBTOTAL | O30: =SUM(O25:O29) -> 52785.004
C31: II. MATERIALES
C34: DESCRIPCIÓN | K34: UNIDAD | L34: CANTIDAD | M34: PRECIO UNIT. | O34: Vr. UNITARIO
C35: CONCRETO 3500 PSI | K35: =IFERROR(VLOOKUP(C35,MATERIALES!$C$13:$G$2486,2,FALSE)," ") -> M3 | L35: 1.03 | M35: =IFERROR(VLOOKUP(C35,MATERIALES!$C$13:$G$2486,5,FALSE)," ") -> 568493 | O35: =IFERROR(M35*L35,0) -> 585547.79
C36: PUNTILLA CON CABEZA 2" | K36: =IFERROR(VLOOKUP(C36,MATERIALES!$C$13:$G$2486,2,FALSE)," ") -> LB | L36: 2.12 | M36: =IFERROR(VLOOKUP(C36,MATERIALES!$C$13:$G$2486,5,FALSE)," ") -> 6669 | O36: =IFERROR(M36*L36,0) -> 14138.28
C37: REPISA EN ORDINARIO | K37: =IFERROR(VLOOKUP(C37,MATERIALES!$C$13:$G$2486,2,FALSE)," ") -> ML | L37: 1.97 | M37: =IFERROR(VLOOKUP(C37,MATERIALES!$C$13:$G$2486,5,FALSE)," ") -> 4088 | O37: =IFERROR(M37*L37,0) -> 8053.36
C38: TABLA BURRA ORDINARIO 0.30 | K38: =IFERROR(VLOOKUP(C38,MATERIALES!$C$13:$G$2486,2,FALSE)," ") -> ML | L38: 4.34 | M38: =IFERROR(VLOOKUP(C38,MATERIALES!$C$13:$G$2486,5,FALSE)," ") -> 7990 | O38: =IFERROR(M38*L38,0) -> 34676.6
C39: VARA CLAVO | K39: =IFERROR(VLOOKUP(C39,MATERIALES!$C$13:$G$2486,2,FALSE)," ") -> ML | L39: 2.56 | M39: =IFERROR(VLOOKUP(C39,MATERIALES!$C$13:$G$2486,5,FALSE)," ") -> 2973 | O39: =IFERROR(M39*L39,0) -> 7610.88
K40: =IFERROR(VLOOKUP(C40,MATERIALES!$C$13:$G$2486,2,FALSE)," ") | M40: =IFERROR(VLOOKUP(C40,MATERIALES!$C$13:$G$2486,5,FALSE)," ") | O40: =IFERROR(M40*L40,0) -> 0
K41: =IFERROR(VLOOKUP(C41,MATERIALES!$C$13:$G$2486,2,FALSE)," ") | M41: =IFERROR(VLOOKUP(C41,MATERIALES!$C$13:$G$2486,5,FALSE)," ") | O41: =IFERROR(M41*L41,0) -> 0
K42: =IFERROR(VLOOKUP(C42,MATERIALES!$C$13:$G$2486,2,FALSE)," ") | M42: =IFERROR(VLOOKUP(C42,MATERIALES!$C$13:$G$2486,5,FALSE)," ") | O42: =IFERROR(M42*L42,0) -> 0
K43: =IFERROR(VLOOKUP(C43,MATERIALES!$C$13:$G$2486,2,FALSE)," ") | M43: =IFERROR(VLOOKUP(C43,MATERIALES!$C$13:$G$2486,5,FALSE)," ") | O43: =IFERROR(M43*L43,0) -> 0
K44: =IFERROR(VLOOKUP(C44,MATERIALES!$C$13:$G$2486,2,FALSE)," ") | M44: =IFERROR(VLOOKUP(C44,MATERIALES!$C$13:$G$2486,5,FALSE)," ") | O44: =IFERROR(M44*L44,0) -> 0
K45: =IFERROR(VLOOKUP(C45,MATERIALES!$C$13:$G$2486,2,FALSE)," ") | M45: =IFERROR(VLOOKUP(C45,MATERIALES!$C$13:$G$2486,5,FALSE)," ") | O45: =IFERROR(M45*L45,0) -> 0
K46: =IFERROR(VLOOKUP(C46,MATERIALES!$C$13:$G$2486,2,FALSE)," ") | M46: =IFERROR(VLOOKUP(C46,MATERIALES!$C$13:$G$2486,5,FALSE)," ") | O46: =IFERROR(M46*L46,0) -> 0
C47: SUBTOTAL | O47: =SUM(O35:O46) -> 650026.91
C48: III. TRANSPORTES
C51: MATERIAL | J51: VOL. o PESO | K51: DISTANCIA | L51: M3 o Ton/Km | M51: TARIFA | O51: Vr. UNITARIO
M52: =IFERROR(VLOOKUP(C52,TRANSPORTE!$C$14:$G$28,5,FALSE)," ") | O52: =IFERROR(M52*L52,0) -> 0
O53: =IFERROR(M53*L53,0) -> 0
C54: SUBTOTAL | O54: =+SUM(O52:O53) -> 0
C55: IV. MANO DE OBRA
C58: TRABAJADOR | J58: JORNAL | K58: PRESTACIONES | L58: JORNAL TOTAL | M58: RENDIMIENTO | O58: Vr. UNITARIO
C59: AA- 1 OFICIAL + 1 AYUDANTE ALBAÑILERÍA | J59: =IFERROR(VLOOKUP(C59,'MANO DE OBRA'!$C$13:$J$33,6,FALSE)," ") -> 190265 | K59: =IFERROR(VLOOKUP(C59,'MANO DE OBRA'!$C$13:$J$33,7,FALSE)," ") -> 2 | L59: =IFERROR(VLOOKUP(C59,'MANO DE OBRA'!$C$13:$J$33,8,FALSE)," ") -> 380530 | M59: 0.75 | O59: =IFERROR((L59/M59),0) -> 507373.33
J60: =IFERROR(VLOOKUP(C60,'MANO DE OBRA'!$C$13:$J$33,6,FALSE)," ") | K60: =IFERROR(VLOOKUP(C60,'MANO DE OBRA'!$C$13:$J$33,7,FALSE)," ") | L60: =IFERROR(VLOOKUP(C60,'MANO DE OBRA'!$C$13:$J$33,8,FALSE)," ") | O60: =IFERROR((L60/M60),0) -> 0
J61: =IFERROR(VLOOKUP(C61,'MANO DE OBRA'!$C$13:$J$33,6,FALSE)," ") | K61: =IFERROR(VLOOKUP(C61,'MANO DE OBRA'!$C$13:$J$33,7,FALSE)," ") | L61: =IFERROR(VLOOKUP(C61,'MANO DE OBRA'!$C$13:$J$33,8,FALSE)," ") | O61: =IFERROR((L61/M61),0) -> 0
J62: =IFERROR(VLOOKUP(C62,'MANO DE OBRA'!$C$13:$J$33,6,FALSE)," ") | K62: =IFERROR(VLOOKUP(C62,'MANO DE OBRA'!$C$13:$J$33,7,FALSE)," ") | L62: =IFERROR(VLOOKUP(C62,'MANO DE OBRA'!$C$13:$J$33,8,FALSE)," ") | O62: =IFERROR((L62/M62),0) -> 0
C63: SUBTOTAL | O63: =+SUM(O59:O62) -> 507373.33
C65: TOTAL COSTO DIRECTO | O65: =ROUND(O54+O30+O47+O63,0) -> 1210185
C67: V. COSTOS INDIRECTOS
C70: DESCRIPCIÓN | N70: PORCENTAJE | O70: VALOR TOTAL
C71: ADMINISTRACION | N71: =PRESUPUESTO!$K$384 -> 0.26 | O71: =N71*O65 -> 314648.1
C72: IMPREVISTOS | N72: =PRESUPUESTO!$K$385 -> 0.01 | O72: =N72*O65 -> 12101.85
C73: UTILIDAD | N73: =PRESUPUESTO!$K$386 -> 0.03 | O73: =N73*O65 -> 36305.55
C76: TOTAL COSTO DIRECTO + A.I.U. | O76: =ROUNDUP(O65+O71+O72+O73,0) -> 1573241
C84: DATOS ESPECÍFICOS
C85: ÍTEM | D85: DESCRIPCIÓN | M85: UNIDAD | O85: CANTIDAD
C86: =PRESUPUESTO!C51 -> 4.11 | D86: =IFERROR(VLOOKUP(C86,PRESUPUESTO!$C$11:$K$366,5,FALSE)," ") -> BOMBEO DE CONCRETO PREMEZCLADO | M86: =IFERROR(VLOOKUP(C86,PRESUPUESTO!$C$11:$K$366,6,FALSE)," ") -> M3 | O86: =IFERROR(VLOOKUP(C86,PRESUPUESTO!$C$11:$K$366,7,FALSE)," ") -> 124.3
C90: DESCRIPCIÓN | H90: MARCA | J90: TIPO | L90: TARIFA/HORA | M90: RENDIMIENTO | O90: Vr. UNITARIO
C91: HERRAMIENTA MENOR | J91: =IFERROR(VLOOKUP(C91,EQUIPOS!$C$13:$G$80,2,FALSE)," ") -> % | L91: =O129 -> 3805.3 | M91: 0.05 | O91: =IFERROR(M91*L91,0) -> 190.265
J92: =IFERROR(VLOOKUP(C92,EQUIPOS!$C$13:$G$80,2,FALSE)," ") | L92: =IFERROR(VLOOKUP(C92,EQUIPOS!$C$13:$G$80,5,FALSE)," ") | O92: =IFERROR(L92/M92,0) -> 0
J93: =IFERROR(VLOOKUP(C93,EQUIPOS!$C$13:$G$80,2,FALSE)," ") | L93: =IFERROR(VLOOKUP(C93,EQUIPOS!$C$13:$G$80,5,FALSE)," ") | O93: =IFERROR(L93/M93,0) -> 0
J94: =IFERROR(VLOOKUP(C94,EQUIPOS!$C$13:$G$80,2,FALSE)," ") | L94: =IFERROR(VLOOKUP(C94,EQUIPOS!$C$13:$G$80,5,FALSE)," ") | O94: =IFERROR(L94/M94,0) -> 0
J95: =IFERROR(VLOOKUP(C95,EQUIPOS!$C$13:$G$80,2,FALSE)," ") | L95: =IFERROR(VLOOKUP(C95,EQUIPOS!$C$13:$G$80,5,FALSE)," ") | O95: =IFERROR(L95/M95,0) -> 0
C96: SUBTOTAL | O96: =SUM(O91:O95) -> 190.265
C97: II. MATERIALES
C100: DESCRIPCIÓN | K100: UNIDAD | L100: CANTIDAD | M100: PRECIO UNIT. | O100: Vr. UNITARIO
C101: ALQUILER BOMBA PARA CONCRETO | K101: =IFERROR(VLOOKUP(C101,MATERIALES!$C$13:$G$2486,2,FALSE)," ") -> M3 | L101: 1 | M101: =IFERROR(VLOOKUP(C101,MATERIALES!$C$13:$G$2486,5,FALSE)," ") -> 64321 | O101: =IFERROR(M101*L101,0) -> 64321
K102: =IFERROR(VLOOKUP(C102,MATERIALES!$C$13:$G$2486,2,FALSE)," ") | M102: =IFERROR(VLOOKUP(C102,MATERIALES!$C$13:$G$2486,5,FALSE)," ") | O102: =IFERROR(M102*L102,0) -> 0
K103: =IFERROR(VLOOKUP(C103,MATERIALES!$C$13:$G$2486,2,FALSE)," ") | M103: =IFERROR(VLOOKUP(C103,MATERIALES!$C$13:$G$2486,5,FALSE)," ") | O103: =IFERROR(M103*L103,0) -> 0
K104: =IFERROR(VLOOKUP(C104,MATERIALES!$C$13:$G$2486,2,FALSE)," ") | M104: =IFERROR(VLOOKUP(C104,MATERIALES!$C$13:$G$2486,5,FALSE)," ") | O104: =IFERROR(M104*L104,0) -> 0
K105: =IFERROR(VLOOKUP(C105,MATERIALES!$C$13:$G$2486,2,FALSE)," ") | M105: =IFERROR(VLOOKUP(C105,MATERIALES!$C$13:$G$2486,5,FALSE)," ") | O105: =IFERROR(M105*L105,0) -> 0
K106: =IFERROR(VLOOKUP(C106,MATERIALES!$C$13:$G$2486,2,FALSE)," ") | M106: =IFERROR(VLOOKUP(C106,MATERIALES!$C$13:$G$2486,5,FALSE)," ") | O106: =IFERROR(M106*L106,0) -> 0
K107: =IFERROR(VLOOKUP(C107,MATERIALES!$C$13:$G$2486,2,FALSE)," ") | M107: =IFERROR(VLOOKUP(C107,MATERIALES!$C$13:$G$2486,5,FALSE)," ") | O107: =IFERROR(M107*L107,0) -> 0
K108: =IFERROR(VLOOKUP(C108,MATERIALES!$C$13:$G$2486,2,FALSE)," ") | M108: =IFERROR(VLOOKUP(C108,MATERIALES!$C$13:$G$2486,5,FALSE)," ") | O108: =IFERROR(M108*L108,0) -> 0
K109: =IFERROR(VLOOKUP(C109,MATERIALES!$C$13:$G$2486,2,FALSE)," ") | M109: =IFERROR(VLOOKUP(C109,MATERIALES!$C$13:$G$2486,5,FALSE)," ") | O109: =IFERROR(M109*L109,0) -> 0
K110: =IFERROR(VLOOKUP(C110,MATERIALES!$C$13:$G$2486,2,FALSE)," ") | M110: =IFERROR(VLOOKUP(C110,MATERIALES!$C$13:$G$2486,5,FALSE)," ") | O110: =IFERROR(M110*L110,0) -> 0
K111: =IFERROR(VLOOKUP(C111,MATERIALES!$C$13:$G$2486,2,FALSE)," ") | M111: =IFERROR(VLOOKUP(C111,MATERIALES!$C$13:$G$2486,5,FALSE)," ") | O111: =IFERROR(M111*L111,0) -> 0
K112: =IFERROR(VLOOKUP(C112,MATERIALES!$C$13:$G$2486,2,FALSE)," ") | M112: =IFERROR(VLOOKUP(C112,MATERIALES!$C$13:$G$2486,5,FALSE)," ") | O112: =IFERROR(M112*L112,0) -> 0
C113: SUBTOTAL | O113: =SUM(O101:O112) -> 64321
C114: III. TRANSPORTES
C117: MATERIAL | J117: VOL. o PESO | K117: DISTANCIA | L117: M3 o Ton/Km | M117: TARIFA | O117: Vr. UNITARIO
L118: =K118*J118 -> 0 | M118: =IFERROR(VLOOKUP(C118,TRANSPORTE!$C$14:$G$28,5,FALSE)," ") | O118: =IFERROR(M118*L118,0) -> 0
O119: =IFERROR(M119*L119,0) -> 0
C120: SUBTOTAL | O120: =+SUM(O118:O119) -> 0
C121: IV. MANO DE OBRA
C124: TRABAJADOR | J124: JORNAL | K124: PRESTACIONES | L124: JORNAL TOTAL | M124: RENDIMIENTO | O124: Vr. UNITARIO
C125: AA- 1 OFICIAL + 1 AYUDANTE ALBAÑILERÍA | J125: =IFERROR(VLOOKUP(C125,'MANO DE OBRA'!$C$13:$J$33,6,FALSE)," ") -> 190265 | K125: =IFERROR(VLOOKUP(C125,'MANO DE OBRA'!$C$13:$J$33,7,FALSE)," ") -> 2 | L125: =IFERROR(VLOOKUP(C125,'MANO DE OBRA'!$C$13:$J$33,8,FALSE)," ") -> 380530 | M125: 100 | O125: =IFERROR((L125/M125),0) -> 3805.3
J126: =IFERROR(VLOOKUP(C126,'MANO DE OBRA'!$C$13:$J$33,6,FALSE)," ") | K126: =IFERROR(VLOOKUP(C126,'MANO DE OBRA'!$C$13:$J$33,7,FALSE)," ") | L126: =IFERROR(VLOOKUP(C126,'MANO DE OBRA'!$C$13:$J$33,8,FALSE)," ") | O126: =IFERROR((L126/M126),0) -> 0
J127: =IFERROR(VLOOKUP(C127,'MANO DE OBRA'!$C$13:$J$33,6,FALSE)," ") | K127: =IFERROR(VLOOKUP(C127,'MANO DE OBRA'!$C$13:$J$33,7,FALSE)," ") | L127: =IFERROR(VLOOKUP(C127,'MANO DE OBRA'!$C$13:$J$33,8,FALSE)," ") | O127: =IFERROR((L127/M127),0) -> 0
J128: =IFERROR(VLOOKUP(C128,'MANO DE OBRA'!$C$13:$J$33,6,FALSE)," ") | K128: =IFERROR(VLOOKUP(C128,'MANO DE OBRA'!$C$13:$J$33,7,FALSE)," ") | L128: =IFERROR(VLOOKUP(C128,'MANO DE OBRA'!$C$13:$J$33,8,FALSE)," ") | O128: =IFERROR((L128/M128),0) -> 0
C129: SUBTOTAL | O129: =+SUM(O125:O128) -> 3805.3
C131: TOTAL COSTO DIRECTO | O131: =ROUND(O120+O96+O113+O129,0) -> 68317
C133: V. COSTOS INDIRECTOS
C136: DESCRIPCIÓN | N136: PORCENTAJE | O136: VALOR TOTAL
C137: ADMINISTRACION | N137: =PRESUPUESTO!$K$384 -> 0.26 | O137: =N137*O131 -> 17762.42
C138: IMPREVISTOS | N138: =PRESUPUESTO!$K$385 -> 0.01 | O138: =N138*O131 -> 683.17
C139: UTILIDAD | N139: =PRESUPUESTO!$K$386 -> 0.03 | O139: =N139*O131 -> 2049.51
C142: TOTAL COSTO DIRECTO + A.I.U. | O142: =ROUNDUP(O131+O137+O138+O139,0) -> 88813

Sheet APU CAP 5
C2: Formulario 1 - Propuesta económica - Licitación de obra pública de infraestructura social
C3: Código | D3: CCE-EICP-FM-116 | E3: Versión | F3: 1
C5: [La Entidad podrá utilizar este Formato para la presentación de los análisis de Precios Unitarios del Contratista en la oportunidad prevista en el numeral 8.1. del Documento Base]
C7: #VALUE!
D8: =PRESUPUESTO!C13 -> CONSTRUCCIÓN DEL CENTRO DE DESARROLLO INFANTIL BRISAS DEL MUNICIPIO DE MOSQUERA, CUNDINAMARCA
L9: VERSIÓN
L10: PÁGINA | M10: 1 | N10: DE | O10: 1
D11: ALCALDÍA DE MUNICIPAL DE MOSQUERA
L14: FECHA | M14: DD | N14: MM | O14: AA
C15: ESTUDIOS, DISEÑOS A DETALLE, PERMISOS Y LICENCIAMIENTO DE LOS DIFERENTES EQUIPAMIENTOS PÚBLICOS PARA EL MUNICIPIO DE MOSQUERA CUNDINAMARCA
C18: DATOS ESPECÍFICOS
C19: ÍTEM | D19: DESCRIPCIÓN | M19: UNIDAD | O19: CANTIDAD
C20: =PRESUPUESTO!C66 -> 5.1.7 | D20: =IFERROR(VLOOKUP(C20,PRESUPUESTO!$C$11:$K$366,5,FALSE)," ") -> SUMINISTRO E INSTALACION BANDEJA TIPO DUCTO CERRADO 200X100 INCLUYE SOPORTE TIPO PELDAÑO, SOPORTE OMEGA UNIVERSAL, TORNILLO DE FIJACIÓN DUCTO, PLATINA DE UNIÓN DUCTO FORMA EN C. PERNOS EXPANSIVOS, PERNOS DE OJO ABIERTO Y DEMÁS ACCESORIOS DE MONTAJE. | M20: =IFERROR(VLOOKUP(C20,PRESUPUESTO!$C$11:$K$366,6,FALSE)," ") -> ML | O20: =IFERROR(VLOOKUP(C20,PRESUPUESTO!$C$11:$K$366,7,FALSE)," ") -> 65
C24: DESCRIPCIÓN | H24: MARCA | J24: TIPO | L24: TARIFA/HORA | M24: RENDIMIENTO | O24: Vr. UNITARIO
C25: HERRAMIENTA MENOR | J25: =IFERROR(VLOOKUP(C25,EQUIPOS!$C$13:$G$80,2,FALSE)," ") -> % | L25: =O63 -> 14197.933 | M25: 0.05 | O25: =IFERROR(M25*L25,0) -> 709.89667
J26: =IFERROR(VLOOKUP(C26,EQUIPOS!$C$13:$G$80,2,FALSE)," ") | L26: =IFERROR(VLOOKUP(C26,EQUIPOS!$C$13:$G$80,5,FALSE)," ") | O26: =IFERROR(L26/M26,0) -> 0
J27: =IFERROR(VLOOKUP(C27,EQUIPOS!$C$13:$G$80,2,FALSE)," ") | L27: =IFERROR(VLOOKUP(C27,EQUIPOS!$C$13:$G$80,5,FALSE)," ") | O27: =IFERROR(L27/M27,0) -> 0
J28: =IFERROR(VLOOKUP(C28,EQUIPOS!$C$13:$G$80,2,FALSE)," ") | L28: =IFERROR(VLOOKUP(C28,EQUIPOS!$C$13:$G$80,5,FALSE)," ") | O28: =IFERROR(L28/M28,0) -> 0
J29: =IFERROR(VLOOKUP(C29,EQUIPOS!$C$13:$G$80,2,FALSE)," ") | L29: =IFERROR(VLOOKUP(C29,EQUIPOS!$C$13:$G$80,5,FALSE)," ") | O29: =IFERROR(L29/M29,0) -> 0
C30: SUBTOTAL | O30: =SUM(O25:O29) -> 709.89667
C31: II. MATERIALES
C34: DESCRIPCIÓN | K34: UNIDAD | L34: CANTIDAD | M34: PRECIO UNIT. | O34: Vr. UNITARIO
C35: Bandeja tipo Ducto cerrado 20x10cm | K35: =IFERROR(VLOOKUP(C35,MATERIALES!$C$13:$G$2486,2,FALSE)," ") -> ML | L35: 1 | M35: =IFERROR(VLOOKUP(C35,MATERIALES!$C$13:$G$2486,5,FALSE)," ") -> 89650 | O35: =IFERROR(M35*L35,0) -> 89650
C36: Riel channel DIN | K36: =IFERROR(VLOOKUP(C36,MATERIALES!$C$13:$G$2486,2,FALSE)," ") -> ML | L36: 0.5 | M36: =IFERROR(VLOOKUP(C36,MATERIALES!$C$13:$G$2486,5,FALSE)," ") -> 5400 | O36: =IFERROR(M36*L36,0) -> 2700
C37: Varilla roscada | K37: =IFERROR(VLOOKUP(C37,MATERIALES!$C$13:$G$2486,2,FALSE)," ") -> UN | L37: 1.5 | M37: =IFERROR(VLOOKUP(C37,MATERIALES!$C$13:$G$2486,5,FALSE)," ") -> 3000 | O37: =IFERROR(M37*L37,0) -> 4500
C38: Cable 4 AWG para tierra | K38: =IFERROR(VLOOKUP(C38,MATERIALES!$C$13:$G$2486,2,FALSE)," ") -> ML | L38: 0.1 | M38: =IFERROR(VLOOKUP(C38,MATERIALES!$C$13:$G$2486,5,FALSE)," ") -> 16600 | O38: =IFERROR(M38*L38,0) -> 1660
C39: Elementos de fijacion | K39: =IFERROR(VLOOKUP(C39,MATERIALES!$C$13:$G$2486,2,FALSE)," ") -> UN | L39: 0.3 | M39: =IFERROR(VLOOKUP(C39,MATERIALES!$C$13:$G$2486,5,FALSE)," ") -> 10800 | O39: =IFERROR(M39*L39,0) -> 3240
K40: =IFERROR(VLOOKUP(C40,MATERIALES!$C$13:$G$2486,2,FALSE)," ") | M40: =IFERROR(VLOOKUP(C40,MATERIALES!$C$13:$G$2486,5,FALSE)," ") | O40: =IFERROR(M40*L40,0) -> 0
K41: =IFERROR(VLOOKUP(C41,MATERIALES!$C$13:$G$2486,2,FALSE)," ") | M41: =IFERROR(VLOOKUP(C41,MATERIALES!$C$13:$G$2486,5,FALSE)," ") | O41: =IFERROR(M41*L41,0) -> 0
K42: =IFERROR(VLOOKUP(C42,MATERIALES!$C$13:$G$2486,2,FALSE)," ") | M42: =IFERROR(VLOOKUP(C42,MATERIALES!$C$13:$G$2486,5,FALSE)," ") | O42: =IFERROR(M42*L42,0) -> 0
K43: =IFERROR(VLOOKUP(C43,MATERIALES!$C$13:$G$2486,2,FALSE)," ") | M43: =IFERROR(VLOOKUP(C43,MATERIALES!$C$13:$G$2486,5,FALSE)," ") | O43: =IFERROR(M43*L43,0) -> 0
K44: =IFERROR(VLOOKUP(C44,MATERIALES!$C$13:$G$2486,2,FALSE)," ") | M44: =IFERROR(VLOOKUP(C44,MATERIALES!$C$13:$G$2486,5,FALSE)," ") | O44: =IFERROR(M44*L44,0) -> 0
K45: =IFERROR(VLOOKUP(C45,MATERIALES!$C$13:$G$2486,2,FALSE)," ") | M45: =IFERROR(VLOOKUP(C45,MATERIALES!$C$13:$G$2486,5,FALSE)," ") | O45: =IFERROR(M45*L45,0) -> 0
K46: =IFERROR(VLOOKUP(C46,MATERIALES!$C$13:$G$2486,2,FALSE)," ") | M46: =IFERROR(VLOOKUP(C46,MATERIALES!$C$13:$G$2486,5,FALSE)," ") | O46: =IFERROR(M46*L46,0) -> 0
C47: SUBTOTAL | O47: =SUM(O35:O46) -> 101750
C48: III. TRANSPORTES
C51: MATERIAL | J51: VOL. o PESO | K51: DISTANCIA | L51: M3 o Ton/Km | M51: TARIFA | O51: Vr. UNITARIO
C52: CAMIONETA | J52: 0.0001 | K52: 25.1 | L52: =K52*J52 -> 0.00251 | M52: =IFERROR(VLOOKUP(C52,TRANSPORTE!$C$14:$G$28,5,FALSE)," ") -> 514637 | O52: =IFERROR(M52*L52,0) -> 1291.7389
O53: =IFERROR(M53*L53,0) -> 0
C54: SUBTOTAL | O54: =+SUM(O52:O53) -> 1291.7389
C55: IV. MANO DE OBRA
C58: TRABAJADOR | J58: JORNAL | K58: PRESTACIONES | L58: JORNAL TOTAL | M58: RENDIMIENTO | O58: Vr. UNITARIO
C59: FF - 1 OFICIAL + AYUDANTE ELECTRICIDAD | J59: =IFERROR(VLOOKUP(C59,'MANO DE OBRA'!$C$13:$J$33,6,FALSE)," ") -> 212968.89 | K59: =IFERROR(VLOOKUP(C59,'MANO DE OBRA'!$C$13:$J$33,7,FALSE)," ") -> 2 | L59: =IFERROR(VLOOKUP(C59,'MANO DE OBRA'!$C$13:$J$33,8,FALSE)," ") -> 425938 | M59: 30 | O59: =IFERROR((L59/M59),0) -> 14197.933
J60: =IFERROR(VLOOKUP(C60,'MANO DE OBRA'!$C$13:$J$33,6,FALSE)," ") | K60: =IFERROR(VLOOKUP(C60,'MANO DE OBRA'!$C$13:$J$33,7,FALSE)," ") | L60: =IFERROR(VLOOKUP(C60,'MANO DE OBRA'!$C$13:$J$33,8,FALSE)," ") | O60: =IFERROR((L60/M60),0) -> 0
J61: =IFERROR(VLOOKUP(C61,'MANO DE OBRA'!$C$13:$J$33,6,FALSE)," ") | K61: =IFERROR(VLOOKUP(C61,'MANO DE OBRA'!$C$13:$J$33,7,FALSE)," ") | L61: =IFERROR(VLOOKUP(C61,'MANO DE OBRA'!$C$13:$J$33,8,FALSE)," ") | O61: =IFERROR((L61/M61),0) -> 0
J62: =IFERROR(VLOOKUP(C62,'MANO DE OBRA'!$C$13:$J$33,6,FALSE)," ") | K62: =IFERROR(VLOOKUP(C62,'MANO DE OBRA'!$C$13:$J$33,7,FALSE)," ") | L62: =IFERROR(VLOOKUP(C62,'MANO DE OBRA'!$C$13:$J$33,8,FALSE)," ") | O62: =IFERROR((L62/M62),0) -> 0
C63: SUBTOTAL | O63: =+SUM(O59:O62) -> 14197.933
C65: TOTAL COSTO DIRECTO | O65: =ROUND(O54+O30+O47+O63,0) -> 117950
C67: V. COSTOS INDIRECTOS
C70: DESCRIPCIÓN | N70: PORCENTAJE | O70: VALOR TOTAL
C71: ADMINISTRACION | N71: =PRESUPUESTO!$K$384 -> 0.26 | O71: =N71*O65 -> 30667
C72: IMPREVISTOS | N72: =PRESUPUESTO!$K$385 -> 0.01 | O72: =N72*O65 -> 1179.5
C73: UTILIDAD | N73: =PRESUPUESTO!$K$386 -> 0.03 | O73: =N73*O65 -> 3538.5
C76: TOTAL COSTO DIRECTO + A.I.U. | O76: =ROUNDUP(O65+O71+O72+O73,0) -> 153335
C81: DATOS ESPECÍFICOS
C82: ÍTEM | D82: DESCRIPCIÓN | M82: UNIDAD | O82: CANTIDAD
C83: =PRESUPUESTO!C67 -> 5.1.8 | D83: =IFERROR(VLOOKUP(C83,PRESUPUESTO!$C$11:$K$366,5,FALSE)," ") -> SUMINISTRO E INSTALACION BANDEJA TIPO MALLA 200X100 INCLUYE SOPORTE TIPO PELDAÑO, SOPORTE OMEGA UNIVERSAL, TORNILLO DE FIJACIÓN DUCTO, PLATINA DE UNIÓN DUCTO FORMA EN C. PERNOS EXPANSIVOS, PERNOS DE OJO ABIERTO Y DEMÁS ACCESORIOS DE MONTAJE. | M83: =IFERROR(VLOOKUP(C83,PRESUPUESTO!$C$11:$K$366,6,FALSE)," ") -> ML | O83: =IFERROR(VLOOKUP(C83,PRESUPUESTO!$C$11:$K$366,7,FALSE)," ") -> 65
C87: DESCRIPCIÓN | H87: MARCA | J87: TIPO | L87: TARIFA/HORA | M87: RENDIMIENTO | O87: Vr. UNITARIO
C88: HERRAMIENTA MENOR | J88: =IFERROR(VLOOKUP(C88,EQUIPOS!$C$13:$G$80,2,FALSE)," ") -> % | L88: =O126 -> 14197.933 | M88: 0.05 | O88: =IFERROR(M88*L88,0) -> 709.89667
J89: =IFERROR(VLOOKUP(C89,EQUIPOS!$C$13:$G$80,2,FALSE)," ") | L89: =IFERROR(VLOOKUP(C89,EQUIPOS!$C$13:$G$80,5,FALSE)," ") | O89: =IFERROR(L89/M89,0) -> 0
J90: =IFERROR(VLOOKUP(C90,EQUIPOS!$C$13:$G$80,2,FALSE)," ") | L90: =IFERROR(VLOOKUP(C90,EQUIPOS!$C$13:$G$80,5,FALSE)," ") | O90: =IFERROR(L90/M90,0) -> 0
J91: =IFERROR(VLOOKUP(C91,EQUIPOS!$C$13:$G$80,2,FALSE)," ") | L91: =IFERROR(VLOOKUP(C91,EQUIPOS!$C$13:$G$80,5,FALSE)," ") | O91: =IFERROR(L91/M91,0) -> 0
J92: =IFERROR(VLOOKUP(C92,EQUIPOS!$C$13:$G$80,2,FALSE)," ") | L92: =IFERROR(VLOOKUP(C92,EQUIPOS!$C$13:$G$80,5,FALSE)," ") | O92: =IFERROR(L92/M92,0) -> 0
C93: SUBTOTAL | O93: =SUM(O88:O92) -> 709.89667
C94: II. MATERIALES
C97: DESCRIPCIÓN | K97: UNIDAD | L97: CANTIDAD | M97: PRECIO UNIT. | O97: Vr. UNITARIO
C98: Bandeja tipo malla 20x10cm | K98: =IFERROR(VLOOKUP(C98,MATERIALES!$C$13:$G$2486,2,FALSE)," ") -> ML | L98: 1 | M98: =IFERROR(VLOOKUP(C98,MATERIALES!$C$13:$G$2486,5,FALSE)," ") -> 78500 | O98: =IFERROR(M98*L98,0) -> 78500
C99: Riel channel DIN | K99: =IFERROR(VLOOKUP(C99,MATERIALES!$C$13:$G$2486,2,FALSE)," ") -> ML | L99: 0.5 | M99: =IFERROR(VLOOKUP(C99,MATERIALES!$C$13:$G$2486,5,FALSE)," ") -> 5400 | O99: =IFERROR(M99*L99,0) -> 2700
C100: Varilla roscada | K100: =IFERROR(VLOOKUP(C100,MATERIALES!$C$13:$G$2486,2,FALSE)," ") -> UN | L100: 1.5 | M100: =IFERROR(VLOOKUP(C100,MATERIALES!$C$13:$G$2486,5,FALSE)," ") -> 3000 | O100: =IFERROR(M100*L100,0) -> 4500
C101: Cable 4 AWG para tierra | K101: =IFERROR(VLOOKUP(C101,MATERIALES!$C$13:$G$2486,2,FALSE)," ") -> ML | L101: 0.1 | M101: =IFERROR(VLOOKUP(C101,MATERIALES!$C$13:$G$2486,5,FALSE)," ") -> 16600 | O101: =IFERROR(M101*L101,0) -> 1660
C102: Elementos de fijacion | K102: =IFERROR(VLOOKUP(C102,MATERIALES!$C$13:$G$2486,2,FALSE)," ") -> UN | L102: 0.3 | M102: =IFERROR(VLOOKUP(C102,MATERIALES!$C$13:$G$2486,5,FALSE)," ") -> 10800 | O102: =IFERROR(M102*L102,0) -> 3240
K103: =IFERROR(VLOOKUP(C103,MATERIALES!$C$13:$G$2486,2,FALSE)," ") | M103: =IFERROR(VLOOKUP(C103,MATERIALES!$C$13:$G$2486,5,FALSE)," ") | O103: =IFERROR(M103*L103,0) -> 0
K104: =IFERROR(VLOOKUP(C104,MATERIALES!$C$13:$G$2486,2,FALSE)," ") | M104: =IFERROR(VLOOKUP(C104,MATERIALES!$C$13:$G$2486,5,FALSE)," ") | O104: =IFERROR(M104*L104,0) -> 0
K105: =IFERROR(VLOOKUP(C105,MATERIALES!$C$13:$G$2486,2,FALSE)," ") | M105: =IFERROR(VLOOKUP(C105,MATERIALES!$C$13:$G$2486,5,FALSE)," ") | O105: =IFERROR(M105*L105,0) -> 0
K106: =IFERROR(VLOOKUP(C106,MATERIALES!$C$13:$G$2486,2,FALSE)," ") | M106: =IFERROR(VLOOKUP(C106,MATERIALES!$C$13:$G$2486,5,FALSE)," ") | O106: =IFERROR(M106*L106,0) -> 0
K107: =IFERROR(VLOOKUP(C107,MATERIALES!$C$13:$G$2486,2,FALSE)," ") | M107: =IFERROR(VLOOKUP(C107,MATERIALES!$C$13:$G$2486,5,FALSE)," ") | O107: =IFERROR(M107*L107,0) -> 0
K108: =IFERROR(VLOOKUP(C108,MATERIALES!$C$13:$G$2486,2,FALSE)," ") | M108: =IFERROR(VLOOKUP(C108,MATERIALES!$C$13:$G$2486,5,FALSE)," ") | O108: =IFERROR(M108*L108,0) -> 0
K109: =IFERROR(VLOOKUP(C109,MATERIALES!$C$13:$G$2486,2,FALSE)," ") | M109: =IFERROR(VLOOKUP(C109,MATERIALES!$C$13:$G$2486,5,FALSE)," ") | O109: =IFERROR(M109*L109,0) -> 0
C110: SUBTOTAL | O110: =SUM(O98:O109) -> 90600
C111: III. TRANSPORTES
C114: MATERIAL | J114: VOL. o PESO | K114: DISTANCIA | L114: M3 o Ton/Km | M114: TARIFA | O114: Vr. UNITARIO
C115: CAMIONETA | J115: 0.0001 | K115: 25.1 | L115: =K115*J115 -> 0.00251 | M115: =IFERROR(VLOOKUP(C115,TRANSPORTE!$C$14:$G$28,5,FALSE)," ") -> 514637 | O115: =IFERROR(M115*L115,0) -> 1291.7389
O116: =IFERROR(M116*L116,0) -> 0
C117: SUBTOTAL | O117: =+SUM(O115:O116) -> 1291.7389
C118: IV. MANO DE OBRA
C121: TRABAJADOR | J121: JORNAL | K121: PRESTACIONES | L121: JORNAL TOTAL | M121: RENDIMIENTO | O121: Vr. UNITARIO
C122: FF - 1 OFICIAL + AYUDANTE ELECTRICIDAD | J122: =IFERROR(VLOOKUP(C122,'MANO DE OBRA'!$C$13:$J$33,6,FALSE)," ") -> 212968.89 | K122: =IFERROR(VLOOKUP(C122,'MANO DE OBRA'!$C$13:$J$33,7,FALSE)," ") -> 2 | L122: =IFERROR(VLOOKUP(C122,'MANO DE OBRA'!$C$13:$J$33,8,FALSE)," ") -> 425938 | M122: 30 | O122: =IFERROR((L122/M122),0) -> 14197.933
J123: =IFERROR(VLOOKUP(C123,'MANO DE OBRA'!$C$13:$J$33,6,FALSE)," ") | K123: =IFERROR(VLOOKUP(C123,'MANO DE OBRA'!$C$13:$J$33,7,FALSE)," ") | L123: =IFERROR(VLOOKUP(C123,'MANO DE OBRA'!$C$13:$J$33,8,FALSE)," ") | O123: =IFERROR((L123/M123),0) -> 0
J124: =IFERROR(VLOOKUP(C124,'MANO DE OBRA'!$C$13:$J$33,6,FALSE)," ") | K124: =IFERROR(VLOOKUP(C124,'MANO DE OBRA'!$C$13:$J$33,7,FALSE)," ") | L124: =IFERROR(VLOOKUP(C124,'MANO DE OBRA'!$C$13:$J$33,8,FALSE)," ") | O124: =IFERROR((L124/M124),0) -> 0
J125: =IFERROR(VLOOKUP(C125,'MANO DE OBRA'!$C$13:$J$33,6,FALSE)," ") | K125: =IFERROR(VLOOKUP(C125,'MANO DE OBRA'!$C$13:$J$33,7,FALSE)," ") | L125: =IFERROR(VLOOKUP(C125,'MANO DE OBRA'!$C$13:$J$33,8,FALSE)," ") | O125: =IFERROR((L125/M125),0) -> 0
C126: SUBTOTAL | O126: =+SUM(O122:O125) -> 14197.933
C128: TOTAL COSTO DIRECTO | O128: =ROUND(O117+O93+O110+O126,0) -> 106800
C130: V. COSTOS INDIRECTOS
C133: DESCRIPCIÓN | N133: PORCENTAJE | O133: VALOR TOTAL
C134: ADMINISTRACION | N134: =PRESUPUESTO!$K$384 -> 0.26 | O134: =N134*O128 -> 27768
C135: IMPREVISTOS | N135: =PRESUPUESTO!$K$385 -> 0.01 | O135: =N135*O128 -> 1068
C136: UTILIDAD | N136: =PRESUPUESTO!$K$386 -> 0.03 | O136: =N136*O128 -> 3204
C139: TOTAL COSTO DIRECTO + A.I.U. | O139: =ROUNDUP(O128+O134+O135+O136,0) -> 138840
C145: DATOS ESPECÍFICOS
C146: ÍTEM | D146: DESCRIPCIÓN | M146: UNIDAD | O146: CANTIDAD
...

Sheet APU CAP 7
C2: Formulario 1 - Propuesta económica - Licitación de obra pública de infraestructura social
C3: Código | D3: CCE-EICP-FM-116 | E3: Versión | F3: 1
C5: [La Entidad podrá utilizar este Formato para la presentación de los análisis de Precios Unitarios del Contratista en la oportunidad prevista en el numeral 8.1. del Documento Base]
C7: #VALUE!
D8: =PRESUPUESTO!C13 -> CONSTRUCCIÓN DEL CENTRO DE DESARROLLO INFANTIL BRISAS DEL MUNICIPIO DE MOSQUERA, CUNDINAMARCA
L9: VERSIÓN
L10: PÁGINA | M10: 1 | N10: DE | O10: 1
D11: ALCALDÍA DE MUNICIPAL DE MOSQUERA
L14: FECHA | M14: DD | N14: MM | O14: AA
C15: ESTUDIOS, DISEÑOS A DETALLE, PERMISOS Y LICENCIAMIENTO DE LOS DIFERENTES EQUIPAMIENTOS PÚBLICOS PARA EL MUNICIPIO DE MOSQUERA CUNDINAMARCA
C18: DATOS ESPECÍFICOS
C19: ÍTEM | D19: DESCRIPCIÓN | M19: UNIDAD | O19: CANTIDAD
C20: =PRESUPUESTO!C167 -> 7.1.4 | D20: =IFERROR(VLOOKUP(C20,PRESUPUESTO!$C$11:$K$366,5,FALSE)," ") -> SUMINISTRO E INSTALACIÓN DE TUBERÍA PVC RDE 21 DE 1 1/4" | M20: =IFERROR(VLOOKUP(C20,PRESUPUESTO!$C$11:$K$366,6,FALSE)," ") -> ML | O20: =IFERROR(VLOOKUP(C20,PRESUPUESTO!$C$11:$K$366,7,FALSE)," ") -> 48
C24: DESCRIPCIÓN | H24: MARCA | J24: TIPO | L24: TARIFA/HORA | M24: RENDIMIENTO | O24: Vr. UNITARIO
C25: HERRAMIENTA MENOR | J25: =IFERROR(VLOOKUP(C25,EQUIPOS!$C$13:$G$80,2,FALSE)," ") -> % | L25: =O63 -> 7950.0048 | M25: 0.05 | O25: =IFERROR(M25*L25,0) -> 397.50024
J26: =IFERROR(VLOOKUP(C26,EQUIPOS!$C$13:$G$80,2,FALSE)," ") | L26: =IFERROR(VLOOKUP(C26,EQUIPOS!$C$13:$G$80,5,FALSE)," ") | O26: =IFERROR(L26/M26,0) -> 0
J27: =IFERROR(VLOOKUP(C27,EQUIPOS!$C$13:$G$80,2,FALSE)," ") | L27: =IFERROR(VLOOKUP(C27,EQUIPOS!$C$13:$G$80,5,FALSE)," ") | O27: =IFERROR(L27/M27,0) -> 0
J28: =IFERROR(VLOOKUP(C28,EQUIPOS!$C$13:$G$80,2,FALSE)," ") | L28: =IFERROR(VLOOKUP(C28,EQUIPOS!$C$13:$G$80,5,FALSE)," ") | O28: =IFERROR(L28/M28,0) -> 0
J29: =IFERROR(VLOOKUP(C29,EQUIPOS!$C$13:$G$80,2,FALSE)," ") | L29: =IFERROR(VLOOKUP(C29,EQUIPOS!$C$13:$G$80,5,FALSE)," ") | O29: =IFERROR(L29/M29,0) -> 0
C30: SUBTOTAL | O30: =SUM(O25:O29) -> 397.50024
C31: II. MATERIALES
C34: DESCRIPCIÓN | K34: UNIDAD | L34: CANTIDAD | M34: PRECIO UNIT. | O34: Vr. UNITARIO
C35: TUBO PVC-P 1 1/4" RDE 21 | D35: TUBO PVC-P 1 1/4" RDE 21 | E35: TUBO PVC-P 1 1/4" RDE 21 | F35: TUBO PVC-P 1 1/4" RDE 21 | G35: TUBO PVC-P 1 1/4" RDE 21 | H35: TUBO PVC-P 1 1/4" RDE 21 | I35: TUBO PVC-P 1 1/4" RDE 21 | J35: TUBO PVC-P 1 1/4" RDE 21 | K35: =IFERROR(VLOOKUP(C35,MATERIALES!$C$13:$G$2486,2,FALSE)," ") -> ML | L35: 1.02 | M35: =IFERROR(VLOOKUP(C35,MATERIALES!$C$13:$G$2486,5,FALSE)," ") -> 12209 | O35: =IFERROR(M35*L35,0) -> 12453.18
C36: CODO 90° PVC-P 1 1/4" | D36: CODO PRESIÓN PVC 90° 1 1/4" | E36: CODO PRESIÓN PVC 90° 1 1/4" | F36: CODO PRESIÓN PVC 90° 1 1/4" | G36: CODO PRESIÓN PVC 90° 1 1/4" | H36: CODO PRESIÓN PVC 90° 1 1/4" | I36: CODO PRESIÓN PVC 90° 1 1/4" | J36: CODO PRESIÓN PVC 90° 1 1/4" | K36: =IFERROR(VLOOKUP(C36,MATERIALES!$C$13:$G$2486,2,FALSE)," ") -> UN | L36: 0.33 | M36: =IFERROR(VLOOKUP(C36,MATERIALES!$C$13:$G$2486,5,FALSE)," ") -> 4710 | O36: =IFERROR(M36*L36,0) -> 1554.3
C37: UNION 1-1/4" | D37: UNION 1-1/4" | E37: UNION 1-1/4" | F37: UNION 1-1/4" | G37: UNION 1-1/4" | H37: UNION 1-1/4" | I37: UNION 1-1/4" | J37: UNION 1-1/4" | K37: =IFERROR(VLOOKUP(C37,MATERIALES!$C$13:$G$2486,2,FALSE)," ") -> UN | L37: 0.17 | M37: =IFERROR(VLOOKUP(C37,MATERIALES!$C$13:$G$2486,5,FALSE)," ") -> 4350 | O37: =IFERROR(M37*L37,0) -> 739.5
C38: SOLDADURA PVC LÍQUIDA 1/4 | D38: SOLDADURA PVC LÍQUIDA 1/4 | E38: SOLDADURA PVC LÍQUIDA 1/4 | F38: SOLDADURA PVC LÍQUIDA 1/4 | G38: SOLDADURA PVC LÍQUIDA 1/4 | H38: SOLDADURA PVC LÍQUIDA 1/4 | I38: SOLDADURA PVC LÍQUIDA 1/4 | J38: SOLDADURA PVC LÍQUIDA 1/4 | K38: =IFERROR(VLOOKUP(C38,MATERIALES!$C$13:$G$2486,2,FALSE)," ") -> UN | L38: 0.01 | M38: =IFERROR(VLOOKUP(C38,MATERIALES!$C$13:$G$2486,5,FALSE)," ") -> 89010 | O38: =IFERROR(M38*L38,0) -> 890.1
C39: LIMPIADOR PVC 1/4 | D39: LIMPIADOR PVC 1/4 | E39: LIMPIADOR PVC 1/4 | F39: LIMPIADOR PVC 1/4 | G39: LIMPIADOR PVC 1/4 | H39: LIMPIADOR PVC 1/4 | I39: LIMPIADOR PVC 1/4 | J39: LIMPIADOR PVC 1/4 | K39: =IFERROR(VLOOKUP(C39,MATERIALES!$C$13:$G$2486,2,FALSE)," ") -> UN | L39: 0.01 | M39: =IFERROR(VLOOKUP(C39,MATERIALES!$C$13:$G$2486,5,FALSE)," ") -> 64435 | O39: =IFERROR(M39*L39,0) -> 644.35
K40: =IFERROR(VLOOKUP(C40,MATERIALES!$C$13:$G$2486,2,FALSE)," ") | M40: =IFERROR(VLOOKUP(C40,MATERIALES!$C$13:$G$2486,5,FALSE)," ") | O40: =IFERROR(M40*L40,0) -> 0
K41: =IFERROR(VLOOKUP(C41,MATERIALES!$C$13:$G$2486,2,FALSE)," ") | M41: =IFERROR(VLOOKUP(C41,MATERIALES!$C$13:$G$2486,5,FALSE)," ") | O41: =IFERROR(M41*L41,0) -> 0
K42: =IFERROR(VLOOKUP(C42,MATERIALES!$C$13:$G$2486,2,FALSE)," ") | M42: =IFERROR(VLOOKUP(C42,MATERIALES!$C$13:$G$2486,5,FALSE)," ") | O42: =IFERROR(M42*L42,0) -> 0
K43: =IFERROR(VLOOKUP(C43,MATERIALES!$C$13:$G$2486,2,FALSE)," ") | M43: =IFERROR(VLOOKUP(C43,MATERIALES!$C$13:$G$2486,5,FALSE)," ") | O43: =IFERROR(M43*L43,0) -> 0
K44: =IFERROR(VLOOKUP(C44,MATERIALES!$C$13:$G$2486,2,FALSE)," ") | M44: =IFERROR(VLOOKUP(C44,MATERIALES!$C$13:$G$2486,5,FALSE)," ") | O44: =IFERROR(M44*L44,0) -> 0
K45: =IFERROR(VLOOKUP(C45,MATERIALES!$C$13:$G$2486,2,FALSE)," ") | M45: =IFERROR(VLOOKUP(C45,MATERIALES!$C$13:$G$2486,5,FALSE)," ") | O45: =IFERROR(M45*L45,0) -> 0
K46: =IFERROR(VLOOKUP(C46,MATERIALES!$C$13:$G$2486,2,FALSE)," ") | M46: =IFERROR(VLOOKUP(C46,MATERIALES!$C$13:$G$2486,5,FALSE)," ") | O46: =IFERROR(M46*L46,0) -> 0
C47: SUBTOTAL | O47: =SUM(O35:O46) -> 16281.43
C48: III. TRANSPORTES
C51: MATERIAL | J51: VOL. o PESO | K51: DISTANCIA | L51: M3 o Ton/Km | M51: TARIFA | O51: Vr. UNITARIO
C52: CAMIONETA | J52: 5e-05 | K52: 25.1 | L52: =K52*J52 -> 0.001255 | M52: =IFERROR(VLOOKUP(C52,TRANSPORTE!$C$14:$G$28,5,FALSE)," ") -> 514637 | O52: =IFERROR(M52*L52,0) -> 645.86944
O53: =IFERROR(M53*L53,0) -> 0
C54: SUBTOTAL | O54: =+SUM(O52:O53) -> 645.86944
C55: IV. MANO DE OBRA
C58: TRABAJADOR | J58: JORNAL | K58: PRESTACIONES | L58: JORNAL TOTAL | M58: RENDIMIENTO | O58: Vr. UNITARIO
C59: 1 OFICIAL + AYUDANTE HyS | J59: =IFERROR(VLOOKUP(C59,'MANO DE OBRA'!$C$13:$J$33,6,FALSE)," ") -> 208071.7 | K59: =IFERROR(VLOOKUP(C59,'MANO DE OBRA'!$C$13:$J$33,7,FALSE)," ") -> 2 | L59: =IFERROR(VLOOKUP(C59,'MANO DE OBRA'!$C$13:$J$33,8,FALSE)," ") -> 416143 | M59: 52.345 | O59: =IFERROR((L59/M59),0) -> 7950.0048
J60: =IFERROR(VLOOKUP(C60,'MANO DE OBRA'!$C$13:$J$33,6,FALSE)," ") | K60: =IFERROR(VLOOKUP(C60,'MANO DE OBRA'!$C$13:$J$33,7,FALSE)," ") | L60: =IFERROR(VLOOKUP(C60,'MANO DE OBRA'!$C$13:$J$33,8,FALSE)," ") | O60: =IFERROR((L60/M60),0) -> 0
J61: =IFERROR(VLOOKUP(C61,'MANO DE OBRA'!$C$13:$J$33,6,FALSE)," ") | K61: =IFERROR(VLOOKUP(C61,'MANO DE OBRA'!$C$13:$J$33,7,FALSE)," ") | L61: =IFERROR(VLOOKUP(C61,'MANO DE OBRA'!$C$13:$J$33,8,FALSE)," ") | O61: =IFERROR((L61/M61),0) -> 0
J62: =IFERROR(VLOOKUP(C62,'MANO DE OBRA'!$C$13:$J$33,6,FALSE)," ") | K62: =IFERROR(VLOOKUP(C62,'MANO DE OBRA'!$C$13:$J$33,7,FALSE)," ") | L62: =IFERROR(VLOOKUP(C62,'MANO DE OBRA'!$C$13:$J$33,8,FALSE)," ") | O62: =IFERROR((L62/M62),0) -> 0
C63: SUBTOTAL | O63: =+SUM(O59:O62) -> 7950.0048
C65: TOTAL COSTO DIRECTO | O65: =ROUND(O54+O30+O47+O63,0) -> 25275
C67: V. COSTOS INDIRECTOS
C70: DESCRIPCIÓN | N70: PORCENTAJE | O70: VALOR TOTAL
C71: ADMINISTRACION | N71: =PRESUPUESTO!$K$384 -> 0.26 | O71: =N71*O65 -> 6571.5
C72: IMPREVISTOS | N72: =PRESUPUESTO!$K$385 -> 0.01 | O72: =N72*O65 -> 252.75
C73: UTILIDAD | N73: =PRESUPUESTO!$K$386 -> 0.03 | O73: =N73*O65 -> 758.25
C76: TOTAL COSTO DIRECTO + A.I.U. | O76: =ROUNDUP(O65+O71+O72+O73,0) -> 32858
C81: DATOS ESPECÍFICOS
C82: ÍTEM | D82: DESCRIPCIÓN | M82: UNIDAD | O82: CANTIDAD
C83: =PRESUPUESTO!C176 -> 7.1.13 | D83: =IFERROR(VLOOKUP(C83,PRESUPUESTO!$C$11:$K$366,5,FALSE)," ") -> SUMINISTRO E INSTALACIÓN DE VÁLVULA DE COMPUERTA DE 1 1/4" | M83: =IFERROR(VLOOKUP(C83,PRESUPUESTO!$C$11:$K$366,6,FALSE)," ") -> UN | O83: =IFERROR(VLOOKUP(C83,PRESUPUESTO!$C$11:$K$366,7,FALSE)," ") -> 12
C87: DESCRIPCIÓN | H87: MARCA | J87: TIPO | L87: TARIFA/HORA | M87: RENDIMIENTO | O87: Vr. UNITARIO
C88: HERRAMIENTA MENOR | J88: =IFERROR(VLOOKUP(C88,EQUIPOS!$C$13:$G$80,2,FALSE)," ") -> % | L88: =O126 -> 21890.742 | M88: 0.05 | O88: =IFERROR(M88*L88,0) -> 1094.5371
J89: =IFERROR(VLOOKUP(C89,EQUIPOS!$C$13:$G$80,2,FALSE)," ") | L89: =IFERROR(VLOOKUP(C89,EQUIPOS!$C$13:$G$80,5,FALSE)," ") | O89: =IFERROR(L89/M89,0) -> 0
J90: =IFERROR(VLOOKUP(C90,EQUIPOS!$C$13:$G$80,2,FALSE)," ") | L90: =IFERROR(VLOOKUP(C90,EQUIPOS!$C$13:$G$80,5,FALSE)," ") | O90: =IFERROR(L90/M90,0) -> 0
J91: =IFERROR(VLOOKUP(C91,EQUIPOS!$C$13:$G$80,2,FALSE)," ") | L91: =IFERROR(VLOOKUP(C91,EQUIPOS!$C$13:$G$80,5,FALSE)," ") | O91: =IFERROR(L91/M91,0) -> 0
J92: =IFERROR(VLOOKUP(C92,EQUIPOS!$C$13:$G$80,2,FALSE)," ") | L92: =IFERROR(VLOOKUP(C92,EQUIPOS!$C$13:$G$80,5,FALSE)," ") | O92: =IFERROR(L92/M92,0) -> 0
C93: SUBTOTAL | O93: =SUM(O88:O92) -> 1094.5371
C94: II. MATERIALES
C97: DESCRIPCIÓN | K97: UNIDAD | L97: CANTIDAD | M97: PRECIO UNIT. | O97: Vr. UNITARIO
C98: VÁLVULA DE COMPUERTA 1 1/4" | D98: VÁLVULA DE COMPUERTA 1 1/4" | E98: VÁLVULA DE COMPUERTA 1 1/4" | F98: VÁLVULA DE COMPUERTA 1 1/4" | G98: VÁLVULA DE COMPUERTA 1 1/4" | H98: VÁLVULA DE COMPUERTA 1 1/4" | I98: VÁLVULA DE COMPUERTA 1 1/4" | J98: VÁLVULA DE COMPUERTA 1 1/4" | K98: =IFERROR(VLOOKUP(C98,MATERIALES!$C$13:$G$2486,2,FALSE)," ") -> UN | L98: 1 | M98: =IFERROR(VLOOKUP(C98,MATERIALES!$C$13:$G$2486,5,FALSE)," ") -> 159900 | O98: =IFERROR(M98*L98,0) -> 159900
C99: ADAPTADOR MACHO PVC-P 1 1/4" | D99: ADAPTADOR MACHO PVC-P 1 1/4" | E99: ADAPTADOR MACHO PVC-P 1 1/4" | F99: ADAPTADOR MACHO PVC-P 1 1/4" | G99: ADAPTADOR MACHO PVC-P 1 1/4" | H99: ADAPTADOR MACHO PVC-P 1 1/4" | I99: ADAPTADOR MACHO PVC-P 1 1/4" | J99: ADAPTADOR MACHO PVC-P 1 1/4" | K99: =IFERROR(VLOOKUP(C99,MATERIALES!$C$13:$G$2486,2,FALSE)," ") -> UN | L99: 2 | M99: =IFERROR(VLOOKUP(C99,MATERIALES!$C$13:$G$2486,5,FALSE)," ") -> 4303 | O99: =IFERROR(M99*L99,0) -> 8606
C100: SOLDADURA PVC LÍQUIDA 1/4 | D100: SOLDADURA PVC LÍQUIDA 1/4 | E100: SOLDADURA PVC LÍQUIDA 1/4 | F100: SOLDADURA PVC LÍQUIDA 1/4 | G100: SOLDADURA PVC LÍQUIDA 1/4 | H100: SOLDADURA PVC LÍQUIDA 1/4 | I100: SOLDADURA PVC LÍQUIDA 1/4 | J100: SOLDADURA PVC LÍQUIDA 1/4 | K100: =IFERROR(VLOOKUP(C100,MATERIALES!$C$13:$G$2486,2,FALSE)," ") -> UN | L100: 0.01 | M100: =IFERROR(VLOOKUP(C100,MATERIALES!$C$13:$G$2486,5,FALSE)," ") -> 89010 | O100: =IFERROR(M100*L100,0) -> 890.1
C101: LIMPIADOR PVC 1/4 | D101: LIMPIADOR PVC 1/4 | E101: LIMPIADOR PVC 1/4 | F101: LIMPIADOR PVC 1/4 | G101: LIMPIADOR PVC 1/4 | H101: LIMPIADOR PVC 1/4 | I101: LIMPIADOR PVC 1/4 | J101: LIMPIADOR PVC 1/4 | K101: =IFERROR(VLOOKUP(C101,MATERIALES!$C$13:$G$2486,2,FALSE)," ") -> UN | L101: 0.01 | M101: =IFERROR(VLOOKUP(C101,MATERIALES!$C$13:$G$2486,5,FALSE)," ") -> 64435 | O101: =IFERROR(M101*L101,0) -> 644.35
K102: =IFERROR(VLOOKUP(C102,MATERIALES!$C$13:$G$2486,2,FALSE)," ") | M102: =IFERROR(VLOOKUP(C102,MATERIALES!$C$13:$G$2486,5,FALSE)," ") | O102: =IFERROR(M102*L102,0) -> 0
K103: =IFERROR(VLOOKUP(C103,MATERIALES!$C$13:$G$2486,2,FALSE)," ") | M103: =IFERROR(VLOOKUP(C103,MATERIALES!$C$13:$G$2486,5,FALSE)," ") | O103: =IFERROR(M103*L103,0) -> 0
K104: =IFERROR(VLOOKUP(C104,MATERIALES!$C$13:$G$2486,2,FALSE)," ") | M104: =IFERROR(VLOOKUP(C104,MATERIALES!$C$13:$G$2486,5,FALSE)," ") | O104: =IFERROR(M104*L104,0) -> 0
K105: =IFERROR(VLOOKUP(C105,MATERIALES!$C$13:$G$2486,2,FALSE)," ") | M105: =IFERROR(VLOOKUP(C105,MATERIALES!$C$13:$G$2486,5,FALSE)," ") | O105: =IFERROR(M105*L105,0) -> 0
K106: =IFERROR(VLOOKUP(C106,MATERIALES!$C$13:$G$2486,2,FALSE)," ") | M106: =IFERROR(VLOOKUP(C106,MATERIALES!$C$13:$G$2486,5,FALSE)," ") | O106: =IFERROR(M106*L106,0) -> 0
K107: =IFERROR(VLOOKUP(C107,MATERIALES!$C$13:$G$2486,2,FALSE)," ") | M107: =IFERROR(VLOOKUP(C107,MATERIALES!$C$13:$G$2486,5,FALSE)," ") | O107: =IFERROR(M107*L107,0) -> 0
K108: =IFERROR(VLOOKUP(C108,MATERIALES!$C$13:$G$2486,2,FALSE)," ") | M108: =IFERROR(VLOOKUP(C108,MATERIALES!$C$13:$G$2486,5,FALSE)," ") | O108: =IFERROR(M108*L108,0) -> 0
K109: =IFERROR(VLOOKUP(C109,MATERIALES!$C$13:$G$2486,2,FALSE)," ") | M109: =IFERROR(VLOOKUP(C109,MATERIALES!$C$13:$G$2486,5,FALSE)," ") | O109: =IFERROR(M109*L109,0) -> 0
C110: SUBTOTAL | O110: =SUM(O98:O109) -> 170040.45
C111: III. TRANSPORTES
C114: MATERIAL | J114: VOL. o PESO | K114: DISTANCIA | L114: M3 o Ton/Km | M114: TARIFA | O114: Vr. UNITARIO
C115: CAMIONETA | J115: 9e-05 | K115: 25.1 | L115: =K115*J115 -> 0.002259 | M115: =IFERROR(VLOOKUP(C115,TRANSPORTE!$C$14:$G$28,5,FALSE)," ") -> 514637 | O115: =IFERROR(M115*L115,0) -> 1162.565
O116: =IFERROR(M116*L116,0) -> 0
C117: SUBTOTAL | O117: =+SUM(O115:O116) -> 1162.565
C118: IV. MANO DE OBRA
C121: TRABAJADOR | J121: JORNAL | K121: PRESTACIONES | L121: JORNAL TOTAL | M121: RENDIMIENTO | O121: Vr. UNITARIO
C122: 1 OFICIAL + AYUDANTE HyS | J122: =IFERROR(VLOOKUP(C122,'MANO DE OBRA'!$C$13:$J$33,6,FALSE)," ") -> 208071.7 | K122: =IFERROR(VLOOKUP(C122,'MANO DE OBRA'!$C$13:$J$33,7,FALSE)," ") -> 2 | L122: =IFERROR(VLOOKUP(C122,'MANO DE OBRA'!$C$13:$J$33,8,FALSE)," ") -> 416143 | M122: 19.01 | O122: =IFERROR((L122/M122),0) -> 21890.742
J123: =IFERROR(VLOOKUP(C123,'MANO DE OBRA'!$C$13:$J$33,6,FALSE)," ") | K123: =IFERROR(VLOOKUP(C123,'MANO DE OBRA'!$C$13:$J$33,7,FALSE)," ") | L123: =IFERROR(VLOOKUP(C123,'MANO DE OBRA'!$C$13:$J$33,8,FALSE)," ") | O123: =IFERROR((L123/M123),0) -> 0
J124: =IFERROR(VLOOKUP(C124,'MANO DE OBRA'!$C$13:$J$33,6,FALSE)," ") | K124: =IFERROR(VLOOKUP(C124,'MANO DE OBRA'!$C$13:$J$33,7,FALSE)," ") | L124: =IFERROR(VLOOKUP(C124,'MANO DE OBRA'!$C$13:$J$33,8,FALSE)," ") | O124: =IFERROR((L124/M124),0) -> 0
J125: =IFERROR(VLOOKUP(C125,'MANO DE OBRA'!$C$13:$J$33,6,FALSE)," ") | K125: =IFERROR(VLOOKUP(C125,'MANO DE OBRA'!$C$13:$J$33,7,FALSE)," ") | L125: =IFERROR(VLOOKUP(C125,'MANO DE OBRA'!$C$13:$J$33,8,FALSE)," ") | O125: =IFERROR((L125/M125),0) -> 0
C126: SUBTOTAL | O126: =+SUM(O122:O125) -> 21890.742
C128: TOTAL COSTO DIRECTO | O128: =ROUND(O117+O93+O110+O126,0) -> 194188
C130: V. COSTOS INDIRECTOS
C133: DESCRIPCIÓN | N133: PORCENTAJE | O133: VALOR TOTAL
C134: ADMINISTRACION | N134: =PRESUPUESTO!$K$384 -> 0.26 | O134: =N134*O128 -> 50488.88
C135: IMPREVISTOS | N135: =PRESUPUESTO!$K$385 -> 0.01 | O135: =N135*O128 -> 1941.88
C136: UTILIDAD | N136: =PRESUPUESTO!$K$386 -> 0.03 | O136: =N136*O128 -> 5825.64
C139: TOTAL COSTO DIRECTO + A.I.U. | O139: =EVEN(O128+O134+O135+O136) -> 252446
C144: DATOS ESPECÍFICOS
C145: ÍTEM | D145: DESCRIPCIÓN | M145: UNIDAD | O145: CANTIDAD
...

Sheet APU CAP 8
C2: Formulario 1 - Propuesta económica - Licitación de obra pública de infraestructura social
C3: Código | D3: CCE-EICP-FM-116 | E3: Versión | F3: 1
C5: [La Entidad podrá utilizar este Formato para la presentación de los análisis de Precios Unitarios del Contratista en la oportunidad prevista en el numeral 8.1. del Documento Base]
C7: #VALUE!
D8: =PRESUPUESTO!C13 -> CONSTRUCCIÓN DEL CENTRO DE DESARROLLO INFANTIL BRISAS DEL MUNICIPIO DE MOSQUERA, CUNDINAMARCA
L9: VERSIÓN
L10: PÁGINA | M10: 1 | N10: DE | O10: 1
D11: ALCALDÍA DE MUNICIPAL DE MOSQUERA
L14: FECHA | M14: DD | N14: MM | O14: AA
C15: ESTUDIOS, DISEÑOS A DETALLE, PERMISOS Y LICENCIAMIENTO DE LOS DIFERENTES EQUIPAMIENTOS PÚBLICOS PARA EL MUNICIPIO DE MOSQUERA CUNDINAMARCA
C18: DATOS ESPECÍFICOS
C19: ÍTEM | D19: DESCRIPCIÓN | M19: UNIDAD | O19: CANTIDAD
C20: =PRESUPUESTO!C226 -> 8.02 | D20: =IFERROR(VLOOKUP(C20,PRESUPUESTO!$C$11:$K$366,5,FALSE)," ") -> REMATE PERIMETRAL EN LÁMINA DE ACERO GALVANIZADO CALIBRE 26 PARA CUBIERTA TIPO SÁNDWICH DE 30 MM. | M20: =IFERROR(VLOOKUP(C20,PRESUPUESTO!$C$11:$K$366,6,FALSE)," ") -> ML | O20: =IFERROR(VLOOKUP(C20,PRESUPUESTO!$C$11:$K$366,7,FALSE)," ") -> 95.84
C24: DESCRIPCIÓN | H24: MARCA | J24: TIPO | L24: TARIFA/HORA | M24: RENDIMIENTO | O24: Vr. UNITARIO
C25: HERRAMIENTA MENOR | J25: =IFERROR(VLOOKUP(C25,EQUIPOS!$C$13:$G$80,2,FALSE)," ") -> % | L25: =O63 -> 15221.2 | M25: 0.05 | O25: =IFERROR(M25*L25,0) -> 761.06
C26: SECCION DE 1,4 POR 1,4 H=2,0 - ANDAMIO CERTIFICADO BASE PLANA ACCESOINTERNO | J26: =IFERROR(VLOOKUP(C26,EQUIPOS!$C$13:$G$80,2,FALSE)," ") -> D | L26: =IFERROR(VLOOKUP(C26,EQUIPOS!$C$13:$G$80,5,FALSE)," ") -> 30496 | M26: 3 | O26: =IFERROR(L26/M26,0) -> 10165.333
J27: =IFERROR(VLOOKUP(C27,EQUIPOS!$C$13:$G$80,2,FALSE)," ") | L27: =IFERROR(VLOOKUP(C27,EQUIPOS!$C$13:$G$80,5,FALSE)," ") | O27: =IFERROR(L27/M27,0) -> 0
J28: =IFERROR(VLOOKUP(C28,EQUIPOS!$C$13:$G$80,2,FALSE)," ") | L28: =IFERROR(VLOOKUP(C28,EQUIPOS!$C$13:$G$80,5,FALSE)," ") | O28: =IFERROR(L28/M28,0) -> 0
J29: =IFERROR(VLOOKUP(C29,EQUIPOS!$C$13:$G$80,2,FALSE)," ") | L29: =IFERROR(VLOOKUP(C29,EQUIPOS!$C$13:$G$80,5,FALSE)," ") | O29: =IFERROR(L29/M29,0) -> 0
C30: SUBTOTAL | O30: =SUM(O25:O29) -> 10926.393
C31: II. MATERIALES
C34: DESCRIPCIÓN | K34: UNIDAD | L34: CANTIDAD | M34: PRECIO UNIT. | O34: Vr. UNITARIO
C35: CUBIERTA 525-C SANDWICH, CAL 26 | K35: =IFERROR(VLOOKUP(C35,MATERIALES!$C$13:$G$2486,2,FALSE)," ") -> ML | L35: 0.1 | M35: =IFERROR(VLOOKUP(C35,MATERIALES!$C$13:$G$2486,5,FALSE)," ") -> 35957 | O35: =IFERROR(M35*L35,0) -> 3595.7
C36: TORNILLO AUTOPERFORANTE | K36: =IFERROR(VLOOKUP(C36,MATERIALES!$C$13:$G$2486,2,FALSE)," ") -> UN | L36: 4 | M36: =IFERROR(VLOOKUP(C36,MATERIALES!$C$13:$G$2486,5,FALSE)," ") -> 186 | O36: =IFERROR(M36*L36,0) -> 744
C37: GANCHO TIPO CLIP | K37: =IFERROR(VLOOKUP(C37,MATERIALES!$C$13:$G$2486,2,FALSE)," ") -> UN | L37: 3 | M37: =IFERROR(VLOOKUP(C37,MATERIALES!$C$13:$G$2486,5,FALSE)," ") -> 2687 | O37: =IFERROR(M37*L37,0) -> 8061
K38: =IFERROR(VLOOKUP(C38,MATERIALES!$C$13:$G$2486,2,FALSE)," ") | M38: =IFERROR(VLOOKUP(C38,MATERIALES!$C$13:$G$2486,5,FALSE)," ") | O38: =IFERROR(M38*L38,0) -> 0
K39: =IFERROR(VLOOKUP(C39,MATERIALES!$C$13:$G$2486,2,FALSE)," ") | M39: =IFERROR(VLOOKUP(C39,MATERIALES!$C$13:$G$2486,5,FALSE)," ") | O39: =IFERROR(M39*L39,0) -> 0
K40: =IFERROR(VLOOKUP(C40,MATERIALES!$C$13:$G$2486,2,FALSE)," ") | M40: =IFERROR(VLOOKUP(C40,MATERIALES!$C$13:$G$2486,5,FALSE)," ") | O40: =IFERROR(M40*L40,0) -> 0
K41: =IFERROR(VLOOKUP(C41,MATERIALES!$C$13:$G$2486,2,FALSE)," ") | M41: =IFERROR(VLOOKUP(C41,MATERIALES!$C$13:$G$2486,5,FALSE)," ") | O41: =IFERROR(M41*L41,0) -> 0
K42: =IFERROR(VLOOKUP(C42,MATERIALES!$C$13:$G$2486,2,FALSE)," ") | M42: =IFERROR(VLOOKUP(C42,MATERIALES!$C$13:$G$2486,5,FALSE)," ") | O42: =IFERROR(M42*L42,0) -> 0
K43: =IFERROR(VLOOKUP(C43,MATERIALES!$C$13:$G$2486,2,FALSE)," ") | M43: =IFERROR(VLOOKUP(C43,MATERIALES!$C$13:$G$2486,5,FALSE)," ") | O43: =IFERROR(M43*L43,0) -> 0
K44: =IFERROR(VLOOKUP(C44,MATERIALES!$C$13:$G$2486,2,FALSE)," ") | M44: =IFERROR(VLOOKUP(C44,MATERIALES!$C$13:$G$2486,5,FALSE)," ") | O44: =IFERROR(M44*L44,0) -> 0
K45: =IFERROR(VLOOKUP(C45,MATERIALES!$C$13:$G$2486,2,FALSE)," ") | M45: =IFERROR(VLOOKUP(C45,MATERIALES!$C$13:$G$2486,5,FALSE)," ") | O45: =IFERROR(M45*L45,0) -> 0
K46: =IFERROR(VLOOKUP(C46,MATERIALES!$C$13:$G$2486,2,FALSE)," ") | M46: =IFERROR(VLOOKUP(C46,MATERIALES!$C$13:$G$2486,5,FALSE)," ") | O46: =IFERROR(M46*L46,0) -> 0
C47: SUBTOTAL | O47: =SUM(O35:O46) -> 12400.7
C48: III. TRANSPORTES
C51: MATERIAL | J51: VOL. o PESO | K51: DISTANCIA | L51: M3 o Ton/Km | M51: TARIFA | O51: Vr. UNITARIO
C52: CAMIONETA | J52: 0.0001 | K52: 25.1 | L52: =K52*J52 -> 0.00251 | M52: =IFERROR(VLOOKUP(C52,TRANSPORTE!$C$14:$G$28,5,FALSE)," ") -> 514637 | O52: =IFERROR(M52*L52,0) -> 1291.7389
O53: =IFERROR(M53*L53,0) -> 0
C54: SUBTOTAL | O54: =+SUM(O52:O53) -> 1291.7389
C55: IV. MANO DE OBRA
C58: TRABAJADOR | J58: JORNAL | K58: PRESTACIONES | L58: JORNAL TOTAL | M58: RENDIMIENTO | O58: Vr. UNITARIO
C59: AA- 1 OFICIAL + 1 AYUDANTE ALBAÑILERÍA | J59: =IFERROR(VLOOKUP(C59,'MANO DE OBRA'!$C$13:$J$33,6,FALSE)," ") -> 190265 | K59: =IFERROR(VLOOKUP(C59,'MANO DE OBRA'!$C$13:$J$33,7,FALSE)," ") -> 2 | L59: =IFERROR(VLOOKUP(C59,'MANO DE OBRA'!$C$13:$J$33,8,FALSE)," ") -> 380530 | M59: 25 | O59: =IFERROR((L59/M59),0) -> 15221.2
J60: =IFERROR(VLOOKUP(C60,'MANO DE OBRA'!$C$13:$J$33,6,FALSE)," ") | K60: =IFERROR(VLOOKUP(C60,'MANO DE OBRA'!$C$13:$J$33,7,FALSE)," ") | L60: =IFERROR(VLOOKUP(C60,'MANO DE OBRA'!$C$13:$J$33,8,FALSE)," ") | O60: =IFERROR((L60/M60),0) -> 0
J61: =IFERROR(VLOOKUP(C61,'MANO DE OBRA'!$C$13:$J$33,6,FALSE)," ") | K61: =IFERROR(VLOOKUP(C61,'MANO DE OBRA'!$C$13:$J$33,7,FALSE)," ") | L61: =IFERROR(VLOOKUP(C61,'MANO DE OBRA'!$C$13:$J$33,8,FALSE)," ") | O61: =IFERROR((L61/M61),0) -> 0
J62: =IFERROR(VLOOKUP(C62,'MANO DE OBRA'!$C$13:$J$33,6,FALSE)," ") | K62: =IFERROR(VLOOKUP(C62,'MANO DE OBRA'!$C$13:$J$33,7,FALSE)," ") | L62: =IFERROR(VLOOKUP(C62,'MANO DE OBRA'!$C$13:$J$33,8,FALSE)," ") | O62: =IFERROR((L62/M62),0) -> 0
C63: SUBTOTAL | O63: =+SUM(O59:O62) -> 15221.2
C65: TOTAL COSTO DIRECTO | O65: =ROUND(O54+O30+O47+O63,0) -> 39840
C67: V. COSTOS INDIRECTOS
C70: DESCRIPCIÓN | N70: PORCENTAJE | O70: VALOR TOTAL
C71: ADMINISTRACION | N71: =PRESUPUESTO!$K$384 -> 0.26 | O71: =N71*O65 -> 10358.4
C72: IMPREVISTOS | N72: =PRESUPUESTO!$K$385 -> 0.01 | O72: =N72*O65 -> 398.4
C73: UTILIDAD | N73: =PRESUPUESTO!$K$386 -> 0.03 | O73: =N73*O65 -> 1195.2
C76: TOTAL COSTO DIRECTO + A.I.U. | O76: =ROUNDUP(O65+O71+O72+O73,0) -> 51792
C81: DATOS ESPECÍFICOS
C82: ÍTEM | D82: DESCRIPCIÓN | M82: UNIDAD | O82: CANTIDAD
C83: =PRESUPUESTO!C227 -> 8.03 | D83: =IFERROR(VLOOKUP(C83,PRESUPUESTO!$C$11:$K$366,5,FALSE)," ") -> FLANCHE EN LÁMINA GALVANIZADA CAL. 22; DS=120 ACABADO EN POLIURETANO | M83: =IFERROR(VLOOKUP(C83,PRESUPUESTO!$C$11:$K$366,6,FALSE)," ") -> ML | O83: =IFERROR(VLOOKUP(C83,PRESUPUESTO!$C$11:$K$366,7,FALSE)," ") -> 128.7
C87: DESCRIPCIÓN | H87: MARCA | J87: TIPO | L87: TARIFA/HORA | M87: RENDIMIENTO | O87: Vr. UNITARIO
C88: HERRAMIENTA MENOR | J88: =IFERROR(VLOOKUP(C88,EQUIPOS!$C$13:$G$80,2,FALSE)," ") -> % | L88: =O126 -> 21140.556 | M88: 0.05 | O88: =IFERROR(M88*L88,0) -> 1057.0278
C89: SECCION DE 1,4 POR 1,4 H=2,0 - ANDAMIO CERTIFICADO BASE PLANA ACCESOINTERNO | J89: =IFERROR(VLOOKUP(C89,EQUIPOS!$C$13:$G$80,2,FALSE)," ") -> D | L89: =IFERROR(VLOOKUP(C89,EQUIPOS!$C$13:$G$80,5,FALSE)," ") -> 30496 | M89: 3 | O89: =IFERROR(L89/M89,0) -> 10165.333
J90: =IFERROR(VLOOKUP(C90,EQUIPOS!$C$13:$G$80,2,FALSE)," ") | L90: =IFERROR(VLOOKUP(C90,EQUIPOS!$C$13:$G$80,5,FALSE)," ") | O90: =IFERROR(L90/M90,0) -> 0
J91: =IFERROR(VLOOKUP(C91,EQUIPOS!$C$13:$G$80,2,FALSE)," ") | L91: =IFERROR(VLOOKUP(C91,EQUIPOS!$C$13:$G$80,5,FALSE)," ") | O91: =IFERROR(L91/M91,0) -> 0
J92: =IFERROR(VLOOKUP(C92,EQUIPOS!$C$13:$G$80,2,FALSE)," ") | L92: =IFERROR(VLOOKUP(C92,EQUIPOS!$C$13:$G$80,5,FALSE)," ") | O92: =IFERROR(L92/M92,0) -> 0
C93: SUBTOTAL | O93: =SUM(O88:O92) -> 11222.361
C94: II. MATERIALES
C97: DESCRIPCIÓN | K97: UNIDAD | L97: CANTIDAD | M97: PRECIO UNIT. | O97: Vr. UNITARIO
C98: LAMINA GALVANIZADA CAL.22 1.20 x 2.40 | K98: =IFERROR(VLOOKUP(C98,MATERIALES!$C$13:$G$2486,2,FALSE)," ") -> UN | L98: 0.5 | M98: =IFERROR(VLOOKUP(C98,MATERIALES!$C$13:$G$2486,5,FALSE)," ") -> 91983 | O98: =IFERROR(M98*L98,0) -> 45991.5
C99: SOLDADURA ELÉCTRICA LM. GALVANIZADA | K99: =IFERROR(VLOOKUP(C99,MATERIALES!$C$13:$G$2486,2,FALSE)," ") -> ML | L99: 1 | M99: =IFERROR(VLOOKUP(C99,MATERIALES!$C$13:$G$2486,5,FALSE)," ") -> 23024 | O99: =IFERROR(M99*L99,0) -> 23024
C100: Kit Esmalte Poliuretano Duramax Blanco + Catalizador Algreco 1 Galón | K100: =IFERROR(VLOOKUP(C100,MATERIALES!$C$13:$G$2486,2,FALSE)," ") -> GLN | L100: 0.075 | M100: =IFERROR(VLOOKUP(C100,MATERIALES!$C$13:$G$2486,5,FALSE)," ") -> 306900 | O100: =IFERROR(M100*L100,0) -> 23017.5
K101: =IFERROR(VLOOKUP(C101,MATERIALES!$C$13:$G$2486,2,FALSE)," ") | M101: =IFERROR(VLOOKUP(C101,MATERIALES!$C$13:$G$2486,5,FALSE)," ") | O101: =IFERROR(M101*L101,0) -> 0
K102: =IFERROR(VLOOKUP(C102,MATERIALES!$C$13:$G$2486,2,FALSE)," ") | M102: =IFERROR(VLOOKUP(C102,MATERIALES!$C$13:$G$2486,5,FALSE)," ") | O102: =IFERROR(M102*L102,0) -> 0
K103: =IFERROR(VLOOKUP(C103,MATERIALES!$C$13:$G$2486,2,FALSE)," ") | M103: =IFERROR(VLOOKUP(C103,MATERIALES!$C$13:$G$2486,5,FALSE)," ") | O103: =IFERROR(M103*L103,0) -> 0
K104: =IFERROR(VLOOKUP(C104,MATERIALES!$C$13:$G$2486,2,FALSE)," ") | M104: =IFERROR(VLOOKUP(C104,MATERIALES!$C$13:$G$2486,5,FALSE)," ") | O104: =IFERROR(M104*L104,0) -> 0
K105: =IFERROR(VLOOKUP(C105,MATERIALES!$C$13:$G$2486,2,FALSE)," ") | M105: =IFERROR(VLOOKUP(C105,MATERIALES!$C$13:$G$2486,5,FALSE)," ") | O105: =IFERROR(M105*L105,0) -> 0
K106: =IFERROR(VLOOKUP(C106,MATERIALES!$C$13:$G$2486,2,FALSE)," ") | M106: =IFERROR(VLOOKUP(C106,MATERIALES!$C$13:$G$2486,5,FALSE)," ") | O106: =IFERROR(M106*L106,0) -> 0
K107: =IFERROR(VLOOKUP(C107,MATERIALES!$C$13:$G$2486,2,FALSE)," ") | M107: =IFERROR(VLOOKUP(C107,MATERIALES!$C$13:$G$2486,5,FALSE)," ") | O107: =IFERROR(M107*L107,0) -> 0
K108: =IFERROR(VLOOKUP(C108,MATERIALES!$C$13:$G$2486,2,FALSE)," ") | M108: =IFERROR(VLOOKUP(C108,MATERIALES!$C$13:$G$2486,5,FALSE)," ") | O108: =IFERROR(M108*L108,0) -> 0
K109: =IFERROR(VLOOKUP(C109,MATERIALES!$C$13:$G$2486,2,FALSE)," ") | M109: =IFERROR(VLOOKUP(C109,MATERIALES!$C$13:$G$2486,5,FALSE)," ") | O109: =IFERROR(M109*L109,0) -> 0
C110: SUBTOTAL | O110: =SUM(O98:O109) -> 92033
C111: III. TRANSPORTES
C114: MATERIAL | J114: VOL. o PESO | K114: DISTANCIA | L114: M3 o Ton/Km | M114: TARIFA | O114: Vr. UNITARIO
C115: CAMIONETA | J115: 0.0001 | K115: 25.1 | L115: =K115*J115 -> 0.00251 | M115: =IFERROR(VLOOKUP(C115,TRANSPORTE!$C$14:$G$28,5,FALSE)," ") -> 514637 | O115: =IFERROR(M115*L115,0) -> 1291.7389
O116: =IFERROR(M116*L116,0) -> 0
C117: SUBTOTAL | O117: =+SUM(O115:O116) -> 1291.7389
C118: IV. MANO DE OBRA
C121: TRABAJADOR | J121: JORNAL | K121: PRESTACIONES | L121: JORNAL TOTAL | M121: RENDIMIENTO | O121: Vr. UNITARIO
C122: AA- 1 OFICIAL + 1 AYUDANTE ALBAÑILERÍA | J122: =IFERROR(VLOOKUP(C122,'MANO DE OBRA'!$C$13:$J$33,6,FALSE)," ") -> 190265 | K122: =IFERROR(VLOOKUP(C122,'MANO DE OBRA'!$C$13:$J$33,7,FALSE)," ") -> 2 | L122: =IFERROR(VLOOKUP(C122,'MANO DE OBRA'!$C$13:$J$33,8,FALSE)," ") -> 380530 | M122: 18 | O122: =IFERROR((L122/M122),0) -> 21140.556
J123: =IFERROR(VLOOKUP(C123,'MANO DE OBRA'!$C$13:$J$33,6,FALSE)," ") | K123: =IFERROR(VLOOKUP(C123,'MANO DE OBRA'!$C$13:$J$33,7,FALSE)," ") | L123: =IFERROR(VLOOKUP(C123,'MANO DE OBRA'!$C$13:$J$33,8,FALSE)," ") | O123: =IFERROR((L123/M123),0) -> 0
J124: =IFERROR(VLOOKUP(C124,'MANO DE OBRA'!$C$13:$J$33,6,FALSE)," ") | K124: =IFERROR(VLOOKUP(C124,'MANO DE OBRA'!$C$13:$J$33,7,FALSE)," ") | L124: =IFERROR(VLOOKUP(C124,'MANO DE OBRA'!$C$13:$J$33,8,FALSE)," ") | O124: =IFERROR((L124/M124),0) -> 0
J125: =IFERROR(VLOOKUP(C125,'MANO DE OBRA'!$C$13:$J$33,6,FALSE)," ") | K125: =IFERROR(VLOOKUP(C125,'MANO DE OBRA'!$C$13:$J$33,7,FALSE)," ") | L125: =IFERROR(VLOOKUP(C125,'MANO DE OBRA'!$C$13:$J$33,8,FALSE)," ") | O125: =IFERROR((L125/M125),0) -> 0
C126: SUBTOTAL | O126: =+SUM(O122:O125) -> 21140.556
C128: TOTAL COSTO DIRECTO | O128: =ROUND(O117+O93+O110+O126,0) -> 125688
C130: V. COSTOS INDIRECTOS
C133: DESCRIPCIÓN | N133: PORCENTAJE | O133: VALOR TOTAL
C134: ADMINISTRACION | N134: =PRESUPUESTO!$K$384 -> 0.26 | O134: =N134*O128 -> 32678.88
C135: IMPREVISTOS | N135: =PRESUPUESTO!$K$385 -> 0.01 | O135: =N135*O128 -> 1256.88
C136: UTILIDAD | N136: =PRESUPUESTO!$K$386 -> 0.03 | O136: =N136*O128 -> 3770.64
C139: TOTAL COSTO DIRECTO + A.I.U. | O139: =ROUNDUP(O128+O134+O135+O136,0) -> 163395
C144: DATOS ESPECÍFICOS
C145: ÍTEM | D145: DESCRIPCIÓN | M145: UNIDAD | O145: CANTIDAD
...

Sheet APU CAP 10
C2: Formulario 1 - Propuesta económica - Licitación de obra pública de infraestructura social
C3: Código | D3: CCE-EICP-FM-116 | E3: Versión | F3: 1
C5: [La Entidad podrá utilizar este Formato para la presentación de los análisis de Precios Unitarios del Contratista en la oportunidad prevista en el numeral 8.1. del Documento Base]
C7: #VALUE!
D8: =PRESUPUESTO!C13 -> CONSTRUCCIÓN DEL CENTRO DE DESARROLLO INFANTIL BRISAS DEL MUNICIPIO DE MOSQUERA, CUNDINAMARCA
L9: VERSIÓN
L10: PÁGINA | M10: 1 | N10: DE | O10: 1
D11: ALCALDÍA DE MUNICIPAL DE MOSQUERA
L14: FECHA | M14: DD | N14: MM | O14: AA
C15: ESTUDIOS, DISEÑOS A DETALLE, PERMISOS Y LICENCIAMIENTO DE LOS DIFERENTES EQUIPAMIENTOS PÚBLICOS PARA EL MUNICIPIO DE MOSQUERA CUNDINAMARCA
C18: DATOS ESPECÍFICOS
C19: ÍTEM | D19: DESCRIPCIÓN | M19: UNIDAD | O19: CANTIDAD
C20: =PRESUPUESTO!C243 -> 10.01 | D20: =IFERROR(VLOOKUP(C20,PRESUPUESTO!$C$11:$K$366,5,FALSE)," ") -> CONSTRUCCIÓN DE MURO EN LADRILLO ESTRUCTURAL DE PERFORACIÓN VERTICAL COLOR CAPUCHINO PREHIDROFUGADO O SIMILAR, TIPO 306, DE DIMENSIONES 29 × 6 × 14,5 CM, INCLUYENDO MORTERO DE PEGA Y RELLENO, REFUERZO EN GRAFIL SEGÚN ESPECIFICACIONES ESTRUCTURALES | M20: =IFERROR(VLOOKUP(C20,PRESUPUESTO!$C$11:$K$366,6,FALSE)," ") -> M2 | O20: =IFERROR(VLOOKUP(C20,PRESUPUESTO!$C$11:$K$366,7,FALSE)," ") -> 844.23
C24: DESCRIPCIÓN | H24: MARCA | J24: TIPO | L24: TARIFA/HORA | M24: RENDIMIENTO | O24: Vr. UNITARIO
C25: HERRAMIENTA MENOR | J25: =IFERROR(VLOOKUP(C25,EQUIPOS!$C$13:$G$80,2,FALSE)," ") -> % | L25: =O63 -> 19296.653 | M25: 0.05 | O25: =IFERROR(M25*L25,0) -> 964.83266
C26: SECCION DE 1,4 POR 1,4 H=2,0 - ANDAMIO CERTIFICADO BASE PLANA ACCESOINTERNO | J26: =IFERROR(VLOOKUP(C26,EQUIPOS!$C$13:$G$80,2,FALSE)," ") -> D | L26: =IFERROR(VLOOKUP(C26,EQUIPOS!$C$13:$G$80,5,FALSE)," ") -> 30496 | M26: 10 | O26: =IFERROR(L26/M26,0) -> 3049.6
J27: =IFERROR(VLOOKUP(C27,EQUIPOS!$C$13:$G$80,2,FALSE)," ") | L27: =IFERROR(VLOOKUP(C27,EQUIPOS!$C$13:$G$80,5,FALSE)," ") | O27: =IFERROR(L27/M27,0) -> 0
J28: =IFERROR(VLOOKUP(C28,EQUIPOS!$C$13:$G$80,2,FALSE)," ") | L28: =IFERROR(VLOOKUP(C28,EQUIPOS!$C$13:$G$80,5,FALSE)," ") | O28: =IFERROR(L28/M28,0) -> 0
J29: =IFERROR(VLOOKUP(C29,EQUIPOS!$C$13:$G$80,2,FALSE)," ") | L29: =IFERROR(VLOOKUP(C29,EQUIPOS!$C$13:$G$80,5,FALSE)," ") | O29: =IFERROR(L29/M29,0) -> 0
C30: SUBTOTAL | O30: =SUM(O25:O29) -> 4014.4327
C31: II. MATERIALES
C34: DESCRIPCIÓN | K34: UNIDAD | L34: CANTIDAD | M34: PRECIO UNIT. | O34: Vr. UNITARIO
C35: LADRILLO PORTANTE 306 CAPUCHINO PREHIDROFUGADO 24.5X12X6 | K35: =IFERROR(VLOOKUP(C35,MATERIALES!$C$13:$G$2486,2,FALSE)," ") -> UN | L35: 47.62 | M35: =IFERROR(VLOOKUP(C35,MATERIALES!$C$13:$G$2486,5,FALSE)," ") -> 1987 | O35: =IFERROR(M35*L35,0) -> 94620.94
C36: ACERO FIGURADO 60000 PSI | K36: =IFERROR(VLOOKUP(C36,MATERIALES!$C$13:$G$2486,2,FALSE)," ") -> KG | L36: 3 | M36: =IFERROR(VLOOKUP(C36,MATERIALES!$C$13:$G$2486,5,FALSE)," ") -> 8453 | O36: =IFERROR(M36*L36,0) -> 25359
C37: MORTERO 1:4 ARENA LAVADA DE PEÑA | K37: =IFERROR(VLOOKUP(C37,MATERIALES!$C$13:$G$2486,2,FALSE)," ") -> M3 | L37: 0.03 | M37: =IFERROR(VLOOKUP(C37,MATERIALES!$C$13:$G$2486,5,FALSE)," ") -> 542652 | O37: =IFERROR(M37*L37,0) -> 16279.56
K38: =IFERROR(VLOOKUP(C38,MATERIALES!$C$13:$G$2486,2,FALSE)," ") | M38: =IFERROR(VLOOKUP(C38,MATERIALES!$C$13:$G$2486,5,FALSE)," ") | O38: =IFERROR(M38*L38,0) -> 0
K39: =IFERROR(VLOOKUP(C39,MATERIALES!$C$13:$G$2486,2,FALSE)," ") | M39: =IFERROR(VLOOKUP(C39,MATERIALES!$C$13:$G$2486,5,FALSE)," ") | O39: =IFERROR(M39*L39,0) -> 0
K40: =IFERROR(VLOOKUP(C40,MATERIALES!$C$13:$G$2486,2,FALSE)," ") | M40: =IFERROR(VLOOKUP(C40,MATERIALES!$C$13:$G$2486,5,FALSE)," ") | O40: =IFERROR(M40*L40,0) -> 0
K41: =IFERROR(VLOOKUP(C41,MATERIALES!$C$13:$G$2486,2,FALSE)," ") | M41: =IFERROR(VLOOKUP(C41,MATERIALES!$C$13:$G$2486,5,FALSE)," ") | O41: =IFERROR(M41*L41,0) -> 0
K42: =IFERROR(VLOOKUP(C42,MATERIALES!$C$13:$G$2486,2,FALSE)," ") | M42: =IFERROR(VLOOKUP(C42,MATERIALES!$C$13:$G$2486,5,FALSE)," ") | O42: =IFERROR(M42*L42,0) -> 0
K43: =IFERROR(VLOOKUP(C43,MATERIALES!$C$13:$G$2486,2,FALSE)," ") | M43: =IFERROR(VLOOKUP(C43,MATERIALES!$C$13:$G$2486,5,FALSE)," ") | O43: =IFERROR(M43*L43,0) -> 0
K44: =IFERROR(VLOOKUP(C44,MATERIALES!$C$13:$G$2486,2,FALSE)," ") | M44: =IFERROR(VLOOKUP(C44,MATERIALES!$C$13:$G$2486,5,FALSE)," ") | O44: =IFERROR(M44*L44,0) -> 0
K45: =IFERROR(VLOOKUP(C45,MATERIALES!$C$13:$G$2486,2,FALSE)," ") | M45: =IFERROR(VLOOKUP(C45,MATERIALES!$C$13:$G$2486,5,FALSE)," ") | O45: =IFERROR(M45*L45,0) -> 0
K46: =IFERROR(VLOOKUP(C46,MATERIALES!$C$13:$G$2486,2,FALSE)," ") | M46: =IFERROR(VLOOKUP(C46,MATERIALES!$C$13:$G$2486,5,FALSE)," ") | O46: =IFERROR(M46*L46,0) -> 0
C47: SUBTOTAL | O47: =SUM(O35:O46) -> 136259.5
C48: III. TRANSPORTES
C51: MATERIAL | J51: VOL. o PESO | K51: DISTANCIA | L51: M3 o Ton/Km | M51: TARIFA | O51: Vr. UNITARIO
M52: =IFERROR(VLOOKUP(C52,TRANSPORTE!$C$14:$G$28,5,FALSE)," ") | O52: =IFERROR(M52*L52,0) -> 0
O53: =IFERROR(M53*L53,0) -> 0
C54: SUBTOTAL | O54: =+SUM(O52:O53) -> 0
C55: IV. MANO DE OBRA
C58: TRABAJADOR | J58: JORNAL | K58: PRESTACIONES | L58: JORNAL TOTAL | M58: RENDIMIENTO | O58: Vr. UNITARIO
C59: AA- 1 OFICIAL + 1 AYUDANTE ALBAÑILERÍA | J59: =IFERROR(VLOOKUP(C59,'MANO DE OBRA'!$C$13:$J$33,6,FALSE)," ") -> 190265 | K59: =IFERROR(VLOOKUP(C59,'MANO DE OBRA'!$C$13:$J$33,7,FALSE)," ") -> 2 | L59: =IFERROR(VLOOKUP(C59,'MANO DE OBRA'!$C$13:$J$33,8,FALSE)," ") -> 380530 | M59: 19.72 | O59: =IFERROR((L59/M59),0) -> 19296.653
J60: =IFERROR(VLOOKUP(C60,'MANO DE OBRA'!$C$13:$J$33,6,FALSE)," ") | K60: =IFERROR(VLOOKUP(C60,'MANO DE OBRA'!$C$13:$J$33,7,FALSE)," ") | L60: =IFERROR(VLOOKUP(C60,'MANO DE OBRA'!$C$13:$J$33,8,FALSE)," ") | O60: =IFERROR((L60/M60),0) -> 0
J61: =IFERROR(VLOOKUP(C61,'MANO DE OBRA'!$C$13:$J$33,6,FALSE)," ") | K61: =IFERROR(VLOOKUP(C61,'MANO DE OBRA'!$C$13:$J$33,7,FALSE)," ") | L61: =IFERROR(VLOOKUP(C61,'MANO DE OBRA'!$C$13:$J$33,8,FALSE)," ") | O61: =IFERROR((L61/M61),0) -> 0
J62: =IFERROR(VLOOKUP(C62,'MANO DE OBRA'!$C$13:$J$33,6,FALSE)," ") | K62: =IFERROR(VLOOKUP(C62,'MANO DE OBRA'!$C$13:$J$33,7,FALSE)," ") | L62: =IFERROR(VLOOKUP(C62,'MANO DE OBRA'!$C$13:$J$33,8,FALSE)," ") | O62: =IFERROR((L62/M62),0) -> 0
C63: SUBTOTAL | O63: =+SUM(O59:O62) -> 19296.653
C65: TOTAL COSTO DIRECTO | O65: =ROUND(O54+O30+O47+O63,0) -> 159571
C67: V. COSTOS INDIRECTOS
C70: DESCRIPCIÓN | N70: PORCENTAJE | O70: VALOR TOTAL
C71: ADMINISTRACION | N71: =PRESUPUESTO!$K$384 -> 0.26 | O71: =N71*O65-18 -> 41470.46
C72: IMPREVISTOS | N72: =PRESUPUESTO!$K$385 -> 0.01 | O72: =N72*O65 -> 1595.71
C73: UTILIDAD | N73: =PRESUPUESTO!$K$386 -> 0.03 | O73: =N73*O65 -> 4787.13
C76: TOTAL COSTO DIRECTO + A.I.U. | O76: =ROUND(O65+O71+O72+O73,0) -> 207424
C81: DATOS ESPECÍFICOS
C82: ÍTEM | D82: DESCRIPCIÓN | M82: UNIDAD | O82: CANTIDAD
C83: =PRESUPUESTO!C244 -> 10.02 | D83: =IFERROR(VLOOKUP(C83,PRESUPUESTO!$C$11:$K$366,5,FALSE)," ") -> CONSTRUCCIÓN DE MURO EN LADRILLO ESTRUCTURAL DE PERFORACIÓN VERTICAL COLOR CAPUCHINO O SIMILAR, TIPO 306, DE DIMENSIONES 29 × 6 × 14,5 CM, INCLUYENDO MORTERO DE PEGA Y RELLENO, REFUERZO EN GRAFIL SEGÚN ESPECIFICACIONES ESTRUCTURALES (LINEAL) | M83: =IFERROR(VLOOKUP(C83,PRESUPUESTO!$C$11:$K$366,6,FALSE)," ") -> ML | O83: =IFERROR(VLOOKUP(C83,PRESUPUESTO!$C$11:$K$366,7,FALSE)," ") -> 449.62
C87: DESCRIPCIÓN | H87: MARCA | J87: TIPO | L87: TARIFA/HORA | M87: RENDIMIENTO | O87: Vr. UNITARIO
C88: HERRAMIENTA MENOR | J88: =IFERROR(VLOOKUP(C88,EQUIPOS!$C$13:$G$80,2,FALSE)," ") -> % | L88: =O126 -> 31242.2 | M88: 0.05 | O88: =IFERROR(M88*L88,0) -> 1562.11
C89: SECCION DE 1,4 POR 1,4 H=2,0 - ANDAMIO CERTIFICADO BASE PLANA ACCESOINTERNO | J89: =IFERROR(VLOOKUP(C89,EQUIPOS!$C$13:$G$80,2,FALSE)," ") -> D | L89: =IFERROR(VLOOKUP(C89,EQUIPOS!$C$13:$G$80,5,FALSE)," ") -> 30496 | M89: 30 | O89: =IFERROR(L89/M89,0) -> 1016.5333
J90: =IFERROR(VLOOKUP(C90,EQUIPOS!$C$13:$G$80,2,FALSE)," ") | L90: =IFERROR(VLOOKUP(C90,EQUIPOS!$C$13:$G$80,5,FALSE)," ") | O90: =IFERROR(L90/M90,0) -> 0
J91: =IFERROR(VLOOKUP(C91,EQUIPOS!$C$13:$G$80,2,FALSE)," ") | L91: =IFERROR(VLOOKUP(C91,EQUIPOS!$C$13:$G$80,5,FALSE)," ") | O91: =IFERROR(L91/M91,0) -> 0
J92: =IFERROR(VLOOKUP(C92,EQUIPOS!$C$13:$G$80,2,FALSE)," ") | L92: =IFERROR(VLOOKUP(C92,EQUIPOS!$C$13:$G$80,5,FALSE)," ") | O92: =IFERROR(L92/M92,0) -> 0
C93: SUBTOTAL | O93: =SUM(O88:O92) -> 2578.6433
C94: II. MATERIALES
C97: DESCRIPCIÓN | K97: UNIDAD | L97: CANTIDAD | M97: PRECIO UNIT. | O97: Vr. UNITARIO
C98: LADRILLO PORTANTE 306 CAPUCHINO PREHIDROFUGADO 24.5X12X6 | K98: =IFERROR(VLOOKUP(C98,MATERIALES!$C$13:$G$2486,2,FALSE)," ") -> UN | L98: 40 | M98: =IFERROR(VLOOKUP(C98,MATERIALES!$C$13:$G$2486,5,FALSE)," ") -> 1987 | O98: =IFERROR(M98*L98,0) -> 79480
C99: ACERO FIGURADO 60000 PSI | K99: =IFERROR(VLOOKUP(C99,MATERIALES!$C$13:$G$2486,2,FALSE)," ") -> KG | L99: 1.08 | M99: =IFERROR(VLOOKUP(C99,MATERIALES!$C$13:$G$2486,5,FALSE)," ") -> 8453 | O99: =IFERROR(M99*L99,0) -> 9129.24
C100: MORTERO 1:4 ARENA LAVADA DE PEÑA | K100: =IFERROR(VLOOKUP(C100,MATERIALES!$C$13:$G$2486,2,FALSE)," ") -> M3 | L100: 0.015 | M100: =IFERROR(VLOOKUP(C100,MATERIALES!$C$13:$G$2486,5,FALSE)," ") -> 542652 | O100: =IFERROR(M100*L100,0) -> 8139.78
K101: =IFERROR(VLOOKUP(C101,MATERIALES!$C$13:$G$2486,2,FALSE)," ") | M101: =IFERROR(VLOOKUP(C101,MATERIALES!$C$13:$G$2486,5,FALSE)," ") | O101: =IFERROR(M101*L101,0) -> 0
K102: =IFERROR(VLOOKUP(C102,MATERIALES!$C$13:$G$2486,2,FALSE)," ") | M102: =IFERROR(VLOOKUP(C102,MATERIALES!$C$13:$G$2486,5,FALSE)," ") | O102: =IFERROR(M102*L102,0) -> 0
K103: =IFERROR(VLOOKUP(C103,MATERIALES!$C$13:$G$2486,2,FALSE)," ") | M103: =IFERROR(VLOOKUP(C103,MATERIALES!$C$13:$G$2486,5,FALSE)," ") | O103: =IFERROR(M103*L103,0) -> 0
K104: =IFERROR(VLOOKUP(C104,MATERIALES!$C$13:$G$2486,2,FALSE)," ") | M104: =IFERROR(VLOOKUP(C104,MATERIALES!$C$13:$G$2486,5,FALSE)," ") | O104: =IFERROR(M104*L104,0) -> 0
K105: =IFERROR(VLOOKUP(C105,MATERIALES!$C$13:$G$2486,2,FALSE)," ") | M105: =IFERROR(VLOOKUP(C105,MATERIALES!$C$13:$G$2486,5,FALSE)," ") | O105: =IFERROR(M105*L105,0) -> 0
K106: =IFERROR(VLOOKUP(C106,MATERIALES!$C$13:$G$2486,2,FALSE)," ") | M106: =IFERROR(VLOOKUP(C106,MATERIALES!$C$13:$G$2486,5,FALSE)," ") | O106: =IFERROR(M106*L106,0) -> 0
K107: =IFERROR(VLOOKUP(C107,MATERIALES!$C$13:$G$2486,2,FALSE)," ") | M107: =IFERROR(VLOOKUP(C107,MATERIALES!$C$13:$G$2486,5,FALSE)," ") | O107: =IFERROR(M107*L107,0) -> 0
K108: =IFERROR(VLOOKUP(C108,MATERIALES!$C$13:$G$2486,2,FALSE)," ") | M108: =IFERROR(VLOOKUP(C108,MATERIALES!$C$13:$G$2486,5,FALSE)," ") | O108: =IFERROR(M108*L108,0) -> 0
K109: =IFERROR(VLOOKUP(C109,MATERIALES!$C$13:$G$2486,2,FALSE)," ") | M109: =IFERROR(VLOOKUP(C109,MATERIALES!$C$13:$G$2486,5,FALSE)," ") | O109: =IFERROR(M109*L109,0) -> 0
C110: SUBTOTAL | O110: =SUM(O98:O109) -> 96749.02
C111: III. TRANSPORTES
C114: MATERIAL | J114: VOL. o PESO | K114: DISTANCIA | L114: M3 o Ton/Km | M114: TARIFA | O114: Vr. UNITARIO
M115: =IFERROR(VLOOKUP(C115,TRANSPORTE!$C$14:$G$28,5,FALSE)," ") | O115: =IFERROR(M115*L115,0) -> 0
O116: =IFERROR(M116*L116,0) -> 0
C117: SUBTOTAL | O117: =+SUM(O115:O116) -> 0
C118: IV. MANO DE OBRA
C121: TRABAJADOR | J121: JORNAL | K121: PRESTACIONES | L121: JORNAL TOTAL | M121: RENDIMIENTO | O121: Vr. UNITARIO
C122: AA- 1 OFICIAL + 1 AYUDANTE ALBAÑILERÍA | J122: =IFERROR(VLOOKUP(C122,'MANO DE OBRA'!$C$13:$J$33,6,FALSE)," ") -> 190265 | K122: =IFERROR(VLOOKUP(C122,'MANO DE OBRA'!$C$13:$J$33,7,FALSE)," ") -> 2 | L122: =IFERROR(VLOOKUP(C122,'MANO DE OBRA'!$C$13:$J$33,8,FALSE)," ") -> 380530 | M122: 12.18 | O122: =IFERROR((L122/M122),0) -> 31242.2
J123: =IFERROR(VLOOKUP(C123,'MANO DE OBRA'!$C$13:$J$33,6,FALSE)," ") | K123: =IFERROR(VLOOKUP(C123,'MANO DE OBRA'!$C$13:$J$33,7,FALSE)," ") | L123: =IFERROR(VLOOKUP(C123,'MANO DE OBRA'!$C$13:$J$33,8,FALSE)," ") | O123: =IFERROR((L123/M123),0) -> 0
J124: =IFERROR(VLOOKUP(C124,'MANO DE OBRA'!$C$13:$J$33,6,FALSE)," ") | K124: =IFERROR(VLOOKUP(C124,'MANO DE OBRA'!$C$13:$J$33,7,FALSE)," ") | L124: =IFERROR(VLOOKUP(C124,'MANO DE OBRA'!$C$13:$J$33,8,FALSE)," ") | O124: =IFERROR((L124/M124),0) -> 0
J125: =IFERROR(VLOOKUP(C125,'MANO DE OBRA'!$C$13:$J$33,6,FALSE)," ") | K125: =IFERROR(VLOOKUP(C125,'MANO DE OBRA'!$C$13:$J$33,7,FALSE)," ") | L125: =IFERROR(VLOOKUP(C125,'MANO DE OBRA'!$C$13:$J$33,8,FALSE)," ") | O125: =IFERROR((L125/M125),0) -> 0
C126: SUBTOTAL | O126: =+SUM(O122:O125) -> 31242.2
C128: TOTAL COSTO DIRECTO | O128: =ROUND(O117+O93+O110+O126,0) -> 130570
C130: V. COSTOS INDIRECTOS
C133: DESCRIPCIÓN | N133: PORCENTAJE | O133: VALOR TOTAL
C134: ADMINISTRACION | N134: =PRESUPUESTO!$K$384 -> 0.26 | O134: =N134*O128 -> 33948.2
C135: IMPREVISTOS | N135: =PRESUPUESTO!$K$385 -> 0.01 | O135: =N135*O128 -> 1305.7
C136: UTILIDAD | N136: =PRESUPUESTO!$K$386 -> 0.03 | O136: =N136*O128 -> 3917.1
C139: TOTAL COSTO DIRECTO + A.I.U. | O139: =ROUNDUP(O128+O134+O135+O136,0) -> 169741
C144: DATOS ESPECÍFICOS
C145: ÍTEM | D145: DESCRIPCIÓN | M145: UNIDAD | O145: CANTIDAD
...

Sheet APU CAP 11
C2: Formulario 1 - Propuesta económica - Licitación de obra pública de infraestructura social
C3: Código | D3: CCE-EICP-FM-116 | E3: Versión | F3: 1
C5: [La Entidad podrá utilizar este Formato para la presentación de los análisis de Precios Unitarios del Contratista en la oportunidad prevista en el numeral 8.1. del Documento Base]
C7: #VALUE!
D8: =PRESUPUESTO!C13 -> CONSTRUCCIÓN DEL CENTRO DE DESARROLLO INFANTIL BRISAS DEL MUNICIPIO DE MOSQUERA, CUNDINAMARCA
L9: VERSIÓN
L10: PÁGINA | M10: 1 | N10: DE | O10: 1
D11: ALCALDÍA DE MUNICIPAL DE MOSQUERA
L14: FECHA | M14: DD | N14: MM | O14: AA
C15: ESTUDIOS, DISEÑOS A DETALLE, PERMISOS Y LICENCIAMIENTO DE LOS DIFERENTES EQUIPAMIENTOS PÚBLICOS PARA EL MUNICIPIO DE MOSQUERA CUNDINAMARCA
C18: DATOS ESPECÍFICOS
C19: ÍTEM | D19: DESCRIPCIÓN | M19: UNIDAD | O19: CANTIDAD
C20: =PRESUPUESTO!C260 -> 11.01 | D20: =IFERROR(VLOOKUP(C20,PRESUPUESTO!$C$11:$K$366,5,FALSE)," ") -> SUMINISTRO E INSTALACIÓN DE PISO EN GRES TABLÓN COLOR SAHARA O SIMILAR, FORMATO 30 × 30 CM, INCLUYE PREPARACIÓN DE SUPERFICIE, CORTES, ADHESIVO, BOQUILLAS Y LIMPIEZA FINAL. | M20: =IFERROR(VLOOKUP(C20,PRESUPUESTO!$C$11:$K$366,6,FALSE)," ") -> M2 | O20: =IFERROR(VLOOKUP(C20,PRESUPUESTO!$C$11:$K$366,7,FALSE)," ") -> 3.54
C24: DESCRIPCIÓN | H24: MARCA | J24: TIPO | L24: TARIFA/HORA | M24: RENDIMIENTO | O24: Vr. UNITARIO
C25: HERRAMIENTA MENOR | J25: =IFERROR(VLOOKUP(C25,EQUIPOS!$C$13:$G$80,2,FALSE)," ") -> % | L25: =O63 -> 23486.985 | M25: 0.05 | O25: =IFERROR(M25*L25,0) -> 1174.3493
J26: =IFERROR(VLOOKUP(C26,EQUIPOS!$C$13:$G$80,2,FALSE)," ") | L26: =IFERROR(VLOOKUP(C26,EQUIPOS!$C$13:$G$80,5,FALSE)," ") | O26: =IFERROR(L26/M26,0) -> 0
J27: =IFERROR(VLOOKUP(C27,EQUIPOS!$C$13:$G$80,2,FALSE)," ") | L27: =IFERROR(VLOOKUP(C27,EQUIPOS!$C$13:$G$80,5,FALSE)," ") | O27: =IFERROR(L27/M27,0) -> 0
J28: =IFERROR(VLOOKUP(C28,EQUIPOS!$C$13:$G$80,2,FALSE)," ") | L28: =IFERROR(VLOOKUP(C28,EQUIPOS!$C$13:$G$80,5,FALSE)," ") | O28: =IFERROR(L28/M28,0) -> 0
J29: =IFERROR(VLOOKUP(C29,EQUIPOS!$C$13:$G$80,2,FALSE)," ") | L29: =IFERROR(VLOOKUP(C29,EQUIPOS!$C$13:$G$80,5,FALSE)," ") | O29: =IFERROR(L29/M29,0) -> 0
C30: SUBTOTAL | O30: =SUM(O25:O29) -> 1174.3493
C31: II. MATERIALES
C34: DESCRIPCIÓN | K34: UNIDAD | L34: CANTIDAD | M34: PRECIO UNIT. | O34: Vr. UNITARIO
C35: TABLON TRADICIONAL LONG 30,5X30,5X SAHARA | K35: =IFERROR(VLOOKUP(C35,MATERIALES!$C$13:$G$2486,2,FALSE)," ") -> M2 | L35: 1.05 | M35: =IFERROR(VLOOKUP(C35,MATERIALES!$C$13:$G$2486,5,FALSE)," ") -> 49900 | O35: =IFERROR(M35*L35,0) -> 52395
C36: PEGACOR MAX BLANCO | K36: =IFERROR(VLOOKUP(C36,MATERIALES!$C$13:$G$2486,2,FALSE)," ") -> KG | L36: 4.5 | M36: =IFERROR(VLOOKUP(C36,MATERIALES!$C$13:$G$2486,5,FALSE)," ") -> 3620 | O36: =IFERROR(M36*L36,0) -> 16290
C37: AGUA | K37: =IFERROR(VLOOKUP(C37,MATERIALES!$C$13:$G$2486,2,FALSE)," ") -> LT | L37: 1.5 | M37: =IFERROR(VLOOKUP(C37,MATERIALES!$C$13:$G$2486,5,FALSE)," ") -> 74 | O37: =IFERROR(M37*L37,0) -> 111
C38: BOQUILLA JUNTA ANCHA | K38: =IFERROR(VLOOKUP(C38,MATERIALES!$C$13:$G$2486,2,FALSE)," ") -> KG | L38: 0.3 | M38: =IFERROR(VLOOKUP(C38,MATERIALES!$C$13:$G$2486,5,FALSE)," ") -> 7580.4 | O38: =IFERROR(M38*L38,0) -> 2274.12
C39: CRUCETAS JUNTAS 3 MM | K39: =IFERROR(VLOOKUP(C39,MATERIALES!$C$13:$G$2486,2,FALSE)," ") -> UN | L39: 25 | M39: =IFERROR(VLOOKUP(C39,MATERIALES!$C$13:$G$2486,5,FALSE)," ") -> 54 | O39: =IFERROR(M39*L39,0) -> 1350
K40: =IFERROR(VLOOKUP(C40,MATERIALES!$C$13:$G$2486,2,FALSE)," ") | M40: =IFERROR(VLOOKUP(C40,MATERIALES!$C$13:$G$2486,5,FALSE)," ") | O40: =IFERROR(M40*L40,0) -> 0
K41: =IFERROR(VLOOKUP(C41,MATERIALES!$C$13:$G$2486,2,FALSE)," ") | M41: =IFERROR(VLOOKUP(C41,MATERIALES!$C$13:$G$2486,5,FALSE)," ") | O41: =IFERROR(M41*L41,0) -> 0
K42: =IFERROR(VLOOKUP(C42,MATERIALES!$C$13:$G$2486,2,FALSE)," ") | M42: =IFERROR(VLOOKUP(C42,MATERIALES!$C$13:$G$2486,5,FALSE)," ") | O42: =IFERROR(M42*L42,0) -> 0
K43: =IFERROR(VLOOKUP(C43,MATERIALES!$C$13:$G$2486,2,FALSE)," ") | M43: =IFERROR(VLOOKUP(C43,MATERIALES!$C$13:$G$2486,5,FALSE)," ") | O43: =IFERROR(M43*L43,0) -> 0
K44: =IFERROR(VLOOKUP(C44,MATERIALES!$C$13:$G$2486,2,FALSE)," ") | M44: =IFERROR(VLOOKUP(C44,MATERIALES!$C$13:$G$2486,5,FALSE)," ") | O44: =IFERROR(M44*L44,0) -> 0
K45: =IFERROR(VLOOKUP(C45,MATERIALES!$C$13:$G$2486,2,FALSE)," ") | M45: =IFERROR(VLOOKUP(C45,MATERIALES!$C$13:$G$2486,5,FALSE)," ") | O45: =IFERROR(M45*L45,0) -> 0
K46: =IFERROR(VLOOKUP(C46,MATERIALES!$C$13:$G$2486,2,FALSE)," ") | M46: =IFERROR(VLOOKUP(C46,MATERIALES!$C$13:$G$2486,5,FALSE)," ") | O46: =IFERROR(M46*L46,0) -> 0
C47: SUBTOTAL | O47: =SUM(O35:O46) -> 72420.12
C48: III. TRANSPORTES
C51: MATERIAL | J51: VOL. o PESO | K51: DISTANCIA | L51: M3 o Ton/Km | M51: TARIFA | O51: Vr. UNITARIO
L52: =K52*J52 -> 0 | M52: =IFERROR(VLOOKUP(C52,TRANSPORTE!$C$14:$G$28,5,FALSE)," ") | O52: =IFERROR(M52*L52,0) -> 0
O53: =IFERROR(M53*L53,0) -> 0
C54: SUBTOTAL | O54: =+SUM(O52:O53) -> 0
C55: IV. MANO DE OBRA
C58: TRABAJADOR | J58: JORNAL | K58: PRESTACIONES | L58: JORNAL TOTAL | M58: RENDIMIENTO | O58: Vr. UNITARIO
C59: AA- 1 OFICIAL + 1 AYUDANTE ALBAÑILERÍA | J59: =IFERROR(VLOOKUP(C59,'MANO DE OBRA'!$C$13:$J$33,6,FALSE)," ") -> 190265 | K59: =IFERROR(VLOOKUP(C59,'MANO DE OBRA'!$C$13:$J$33,7,FALSE)," ") -> 2 | L59: =IFERROR(VLOOKUP(C59,'MANO DE OBRA'!$C$13:$J$33,8,FALSE)," ") -> 380530 | M59: 16.201739 | O59: =IFERROR((L59/M59),0) -> 23486.985
J60: =IFERROR(VLOOKUP(C60,'MANO DE OBRA'!$C$13:$J$33,6,FALSE)," ") | K60: =IFERROR(VLOOKUP(C60,'MANO DE OBRA'!$C$13:$J$33,7,FALSE)," ") | L60: =IFERROR(VLOOKUP(C60,'MANO DE OBRA'!$C$13:$J$33,8,FALSE)," ") | O60: =IFERROR((L60/M60),0) -> 0
J61: =IFERROR(VLOOKUP(C61,'MANO DE OBRA'!$C$13:$J$33,6,FALSE)," ") | K61: =IFERROR(VLOOKUP(C61,'MANO DE OBRA'!$C$13:$J$33,7,FALSE)," ") | L61: =IFERROR(VLOOKUP(C61,'MANO DE OBRA'!$C$13:$J$33,8,FALSE)," ") | O61: =IFERROR((L61/M61),0) -> 0
J62: =IFERROR(VLOOKUP(C62,'MANO DE OBRA'!$C$13:$J$33,6,FALSE)," ") | K62: =IFERROR(VLOOKUP(C62,'MANO DE OBRA'!$C$13:$J$33,7,FALSE)," ") | L62: =IFERROR(VLOOKUP(C62,'MANO DE OBRA'!$C$13:$J$33,8,FALSE)," ") | O62: =IFERROR((L62/M62),0) -> 0
C63: SUBTOTAL | O63: =+SUM(O59:O62) -> 23486.985
C65: TOTAL COSTO DIRECTO | O65: =ROUND(O54+O30+O47+O63,0) -> 97081
C67: V. COSTOS INDIRECTOS
C70: DESCRIPCIÓN | N70: PORCENTAJE | O70: VALOR TOTAL
C71: ADMINISTRACION | N71: =PRESUPUESTO!$K$384 -> 0.26 | O71: =N71*O65 -> 25241.06
C72: IMPREVISTOS | N72: =PRESUPUESTO!$K$385 -> 0.01 | O72: =N72*O65 -> 970.81
C73: UTILIDAD | N73: =PRESUPUESTO!$K$386 -> 0.03 | O73: =N73*O65 -> 2912.43
C76: TOTAL COSTO DIRECTO + A.I.U. | O76: =ROUNDUP(O65+O71+O72+O73,0) -> 126206
C81: DATOS ESPECÍFICOS
C82: ÍTEM | D82: DESCRIPCIÓN | M82: UNIDAD | O82: CANTIDAD
C83: =PRESUPUESTO!C262 -> 11.03 | D83: =IFERROR(VLOOKUP(C83,PRESUPUESTO!$C$11:$K$366,5,FALSE)," ") -> BALDOSA INSTITUCIONAL GRANO MARMOL P2; FONDO GRIS. INCLUYE ALISTADO | M83: =IFERROR(VLOOKUP(C83,PRESUPUESTO!$C$11:$K$366,6,FALSE)," ") -> M2 | O83: =IFERROR(VLOOKUP(C83,PRESUPUESTO!$C$11:$K$366,7,FALSE)," ") -> 11.52
C87: DESCRIPCIÓN | H87: MARCA | J87: TIPO | L87: TARIFA/HORA | M87: RENDIMIENTO | O87: Vr. UNITARIO
C88: HERRAMIENTA MENOR | J88: =IFERROR(VLOOKUP(C88,EQUIPOS!$C$13:$G$80,2,FALSE)," ") -> % | L88: =O125 -> 31710.833 | M88: 0.05 | O88: =IFERROR(M88*L88,0) -> 1585.5417
C89: PULIDA Y DESTRONQUE MARMOL FUNDIDO ENSITIO | J89: =IFERROR(VLOOKUP(C89,EQUIPOS!$C$13:$G$80,2,FALSE)," ") -> M2 | L89: =IFERROR(VLOOKUP(C89,EQUIPOS!$C$13:$G$80,5,FALSE)," ") -> 30289 | M89: 1 | O89: =IFERROR(L89/M89,0) -> 30289
J90: =IFERROR(VLOOKUP(C90,EQUIPOS!$C$13:$G$80,2,FALSE)," ") | L90: =IFERROR(VLOOKUP(C90,EQUIPOS!$C$13:$G$80,5,FALSE)," ") | O90: =IFERROR(L90/M90,0) -> 0
J91: =IFERROR(VLOOKUP(C91,EQUIPOS!$C$13:$G$80,2,FALSE)," ") | L91: =IFERROR(VLOOKUP(C91,EQUIPOS!$C$13:$G$80,5,FALSE)," ") | O91: =IFERROR(L91/M91,0) -> 0
J92: =IFERROR(VLOOKUP(C92,EQUIPOS!$C$13:$G$80,2,FALSE)," ") | L92: =IFERROR(VLOOKUP(C92,EQUIPOS!$C$13:$G$80,5,FALSE)," ") | O92: =IFERROR(L92/M92,0) -> 0
C93: SUBTOTAL | O93: =SUM(O88:O92) -> 31874.542
C94: II. MATERIALES
C97: DESCRIPCIÓN | K97: UNIDAD | L97: CANTIDAD | M97: PRECIO UNIT. | O97: Vr. UNITARIO
C98: AGUA | K98: =IFERROR(VLOOKUP(C98,MATERIALES!$C$13:$G$2486,2,FALSE)," ") -> LT | L98: 7.41 | M98: =IFERROR(VLOOKUP(C98,MATERIALES!$C$13:$G$2486,5,FALSE)," ") -> 74 | O98: =IFERROR(M98*L98,0) -> 548.34
C99: ARENA LAVADA DE PEÑA EN MUNICIPIO | K99: =IFERROR(VLOOKUP(C99,MATERIALES!$C$13:$G$2486,2,FALSE)," ") -> M3 | L99: 0.09 | M99: =IFERROR(VLOOKUP(C99,MATERIALES!$C$13:$G$2486,5,FALSE)," ") -> 93513 | O99: =IFERROR(M99*L99,0) -> 8416.17
C100: CEMENTO BLANCO | K100: =IFERROR(VLOOKUP(C100,MATERIALES!$C$13:$G$2486,2,FALSE)," ") -> KG | L100: 7 | M100: =IFERROR(VLOOKUP(C100,MATERIALES!$C$13:$G$2486,5,FALSE)," ") -> 3189 | O100: =IFERROR(M100*L100,0) -> 22323
C101: CEMENTO GRIS | K101: =IFERROR(VLOOKUP(C101,MATERIALES!$C$13:$G$2486,2,FALSE)," ") -> KG | L101: 18.7 | M101: =IFERROR(VLOOKUP(C101,MATERIALES!$C$13:$G$2486,5,FALSE)," ") -> 740 | O101: =IFERROR(M101*L101,0) -> 13838
C102: COLOR MINERAL | K102: =IFERROR(VLOOKUP(C102,MATERIALES!$C$13:$G$2486,2,FALSE)," ") -> KG | L102: 0.33 | M102: =IFERROR(VLOOKUP(C102,MATERIALES!$C$13:$G$2486,5,FALSE)," ") -> 16724 | O102: =IFERROR(M102*L102,0) -> 5518.92
C103: GRANITO | K103: =IFERROR(VLOOKUP(C103,MATERIALES!$C$13:$G$2486,2,FALSE)," ") -> BT | L103: 0.35 | M103: =IFERROR(VLOOKUP(C103,MATERIALES!$C$13:$G$2486,5,FALSE)," ") -> 55747 | O103: =IFERROR(M103*L103,0) -> 19511.45
C104: MARMOLINA | K104: =IFERROR(VLOOKUP(C104,MATERIALES!$C$13:$G$2486,2,FALSE)," ") -> BT | L104: 0.5 | M104: =IFERROR(VLOOKUP(C104,MATERIALES!$C$13:$G$2486,5,FALSE)," ") -> 16269 | O104: =IFERROR(M104*L104,0) -> 8134.5
K105: =IFERROR(VLOOKUP(C105,MATERIALES!$C$13:$G$2486,2,FALSE)," ") | M105: =IFERROR(VLOOKUP(C105,MATERIALES!$C$13:$G$2486,5,FALSE)," ") | O105: =IFERROR(M105*L105,0) -> 0
K106: =IFERROR(VLOOKUP(C106,MATERIALES!$C$13:$G$2486,2,FALSE)," ") | M106: =IFERROR(VLOOKUP(C106,MATERIALES!$C$13:$G$2486,5,FALSE)," ") | O106: =IFERROR(M106*L106,0) -> 0
K107: =IFERROR(VLOOKUP(C107,MATERIALES!$C$13:$G$2486,2,FALSE)," ") | M107: =IFERROR(VLOOKUP(C107,MATERIALES!$C$13:$G$2486,5,FALSE)," ") | O107: =IFERROR(M107*L107,0) -> 0
K108: =IFERROR(VLOOKUP(C108,MATERIALES!$C$13:$G$2486,2,FALSE)," ") | M108: =IFERROR(VLOOKUP(C108,MATERIALES!$C$13:$G$2486,5,FALSE)," ") | O108: =IFERROR(M108*L108,0) -> 0
C109: SUBTOTAL | O109: =SUM(O98:O108) -> 78290.38
C110: III. TRANSPORTES
C113: MATERIAL | J113: VOL. o PESO | K113: DISTANCIA | L113: M3 o Ton/Km | M113: TARIFA | O113: Vr. UNITARIO
L114: =K114*J114 -> 0 | M114: =IFERROR(VLOOKUP(C114,TRANSPORTE!$C$14:$G$28,5,FALSE)," ") | O114: =IFERROR(M114*L114,0) -> 0
O115: =IFERROR(M115*L115,0) -> 0
C116: SUBTOTAL | O116: =+SUM(O114:O115) -> 0
C117: IV. MANO DE OBRA
C120: TRABAJADOR | J120: JORNAL | K120: PRESTACIONES | L120: JORNAL TOTAL | M120: RENDIMIENTO | O120: Vr. UNITARIO
C121: AA- 1 OFICIAL + 1 AYUDANTE ALBAÑILERÍA | J121: =IFERROR(VLOOKUP(C121,'MANO DE OBRA'!$C$13:$J$33,6,FALSE)," ") -> 190265 | K121: =IFERROR(VLOOKUP(C121,'MANO DE OBRA'!$C$13:$J$33,7,FALSE)," ") -> 2 | L121: =IFERROR(VLOOKUP(C121,'MANO DE OBRA'!$C$13:$J$33,8,FALSE)," ") -> 380530 | M121: 12 | O121: =IFERROR((L121/M121),0) -> 31710.833
J122: =IFERROR(VLOOKUP(C122,'MANO DE OBRA'!$C$13:$J$33,6,FALSE)," ") | K122: =IFERROR(VLOOKUP(C122,'MANO DE OBRA'!$C$13:$J$33,7,FALSE)," ") | L122: =IFERROR(VLOOKUP(C122,'MANO DE OBRA'!$C$13:$J$33,8,FALSE)," ") | O122: =IFERROR((L122/M122),0) -> 0
J123: =IFERROR(VLOOKUP(C123,'MANO DE OBRA'!$C$13:$J$33,6,FALSE)," ") | K123: =IFERROR(VLOOKUP(C123,'MANO DE OBRA'!$C$13:$J$33,7,FALSE)," ") | L123: =IFERROR(VLOOKUP(C123,'MANO DE OBRA'!$C$13:$J$33,8,FALSE)," ") | O123: =IFERROR((L123/M123),0) -> 0
J124: =IFERROR(VLOOKUP(C124,'MANO DE OBRA'!$C$13:$J$33,6,FALSE)," ") | K124: =IFERROR(VLOOKUP(C124,'MANO DE OBRA'!$C$13:$J$33,7,FALSE)," ") | L124: =IFERROR(VLOOKUP(C124,'MANO DE OBRA'!$C$13:$J$33,8,FALSE)," ") | O124: =IFERROR((L124/M124),0) -> 0
C125: SUBTOTAL | O125: =+SUM(O121:O124) -> 31710.833
C127: TOTAL COSTO DIRECTO | O127: =ROUND(O116+O93+O109+O125,0) -> 141876
C129: V. COSTOS INDIRECTOS
C132: DESCRIPCIÓN | N132: PORCENTAJE | O132: VALOR TOTAL
C133: ADMINISTRACION | N133: =PRESUPUESTO!$K$384 -> 0.26 | O133: =N133*O127 -> 36887.76
C134: IMPREVISTOS | N134: =PRESUPUESTO!$K$385 -> 0.01 | O134: =N134*O127 -> 1418.76
C135: UTILIDAD | N135: =PRESUPUESTO!$K$386 -> 0.03 | O135: =N135*O127 -> 4256.28
C138: TOTAL COSTO DIRECTO + A.I.U. | O138: =ROUNDUP(O127+O133+O134+O135,0) -> 184439
C143: DATOS ESPECÍFICOS
C144: ÍTEM | D144: DESCRIPCIÓN | M144: UNIDAD | O144: CANTIDAD
C145: =PRESUPUESTO!C263 -> 11.04 | D145: =IFERROR(VLOOKUP(C145,PRESUPUESTO!$C$11:$K$366,5,FALSE)," ") -> MEDIA CAÑA EN GRANITO PULIDO DE 6X8CM | M145: =IFERROR(VLOOKUP(C145,PRESUPUESTO!$C$11:$K$366,6,FALSE)," ") -> ML | O145: =IFERROR(VLOOKUP(C145,PRESUPUESTO!$C$11:$K$366,7,FALSE)," ") -> 205.04
...

Sheet APU CAP 12
C2: Formulario 1 - Propuesta económica - Licitación de obra pública de infraestructura social
C3: Código | D3: CCE-EICP-FM-116 | E3: Versión | F3: 1
C5: [La Entidad podrá utilizar este Formato para la presentación de los análisis de Precios Unitarios del Contratista en la oportunidad prevista en el numeral 8.1. del Documento Base]
C7: #VALUE!
D8: =PRESUPUESTO!C13 -> CONSTRUCCIÓN DEL CENTRO DE DESARROLLO INFANTIL BRISAS DEL MUNICIPIO DE MOSQUERA, CUNDINAMARCA
L9: VERSIÓN
L10: PÁGINA | M10: 1 | N10: DE | O10: 1
D11: ALCALDÍA DE MUNICIPAL DE MOSQUERA
L14: FECHA | M14: DD | N14: MM | O14: AA
C15: ESTUDIOS, DISEÑOS A DETALLE, PERMISOS Y LICENCIAMIENTO DE LOS DIFERENTES EQUIPAMIENTOS PÚBLICOS PARA EL MUNICIPIO DE MOSQUERA CUNDINAMARCA
C18: DATOS ESPECÍFICOS
C19: ÍTEM | D19: DESCRIPCIÓN | M19: UNIDAD | O19: CANTIDAD
C20: =PRESUPUESTO!C274 -> 12.01 | D20: =IFERROR(VLOOKUP(C20,PRESUPUESTO!$C$11:$K$366,5,FALSE)," ") -> SUMINISTRO E INSTALACIÓN DE ENCHAPE CERÁMICO PARA MURO, REFERENCIA NATAL BLANCO CARA ÚNICA O SIMILAR, FORMATO 30 × 60 CM. INCLUYE PREPARACIÓN DE SUPERFICIE, CORTES, ADHESIVO CERÁMICO BLANCO, BOQUILLA BLANCA Y LIMPIEZA FINAL. | M20: =IFERROR(VLOOKUP(C20,PRESUPUESTO!$C$11:$K$366,6,FALSE)," ") -> M2 | O20: =IFERROR(VLOOKUP(C20,PRESUPUESTO!$C$11:$K$366,7,FALSE)," ") -> 186.53
C24: DESCRIPCIÓN | H24: MARCA | J24: TIPO | L24: TARIFA/HORA | M24: RENDIMIENTO | O24: Vr. UNITARIO
C25: HERRAMIENTA MENOR | J25: =IFERROR(VLOOKUP(C25,EQUIPOS!$C$13:$G$80,2,FALSE)," ") -> % | L25: =O63 -> 30442.4 | M25: 0.05 | O25: =IFERROR(M25*L25,0) -> 1522.12
C26: PULIDORA MANUAL | J26: =IFERROR(VLOOKUP(C26,EQUIPOS!$C$13:$G$80,2,FALSE)," ") -> D | L26: =IFERROR(VLOOKUP(C26,EQUIPOS!$C$13:$G$80,5,FALSE)," ") -> 53716 | M26: =1/0.025 -> 40 | O26: =IFERROR(L26/M26,0) -> 1342.9
J27: =IFERROR(VLOOKUP(C27,EQUIPOS!$C$13:$G$80,2,FALSE)," ") | L27: =IFERROR(VLOOKUP(C27,EQUIPOS!$C$13:$G$80,5,FALSE)," ") | O27: =IFERROR(L27/M27,0) -> 0
J28: =IFERROR(VLOOKUP(C28,EQUIPOS!$C$13:$G$80,2,FALSE)," ") | L28: =IFERROR(VLOOKUP(C28,EQUIPOS!$C$13:$G$80,5,FALSE)," ") | O28: =IFERROR(L28/M28,0) -> 0
J29: =IFERROR(VLOOKUP(C29,EQUIPOS!$C$13:$G$80,2,FALSE)," ") | L29: =IFERROR(VLOOKUP(C29,EQUIPOS!$C$13:$G$80,5,FALSE)," ") | O29: =IFERROR(L29/M29,0) -> 0
C30: SUBTOTAL | O30: =SUM(O25:O29) -> 2865.02
C31: II. MATERIALES
C34: DESCRIPCIÓN | K34: UNIDAD | L34: CANTIDAD | M34: PRECIO UNIT. | O34: Vr. UNITARIO
C35: PISO PARED NATAL BLANCO CARA ÚNICA 30X60 | K35: =IFERROR(VLOOKUP(C35,MATERIALES!$C$13:$G$2486,2,FALSE)," ") -> M2 | L35: 1.05 | M35: =IFERROR(VLOOKUP(C35,MATERIALES!$C$13:$G$2486,5,FALSE)," ") -> 34500 | O35: =IFERROR(M35*L35,0) -> 36225
C36: PEGACOR MAX BLANCO | K36: =IFERROR(VLOOKUP(C36,MATERIALES!$C$13:$G$2486,2,FALSE)," ") -> KG | L36: 4.5 | M36: =IFERROR(VLOOKUP(C36,MATERIALES!$C$13:$G$2486,5,FALSE)," ") -> 3620 | O36: =IFERROR(M36*L36,0) -> 16290
C37: BOQUILLA BLANCA JUNTA ESTRECHA | K37: =IFERROR(VLOOKUP(C37,MATERIALES!$C$13:$G$2486,2,FALSE)," ") -> KG | L37: 0.2 | M37: =IFERROR(VLOOKUP(C37,MATERIALES!$C$13:$G$2486,5,FALSE)," ") -> 6980 | O37: =IFERROR(M37*L37,0) -> 1396
C38: CRUCETAS JUNTAS 3 MM | K38: =IFERROR(VLOOKUP(C38,MATERIALES!$C$13:$G$2486,2,FALSE)," ") -> UN | L38: 6 | M38: =IFERROR(VLOOKUP(C38,MATERIALES!$C$13:$G$2486,5,FALSE)," ") -> 54 | O38: =IFERROR(M38*L38,0) -> 324
C39: AGUA | K39: =IFERROR(VLOOKUP(C39,MATERIALES!$C$13:$G$2486,2,FALSE)," ") -> LT | L39: 1.5 | M39: =IFERROR(VLOOKUP(C39,MATERIALES!$C$13:$G$2486,5,FALSE)," ") -> 74 | O39: =IFERROR(M39*L39,0) -> 111
K40: =IFERROR(VLOOKUP(C40,MATERIALES!$C$13:$G$2486,2,FALSE)," ") | M40: =IFERROR(VLOOKUP(C40,MATERIALES!$C$13:$G$2486,5,FALSE)," ") | O40: =IFERROR(M40*L40,0) -> 0
K41: =IFERROR(VLOOKUP(C41,MATERIALES!$C$13:$G$2486,2,FALSE)," ") | M41: =IFERROR(VLOOKUP(C41,MATERIALES!$C$13:$G$2486,5,FALSE)," ") | O41: =IFERROR(M41*L41,0) -> 0
K42: =IFERROR(VLOOKUP(C42,MATERIALES!$C$13:$G$2486,2,FALSE)," ") | M42: =IFERROR(VLOOKUP(C42,MATERIALES!$C$13:$G$2486,5,FALSE)," ") | O42: =IFERROR(M42*L42,0) -> 0
K43: =IFERROR(VLOOKUP(C43,MATERIALES!$C$13:$G$2486,2,FALSE)," ") | M43: =IFERROR(VLOOKUP(C43,MATERIALES!$C$13:$G$2486,5,FALSE)," ") | O43: =IFERROR(M43*L43,0) -> 0
K44: =IFERROR(VLOOKUP(C44,MATERIALES!$C$13:$G$2486,2,FALSE)," ") | M44: =IFERROR(VLOOKUP(C44,MATERIALES!$C$13:$G$2486,5,FALSE)," ") | O44: =IFERROR(M44*L44,0) -> 0
K45: =IFERROR(VLOOKUP(C45,MATERIALES!$C$13:$G$2486,2,FALSE)," ") | M45: =IFERROR(VLOOKUP(C45,MATERIALES!$C$13:$G$2486,5,FALSE)," ") | O45: =IFERROR(M45*L45,0) -> 0
K46: =IFERROR(VLOOKUP(C46,MATERIALES!$C$13:$G$2486,2,FALSE)," ") | M46: =IFERROR(VLOOKUP(C46,MATERIALES!$C$13:$G$2486,5,FALSE)," ") | O46: =IFERROR(M46*L46,0) -> 0
C47: SUBTOTAL | O47: =SUM(O35:O46) -> 54346
C48: III. TRANSPORTES
C51: MATERIAL | J51: VOL. o PESO | K51: DISTANCIA | L51: M3 o Ton/Km | M51: TARIFA | O51: Vr. UNITARIO
K52: 25.1 | L52: =K52*J52 -> 0 | M52: =IFERROR(VLOOKUP(C52,TRANSPORTE!$C$14:$G$28,5,FALSE)," ") | O52: =IFERROR(M52*L52,0) -> 0
O53: =IFERROR(M53*L53,0) -> 0
C54: SUBTOTAL | O54: =+SUM(O52:O53) -> 0
C55: IV. MANO DE OBRA
C58: TRABAJADOR | J58: JORNAL | K58: PRESTACIONES | L58: JORNAL TOTAL | M58: RENDIMIENTO | O58: Vr. UNITARIO
C59: AA- 1 OFICIAL + 1 AYUDANTE ALBAÑILERÍA | J59: =IFERROR(VLOOKUP(C59,'MANO DE OBRA'!$C$13:$J$33,6,FALSE)," ") -> 190265 | K59: =IFERROR(VLOOKUP(C59,'MANO DE OBRA'!$C$13:$J$33,7,FALSE)," ") -> 2 | L59: =IFERROR(VLOOKUP(C59,'MANO DE OBRA'!$C$13:$J$33,8,FALSE)," ") -> 380530 | M59: =1/0.08 -> 12.5 | O59: =IFERROR((L59/M59),0) -> 30442.4
J60: =IFERROR(VLOOKUP(C60,'MANO DE OBRA'!$C$13:$J$33,6,FALSE)," ") | K60: =IFERROR(VLOOKUP(C60,'MANO DE OBRA'!$C$13:$J$33,7,FALSE)," ") | L60: =IFERROR(VLOOKUP(C60,'MANO DE OBRA'!$C$13:$J$33,8,FALSE)," ") | O60: =IFERROR((L60/M60),0) -> 0
J61: =IFERROR(VLOOKUP(C61,'MANO DE OBRA'!$C$13:$J$33,6,FALSE)," ") | K61: =IFERROR(VLOOKUP(C61,'MANO DE OBRA'!$C$13:$J$33,7,FALSE)," ") | L61: =IFERROR(VLOOKUP(C61,'MANO DE OBRA'!$C$13:$J$33,8,FALSE)," ") | O61: =IFERROR((L61/M61),0) -> 0
J62: =IFERROR(VLOOKUP(C62,'MANO DE OBRA'!$C$13:$J$33,6,FALSE)," ") | K62: =IFERROR(VLOOKUP(C62,'MANO DE OBRA'!$C$13:$J$33,7,FALSE)," ") | L62: =IFERROR(VLOOKUP(C62,'MANO DE OBRA'!$C$13:$J$33,8,FALSE)," ") | O62: =IFERROR((L62/M62),0) -> 0
C63: SUBTOTAL | O63: =+SUM(O59:O62) -> 30442.4
C65: TOTAL COSTO DIRECTO | O65: =ROUND(O54+O30+O47+O63,0) -> 87653
C67: V. COSTOS INDIRECTOS
C70: DESCRIPCIÓN | N70: PORCENTAJE | O70: VALOR TOTAL
C71: ADMINISTRACION | N71: =PRESUPUESTO!$K$384 -> 0.26 | O71: =N71*O65 -> 22789.78
C72: IMPREVISTOS | N72: =PRESUPUESTO!$K$385 -> 0.01 | O72: =N72*O65 -> 876.53
C73: UTILIDAD | N73: =PRESUPUESTO!$K$386 -> 0.03 | O73: =N73*O65 -> 2629.59
C76: TOTAL COSTO DIRECTO + A.I.U. | O76: =ROUNDUP(O65+O71+O72+O73,0) -> 113949
C81: DATOS ESPECÍFICOS
C82: ÍTEM | D82: DESCRIPCIÓN | M82: UNIDAD | O82: CANTIDAD
C83: =PRESUPUESTO!C275 -> 12.02 | D83: =IFERROR(VLOOKUP(C83,PRESUPUESTO!$C$11:$K$366,5,FALSE)," ") -> SUMINISTRO E INSTALACIÓN DE ENCHAPE CERÁMICO PARA MURO, REFERENCIA NATAL BLANCO CARA ÚNICA O SIMILAR, FORMATO 30 × 60 CM. INCLUYE PREPARACIÓN DE SUPERFICIE, CORTES, ADHESIVO CERÁMICO BLANCO, BOQUILLA BLANCA Y LIMPIEZA FINAL. | M83: =IFERROR(VLOOKUP(C83,PRESUPUESTO!$C$11:$K$366,6,FALSE)," ") -> ML | O83: =IFERROR(VLOOKUP(C83,PRESUPUESTO!$C$11:$K$366,7,FALSE)," ") -> 165.27
C87: DESCRIPCIÓN | H87: MARCA | J87: TIPO | L87: TARIFA/HORA | M87: RENDIMIENTO | O87: Vr. UNITARIO
C88: HERRAMIENTA MENOR | J88: =IFERROR(VLOOKUP(C88,EQUIPOS!$C$13:$G$80,2,FALSE)," ") -> % | L88: =O126 -> 20929.15 | M88: 0.05 | O88: =IFERROR(M88*L88,0) -> 1046.4575
C89: PULIDORA MANUAL | J89: =IFERROR(VLOOKUP(C89,EQUIPOS!$C$13:$G$80,2,FALSE)," ") -> D | L89: =IFERROR(VLOOKUP(C89,EQUIPOS!$C$13:$G$80,5,FALSE)," ") -> 53716 | M89: =1/0.02 -> 50 | O89: =IFERROR(L89/M89,0) -> 1074.32
J90: =IFERROR(VLOOKUP(C90,EQUIPOS!$C$13:$G$80,2,FALSE)," ") | L90: =IFERROR(VLOOKUP(C90,EQUIPOS!$C$13:$G$80,5,FALSE)," ") | O90: =IFERROR(L90/M90,0) -> 0
J91: =IFERROR(VLOOKUP(C91,EQUIPOS!$C$13:$G$80,2,FALSE)," ") | L91: =IFERROR(VLOOKUP(C91,EQUIPOS!$C$13:$G$80,5,FALSE)," ") | O91: =IFERROR(L91/M91,0) -> 0
J92: =IFERROR(VLOOKUP(C92,EQUIPOS!$C$13:$G$80,2,FALSE)," ") | L92: =IFERROR(VLOOKUP(C92,EQUIPOS!$C$13:$G$80,5,FALSE)," ") | O92: =IFERROR(L92/M92,0) -> 0
C93: SUBTOTAL | O93: =SUM(O88:O92) -> 2120.7775
C94: II. MATERIALES
C97: DESCRIPCIÓN | K97: UNIDAD | L97: CANTIDAD | M97: PRECIO UNIT. | O97: Vr. UNITARIO
C98: PISO PARED NATAL BLANCO CARA ÚNICA 30X60 | K98: =IFERROR(VLOOKUP(C98,MATERIALES!$C$13:$G$2486,2,FALSE)," ") -> M2 | L98: 0.63 | M98: =IFERROR(VLOOKUP(C98,MATERIALES!$C$13:$G$2486,5,FALSE)," ") -> 34500 | O98: =IFERROR(M98*L98,0) -> 21735
C99: PEGACOR MAX BLANCO | K99: =IFERROR(VLOOKUP(C99,MATERIALES!$C$13:$G$2486,2,FALSE)," ") -> KG | L99: 2.7 | M99: =IFERROR(VLOOKUP(C99,MATERIALES!$C$13:$G$2486,5,FALSE)," ") -> 3620 | O99: =IFERROR(M99*L99,0) -> 9774
C100: BOQUILLA BLANCA JUNTA ESTRECHA | K100: =IFERROR(VLOOKUP(C100,MATERIALES!$C$13:$G$2486,2,FALSE)," ") -> KG | L100: 0.16 | M100: =IFERROR(VLOOKUP(C100,MATERIALES!$C$13:$G$2486,5,FALSE)," ") -> 6980 | O100: =IFERROR(M100*L100,0) -> 1116.8
C101: CRUCETAS JUNTAS 3 MM | K101: =IFERROR(VLOOKUP(C101,MATERIALES!$C$13:$G$2486,2,FALSE)," ") -> UN | L101: 4 | M101: =IFERROR(VLOOKUP(C101,MATERIALES!$C$13:$G$2486,5,FALSE)," ") -> 54 | O101: =IFERROR(M101*L101,0) -> 216
C102: AGUA | K102: =IFERROR(VLOOKUP(C102,MATERIALES!$C$13:$G$2486,2,FALSE)," ") -> LT | L102: 1 | M102: =IFERROR(VLOOKUP(C102,MATERIALES!$C$13:$G$2486,5,FALSE)," ") -> 74 | O102: =IFERROR(M102*L102,0) -> 74
K103: =IFERROR(VLOOKUP(C103,MATERIALES!$C$13:$G$2486,2,FALSE)," ") | M103: =IFERROR(VLOOKUP(C103,MATERIALES!$C$13:$G$2486,5,FALSE)," ") | O103: =IFERROR(M103*L103,0) -> 0
K104: =IFERROR(VLOOKUP(C104,MATERIALES!$C$13:$G$2486,2,FALSE)," ") | M104: =IFERROR(VLOOKUP(C104,MATERIALES!$C$13:$G$2486,5,FALSE)," ") | O104: =IFERROR(M104*L104,0) -> 0
K105: =IFERROR(VLOOKUP(C105,MATERIALES!$C$13:$G$2486,2,FALSE)," ") | M105: =IFERROR(VLOOKUP(C105,MATERIALES!$C$13:$G$2486,5,FALSE)," ") | O105: =IFERROR(M105*L105,0) -> 0
K106: =IFERROR(VLOOKUP(C106,MATERIALES!$C$13:$G$2486,2,FALSE)," ") | M106: =IFERROR(VLOOKUP(C106,MATERIALES!$C$13:$G$2486,5,FALSE)," ") | O106: =IFERROR(M106*L106,0) -> 0
K107: =IFERROR(VLOOKUP(C107,MATERIALES!$C$13:$G$2486,2,FALSE)," ") | M107: =IFERROR(VLOOKUP(C107,MATERIALES!$C$13:$G$2486,5,FALSE)," ") | O107: =IFERROR(M107*L107,0) -> 0
K108: =IFERROR(VLOOKUP(C108,MATERIALES!$C$13:$G$2486,2,FALSE)," ") | M108: =IFERROR(VLOOKUP(C108,MATERIALES!$C$13:$G$2486,5,FALSE)," ") | O108: =IFERROR(M108*L108,0) -> 0
K109: =IFERROR(VLOOKUP(C109,MATERIALES!$C$13:$G$2486,2,FALSE)," ") | M109: =IFERROR(VLOOKUP(C109,MATERIALES!$C$13:$G$2486,5,FALSE)," ") | O109: =IFERROR(M109*L109,0) -> 0
C110: SUBTOTAL | O110: =SUM(O98:O109) -> 32915.8
C111: III. TRANSPORTES
C114: MATERIAL | J114: VOL. o PESO | K114: DISTANCIA | L114: M3 o Ton/Km | M114: TARIFA | O114: Vr. UNITARIO
K115: 25.1 | L115: =K115*J115 -> 0 | M115: =IFERROR(VLOOKUP(C115,TRANSPORTE!$C$14:$G$28,5,FALSE)," ") | O115: =IFERROR(M115*L115,0) -> 0
O116: =IFERROR(M116*L116,0) -> 0
C117: SUBTOTAL | O117: =+SUM(O115:O116) -> 0
C118: IV. MANO DE OBRA
C121: TRABAJADOR | J121: JORNAL | K121: PRESTACIONES | L121: JORNAL TOTAL | M121: RENDIMIENTO | O121: Vr. UNITARIO
C122: AA- 1 OFICIAL + 1 AYUDANTE ALBAÑILERÍA | J122: =IFERROR(VLOOKUP(C122,'MANO DE OBRA'!$C$13:$J$33,6,FALSE)," ") -> 190265 | K122: =IFERROR(VLOOKUP(C122,'MANO DE OBRA'!$C$13:$J$33,7,FALSE)," ") -> 2 | L122: =IFERROR(VLOOKUP(C122,'MANO DE OBRA'!$C$13:$J$33,8,FALSE)," ") -> 380530 | M122: =1/0.055 -> 18.181818 | O122: =IFERROR((L122/M122),0) -> 20929.15
J123: =IFERROR(VLOOKUP(C123,'MANO DE OBRA'!$C$13:$J$33,6,FALSE)," ") | K123: =IFERROR(VLOOKUP(C123,'MANO DE OBRA'!$C$13:$J$33,7,FALSE)," ") | L123: =IFERROR(VLOOKUP(C123,'MANO DE OBRA'!$C$13:$J$33,8,FALSE)," ") | O123: =IFERROR((L123/M123),0) -> 0
J124: =IFERROR(VLOOKUP(C124,'MANO DE OBRA'!$C$13:$J$33,6,FALSE)," ") | K124: =IFERROR(VLOOKUP(C124,'MANO DE OBRA'!$C$13:$J$33,7,FALSE)," ") | L124: =IFERROR(VLOOKUP(C124,'MANO DE OBRA'!$C$13:$J$33,8,FALSE)," ") | O124: =IFERROR((L124/M124),0) -> 0
J125: =IFERROR(VLOOKUP(C125,'MANO DE OBRA'!$C$13:$J$33,6,FALSE)," ") | K125: =IFERROR(VLOOKUP(C125,'MANO DE OBRA'!$C$13:$J$33,7,FALSE)," ") | L125: =IFERROR(VLOOKUP(C125,'MANO DE OBRA'!$C$13:$J$33,8,FALSE)," ") | O125: =IFERROR((L125/M125),0) -> 0
C126: SUBTOTAL | O126: =+SUM(O122:O125) -> 20929.15
C128: TOTAL COSTO DIRECTO | O128: =ROUND(O117+O93+O110+O126,0) -> 55966
C130: V. COSTOS INDIRECTOS
C133: DESCRIPCIÓN | N133: PORCENTAJE | O133: VALOR TOTAL
C134: ADMINISTRACION | N134: =PRESUPUESTO!$K$384 -> 0.26 | O134: =N134*O128 -> 14551.16
C135: IMPREVISTOS | N135: =PRESUPUESTO!$K$385 -> 0.01 | O135: =N135*O128 -> 559.66
C136: UTILIDAD | N136: =PRESUPUESTO!$K$386 -> 0.03 | O136: =N136*O128 -> 1678.98
C139: TOTAL COSTO DIRECTO + A.I.U. | O139: =ROUNDUP(O128+O134+O135+O136,0) -> 72756
C144: DATOS ESPECÍFICOS
C145: ÍTEM | D145: DESCRIPCIÓN | M145: UNIDAD | O145: CANTIDAD
...

Sheet APU CAP 13
C2: Formulario 1 - Propuesta económica - Licitación de obra pública de infraestructura social
C3: Código | D3: CCE-EICP-FM-116 | E3: Versión | F3: 1
C5: [La Entidad podrá utilizar este Formato para la presentación de los análisis de Precios Unitarios del Contratista en la oportunidad prevista en el numeral 8.1. del Documento Base]
C7: #VALUE!
D8: =PRESUPUESTO!C13 -> CONSTRUCCIÓN DEL CENTRO DE DESARROLLO INFANTIL BRISAS DEL MUNICIPIO DE MOSQUERA, CUNDINAMARCA
L9: VERSIÓN
L10: PÁGINA | M10: 1 | N10: DE | O10: 1
D11: ALCALDÍA DE MUNICIPAL DE MOSQUERA
L14: FECHA | M14: DD | N14: MM | O14: AA
C15: ESTUDIOS, DISEÑOS A DETALLE, PERMISOS Y LICENCIAMIENTO DE LOS DIFERENTES EQUIPAMIENTOS PÚBLICOS PARA EL MUNICIPIO DE MOSQUERA CUNDINAMARCA
C18: DATOS ESPECÍFICOS
C19: ÍTEM | D19: DESCRIPCIÓN | M19: UNIDAD | O19: CANTIDAD
C20: =PRESUPUESTO!C281 -> 13.01 | D20: =IFERROR(VLOOKUP(C20,PRESUPUESTO!$C$11:$K$366,5,FALSE)," ") -> SUMINISTRO E INSTALACION ESTUCO PLASTICO Y VINILO 3 MANOS MUROS (INCLUYE ESTUCO, MANOS EN PINTURA ANTIBACTERIAL, FILOS Y DILATACIONES) | M20: =IFERROR(VLOOKUP(C20,PRESUPUESTO!$C$11:$K$366,6,FALSE)," ") -> M2 | O20: =IFERROR(VLOOKUP(C20,PRESUPUESTO!$C$11:$K$366,7,FALSE)," ") -> 169.45
C24: DESCRIPCIÓN | H24: MARCA | J24: TIPO | L24: TARIFA/HORA | M24: RENDIMIENTO | O24: Vr. UNITARIO
C25: HERRAMIENTA MENOR | J25: =IFERROR(VLOOKUP(C25,EQUIPOS!$C$13:$G$80,2,FALSE)," ") -> % | L25: =O63 -> 22734.85 | M25: 0.05 | O25: =IFERROR(M25*L25,0) -> 1136.7425
C26: SECCION DE 1,4 POR 1,4 H=2,0 - ANDAMIO CERTIFICADO BASE PLANA ACCESOINTERNO | J26: =IFERROR(VLOOKUP(C26,EQUIPOS!$C$13:$G$80,2,FALSE)," ") -> D | L26: =IFERROR(VLOOKUP(C26,EQUIPOS!$C$13:$G$80,5,FALSE)," ") -> 30496 | M26: =1/0.015 -> 66.666667 | O26: =IFERROR(L26/M26,0) -> 457.44
J27: =IFERROR(VLOOKUP(C27,EQUIPOS!$C$13:$G$80,2,FALSE)," ") | L27: =IFERROR(VLOOKUP(C27,EQUIPOS!$C$13:$G$80,5,FALSE)," ") | O27: =IFERROR(L27/M27,0) -> 0
J28: =IFERROR(VLOOKUP(C28,EQUIPOS!$C$13:$G$80,2,FALSE)," ") | L28: =IFERROR(VLOOKUP(C28,EQUIPOS!$C$13:$G$80,5,FALSE)," ") | O28: =IFERROR(L28/M28,0) -> 0
J29: =IFERROR(VLOOKUP(C29,EQUIPOS!$C$13:$G$80,2,FALSE)," ") | L29: =IFERROR(VLOOKUP(C29,EQUIPOS!$C$13:$G$80,5,FALSE)," ") | O29: =IFERROR(L29/M29,0) -> 0
C30: SUBTOTAL | O30: =SUM(O25:O29) -> 1594.1825
C31: II. MATERIALES
C34: DESCRIPCIÓN | K34: UNIDAD | L34: CANTIDAD | M34: PRECIO UNIT. | O34: Vr. UNITARIO
C35: ESTUCO PLASTICO | K35: =IFERROR(VLOOKUP(C35,MATERIALES!$C$13:$G$2486,2,FALSE)," ") -> GLN | L35: 0.2 | M35: =IFERROR(VLOOKUP(C35,MATERIALES!$C$13:$G$2486,5,FALSE)," ") -> 34210 | O35: =IFERROR(M35*L35,0) -> 6842
C36: PINTURA ANTIBACTERIAL | K36: =IFERROR(VLOOKUP(C36,MATERIALES!$C$13:$G$2486,2,FALSE)," ") -> GLN | L36: 0.009 | M36: =IFERROR(VLOOKUP(C36,MATERIALES!$C$13:$G$2486,5,FALSE)," ") -> 93340 | O36: =IFERROR(M36*L36,0) -> 840.06
C37: LIJA DE AGUA 150 SUPER | K37: =IFERROR(VLOOKUP(C37,MATERIALES!$C$13:$G$2486,2,FALSE)," ") -> UN | L37: 0.12 | M37: =IFERROR(VLOOKUP(C37,MATERIALES!$C$13:$G$2486,5,FALSE)," ") -> 1858 | O37: =IFERROR(M37*L37,0) -> 222.96
C38: AGUA | K38: =IFERROR(VLOOKUP(C38,MATERIALES!$C$13:$G$2486,2,FALSE)," ") -> LT | L38: 1 | M38: =IFERROR(VLOOKUP(C38,MATERIALES!$C$13:$G$2486,5,FALSE)," ") -> 74 | O38: =IFERROR(M38*L38,0) -> 74
K39: =IFERROR(VLOOKUP(C39,MATERIALES!$C$13:$G$2486,2,FALSE)," ") | M39: =IFERROR(VLOOKUP(C39,MATERIALES!$C$13:$G$2486,5,FALSE)," ") | O39: =IFERROR(M39*L39,0) -> 0
K40: =IFERROR(VLOOKUP(C40,MATERIALES!$C$13:$G$2486,2,FALSE)," ") | M40: =IFERROR(VLOOKUP(C40,MATERIALES!$C$13:$G$2486,5,FALSE)," ") | O40: =IFERROR(M40*L40,0) -> 0
K41: =IFERROR(VLOOKUP(C41,MATERIALES!$C$13:$G$2486,2,FALSE)," ") | M41: =IFERROR(VLOOKUP(C41,MATERIALES!$C$13:$G$2486,5,FALSE)," ") | O41: =IFERROR(M41*L41,0) -> 0
K42: =IFERROR(VLOOKUP(C42,MATERIALES!$C$13:$G$2486,2,FALSE)," ") | M42: =IFERROR(VLOOKUP(C42,MATERIALES!$C$13:$G$2486,5,FALSE)," ") | O42: =IFERROR(M42*L42,0) -> 0
K43: =IFERROR(VLOOKUP(C43,MATERIALES!$C$13:$G$2486,2,FALSE)," ") | M43: =IFERROR(VLOOKUP(C43,MATERIALES!$C$13:$G$2486,5,FALSE)," ") | O43: =IFERROR(M43*L43,0) -> 0
K44: =IFERROR(VLOOKUP(C44,MATERIALES!$C$13:$G$2486,2,FALSE)," ") | M44: =IFERROR(VLOOKUP(C44,MATERIALES!$C$13:$G$2486,5,FALSE)," ") | O44: =IFERROR(M44*L44,0) -> 0
K45: =IFERROR(VLOOKUP(C45,MATERIALES!$C$13:$G$2486,2,FALSE)," ") | M45: =IFERROR(VLOOKUP(C45,MATERIALES!$C$13:$G$2486,5,FALSE)," ") | O45: =IFERROR(M45*L45,0) -> 0
K46: =IFERROR(VLOOKUP(C46,MATERIALES!$C$13:$G$2486,2,FALSE)," ") | M46: =IFERROR(VLOOKUP(C46,MATERIALES!$C$13:$G$2486,5,FALSE)," ") | O46: =IFERROR(M46*L46,0) -> 0
C47: SUBTOTAL | O47: =SUM(O35:O46) -> 7979.02
C48: III. TRANSPORTES
C51: MATERIAL | J51: VOL. o PESO | K51: DISTANCIA | L51: M3 o Ton/Km | M51: TARIFA | O51: Vr. UNITARIO
K52: 25.1 | L52: =K52*J52 -> 0 | M52: =IFERROR(VLOOKUP(C52,TRANSPORTE!$C$14:$G$28,5,FALSE)," ") | O52: =IFERROR(M52*L52,0) -> 0
O53: =IFERROR(M53*L53,0) -> 0
C54: SUBTOTAL | O54: =+SUM(O52:O53) -> 0
C55: IV. MANO DE OBRA
C58: TRABAJADOR | J58: JORNAL | K58: PRESTACIONES | L58: JORNAL TOTAL | M58: RENDIMIENTO | O58: Vr. UNITARIO
C59: 1 OFICIAL + AYUDANTE DE PINTURA | J59: =IFERROR(VLOOKUP(C59,'MANO DE OBRA'!$C$13:$J$33,6,FALSE)," ") -> 227348.28 | K59: =IFERROR(VLOOKUP(C59,'MANO DE OBRA'!$C$13:$J$33,7,FALSE)," ") -> 2 | L59: =IFERROR(VLOOKUP(C59,'MANO DE OBRA'!$C$13:$J$33,8,FALSE)," ") -> 454697 | M59: =1/0.05 -> 20 | O59: =IFERROR((L59/M59),0) -> 22734.85
J60: =IFERROR(VLOOKUP(C60,'MANO DE OBRA'!$C$13:$J$33,6,FALSE)," ") | K60: =IFERROR(VLOOKUP(C60,'MANO DE OBRA'!$C$13:$J$33,7,FALSE)," ") | L60: =IFERROR(VLOOKUP(C60,'MANO DE OBRA'!$C$13:$J$33,8,FALSE)," ") | O60: =IFERROR((L60/M60),0) -> 0
J61: =IFERROR(VLOOKUP(C61,'MANO DE OBRA'!$C$13:$J$33,6,FALSE)," ") | K61: =IFERROR(VLOOKUP(C61,'MANO DE OBRA'!$C$13:$J$33,7,FALSE)," ") | L61: =IFERROR(VLOOKUP(C61,'MANO DE OBRA'!$C$13:$J$33,8,FALSE)," ") | O61: =IFERROR((L61/M61),0) -> 0
J62: =IFERROR(VLOOKUP(C62,'MANO DE OBRA'!$C$13:$J$33,6,FALSE)," ") | K62: =IFERROR(VLOOKUP(C62,'MANO DE OBRA'!$C$13:$J$33,7,FALSE)," ") | L62: =IFERROR(VLOOKUP(C62,'MANO DE OBRA'!$C$13:$J$33,8,FALSE)," ") | O62: =IFERROR((L62/M62),0) -> 0
C63: SUBTOTAL | O63: =+SUM(O59:O62) -> 22734.85
C65: TOTAL COSTO DIRECTO | O65: =ROUND(O54+O30+O47+O63,0) -> 32308
C67: V. COSTOS INDIRECTOS
C70: DESCRIPCIÓN | N70: PORCENTAJE | O70: VALOR TOTAL
C71: ADMINISTRACION | N71: =PRESUPUESTO!$K$384 -> 0.26 | O71: =N71*O65 -> 8400.08
C72: IMPREVISTOS | N72: =PRESUPUESTO!$K$385 -> 0.01 | O72: =N72*O65 -> 323.08
C73: UTILIDAD | N73: =PRESUPUESTO!$K$386 -> 0.03 | O73: =N73*O65 -> 969.24
C76: TOTAL COSTO DIRECTO + A.I.U. | O76: =ROUNDUP(O65+O71+O72+O73,0) -> 42001
C81: DATOS ESPECÍFICOS
C82: ÍTEM | D82: DESCRIPCIÓN | M82: UNIDAD | O82: CANTIDAD
C83: =PRESUPUESTO!C282 -> 13.02 | D83: =IFERROR(VLOOKUP(C83,PRESUPUESTO!$C$11:$K$366,5,FALSE)," ") -> SUMINISTRO E INSTALACION ESTUCO PLASTICO Y VINILO 3 MANOS MUROS (INCLUYE ESTUCO, MANOS EN PINTURA ANTIBACTERIAL, FILOS Y DILATACIONES) | M83: =IFERROR(VLOOKUP(C83,PRESUPUESTO!$C$11:$K$366,6,FALSE)," ") -> ML | O83: =IFERROR(VLOOKUP(C83,PRESUPUESTO!$C$11:$K$366,7,FALSE)," ") -> 153.8
C87: DESCRIPCIÓN | H87: MARCA | J87: TIPO | L87: TARIFA/HORA | M87: RENDIMIENTO | O87: Vr. UNITARIO
C88: HERRAMIENTA MENOR | J88: =IFERROR(VLOOKUP(C88,EQUIPOS!$C$13:$G$80,2,FALSE)," ") -> % | L88: =O126 -> 17278.486 | M88: 0.05 | O88: =IFERROR(M88*L88,0) -> 863.9243
C89: SECCION DE 1,4 POR 1,4 H=2,0 - ANDAMIO CERTIFICADO BASE PLANA ACCESOINTERNO | J89: =IFERROR(VLOOKUP(C89,EQUIPOS!$C$13:$G$80,2,FALSE)," ") -> D | L89: =IFERROR(VLOOKUP(C89,EQUIPOS!$C$13:$G$80,5,FALSE)," ") -> 30496 | M89: =1/0.012 -> 83.333333 | O89: =IFERROR(L89/M89,0) -> 365.952
J90: =IFERROR(VLOOKUP(C90,EQUIPOS!$C$13:$G$80,2,FALSE)," ") | L90: =IFERROR(VLOOKUP(C90,EQUIPOS!$C$13:$G$80,5,FALSE)," ") | O90: =IFERROR(L90/M90,0) -> 0
J91: =IFERROR(VLOOKUP(C91,EQUIPOS!$C$13:$G$80,2,FALSE)," ") | L91: =IFERROR(VLOOKUP(C91,EQUIPOS!$C$13:$G$80,5,FALSE)," ") | O91: =IFERROR(L91/M91,0) -> 0
J92: =IFERROR(VLOOKUP(C92,EQUIPOS!$C$13:$G$80,2,FALSE)," ") | L92: =IFERROR(VLOOKUP(C92,EQUIPOS!$C$13:$G$80,5,FALSE)," ") | O92: =IFERROR(L92/M92,0) -> 0
C93: SUBTOTAL | O93: =SUM(O88:O92) -> 1229.8763
C94: II. MATERIALES
C97: DESCRIPCIÓN | K97: UNIDAD | L97: CANTIDAD | M97: PRECIO UNIT. | O97: Vr. UNITARIO
C98: ESTUCO PLASTICO | K98: =IFERROR(VLOOKUP(C98,MATERIALES!$C$13:$G$2486,2,FALSE)," ") -> GLN | L98: 0.12 | M98: =IFERROR(VLOOKUP(C98,MATERIALES!$C$13:$G$2486,5,FALSE)," ") -> 34210 | O98: =IFERROR(M98*L98,0) -> 4105.2
C99: PINTURA ANTIBACTERIAL | K99: =IFERROR(VLOOKUP(C99,MATERIALES!$C$13:$G$2486,2,FALSE)," ") -> GLN | L99: 0.057 | M99: =IFERROR(VLOOKUP(C99,MATERIALES!$C$13:$G$2486,5,FALSE)," ") -> 93340 | O99: =IFERROR(M99*L99,0) -> 5320.38
C100: LIJA DE AGUA 150 SUPER | K100: =IFERROR(VLOOKUP(C100,MATERIALES!$C$13:$G$2486,2,FALSE)," ") -> UN | L100: 0.08 | M100: =IFERROR(VLOOKUP(C100,MATERIALES!$C$13:$G$2486,5,FALSE)," ") -> 1858 | O100: =IFERROR(M100*L100,0) -> 148.64
C101: AGUA | K101: =IFERROR(VLOOKUP(C101,MATERIALES!$C$13:$G$2486,2,FALSE)," ") -> LT | L101: 0.6 | M101: =IFERROR(VLOOKUP(C101,MATERIALES!$C$13:$G$2486,5,FALSE)," ") -> 74 | O101: =IFERROR(M101*L101,0) -> 44.4
K102: =IFERROR(VLOOKUP(C102,MATERIALES!$C$13:$G$2486,2,FALSE)," ") | M102: =IFERROR(VLOOKUP(C102,MATERIALES!$C$13:$G$2486,5,FALSE)," ") | O102: =IFERROR(M102*L102,0) -> 0
K103: =IFERROR(VLOOKUP(C103,MATERIALES!$C$13:$G$2486,2,FALSE)," ") | M103: =IFERROR(VLOOKUP(C103,MATERIALES!$C$13:$G$2486,5,FALSE)," ") | O103: =IFERROR(M103*L103,0) -> 0
K104: =IFERROR(VLOOKUP(C104,MATERIALES!$C$13:$G$2486,2,FALSE)," ") | M104: =IFERROR(VLOOKUP(C104,MATERIALES!$C$13:$G$2486,5,FALSE)," ") | O104: =IFERROR(M104*L104,0) -> 0
K105: =IFERROR(VLOOKUP(C105,MATERIALES!$C$13:$G$2486,2,FALSE)," ") | M105: =IFERROR(VLOOKUP(C105,MATERIALES!$C$13:$G$2486,5,FALSE)," ") | O105: =IFERROR(M105*L105,0) -> 0
K106: =IFERROR(VLOOKUP(C106,MATERIALES!$C$13:$G$2486,2,FALSE)," ") | M106: =IFERROR(VLOOKUP(C106,MATERIALES!$C$13:$G$2486,5,FALSE)," ") | O106: =IFERROR(M106*L106,0) -> 0
K107: =IFERROR(VLOOKUP(C107,MATERIALES!$C$13:$G$2486,2,FALSE)," ") | M107: =IFERROR(VLOOKUP(C107,MATERIALES!$C$13:$G$2486,5,FALSE)," ") | O107: =IFERROR(M107*L107,0) -> 0
K108: =IFERROR(VLOOKUP(C108,MATERIALES!$C$13:$G$2486,2,FALSE)," ") | M108: =IFERROR(VLOOKUP(C108,MATERIALES!$C$13:$G$2486,5,FALSE)," ") | O108: =IFERROR(M108*L108,0) -> 0
K109: =IFERROR(VLOOKUP(C109,MATERIALES!$C$13:$G$2486,2,FALSE)," ") | M109: =IFERROR(VLOOKUP(C109,MATERIALES!$C$13:$G$2486,5,FALSE)," ") | O109: =IFERROR(M109*L109,0) -> 0
C110: SUBTOTAL | O110: =SUM(O98:O109) -> 9618.62
C111: III. TRANSPORTES
C114: MATERIAL | J114: VOL. o PESO | K114: DISTANCIA | L114: M3 o Ton/Km | M114: TARIFA | O114: Vr. UNITARIO
K115: 25.1 | L115: =K115*J115 -> 0 | M115: =IFERROR(VLOOKUP(C115,TRANSPORTE!$C$14:$G$28,5,FALSE)," ") | O115: =IFERROR(M115*L115,0) -> 0
O116: =IFERROR(M116*L116,0) -> 0
C117: SUBTOTAL | O117: =+SUM(O115:O116) -> 0
C118: IV. MANO DE OBRA
C121: TRABAJADOR | J121: JORNAL | K121: PRESTACIONES | L121: JORNAL TOTAL | M121: RENDIMIENTO | O121: Vr. UNITARIO
C122: 1 OFICIAL + AYUDANTE DE PINTURA | J122: =IFERROR(VLOOKUP(C122,'MANO DE OBRA'!$C$13:$J$33,6,FALSE)," ") -> 227348.28 | K122: =IFERROR(VLOOKUP(C122,'MANO DE OBRA'!$C$13:$J$33,7,FALSE)," ") -> 2 | L122: =IFERROR(VLOOKUP(C122,'MANO DE OBRA'!$C$13:$J$33,8,FALSE)," ") -> 454697 | M122: =1/0.038 -> 26.315789 | O122: =IFERROR((L122/M122),0) -> 17278.486
J123: =IFERROR(VLOOKUP(C123,'MANO DE OBRA'!$C$13:$J$33,6,FALSE)," ") | K123: =IFERROR(VLOOKUP(C123,'MANO DE OBRA'!$C$13:$J$33,7,FALSE)," ") | L123: =IFERROR(VLOOKUP(C123,'MANO DE OBRA'!$C$13:$J$33,8,FALSE)," ") | O123: =IFERROR((L123/M123),0) -> 0
J124: =IFERROR(VLOOKUP(C124,'MANO DE OBRA'!$C$13:$J$33,6,FALSE)," ") | K124: =IFERROR(VLOOKUP(C124,'MANO DE OBRA'!$C$13:$J$33,7,FALSE)," ") | L124: =IFERROR(VLOOKUP(C124,'MANO DE OBRA'!$C$13:$J$33,8,FALSE)," ") | O124: =IFERROR((L124/M124),0) -> 0
J125: =IFERROR(VLOOKUP(C125,'MANO DE OBRA'!$C$13:$J$33,6,FALSE)," ") | K125: =IFERROR(VLOOKUP(C125,'MANO DE OBRA'!$C$13:$J$33,7,FALSE)," ") | L125: =IFERROR(VLOOKUP(C125,'MANO DE OBRA'!$C$13:$J$33,8,FALSE)," ") | O125: =IFERROR((L125/M125),0) -> 0
C126: SUBTOTAL | O126: =+SUM(O122:O125) -> 17278.486
C128: TOTAL COSTO DIRECTO | O128: =ROUND(O117+O93+O110+O126,0) -> 28127
C130: V. COSTOS INDIRECTOS
C133: DESCRIPCIÓN | N133: PORCENTAJE | O133: VALOR TOTAL
C134: ADMINISTRACION | N134: =PRESUPUESTO!$K$384 -> 0.26 | O134: =N134*O128 -> 7313.02
C135: IMPREVISTOS | N135: =PRESUPUESTO!$K$385 -> 0.01 | O135: =N135*O128 -> 281.27
C136: UTILIDAD | N136: =PRESUPUESTO!$K$386 -> 0.03 | O136: =N136*O128 -> 843.81
C139: TOTAL COSTO DIRECTO + A.I.U. | O139: =ROUNDUP(O128+O134+O135+O136,0) -> 36566
C144: DATOS ESPECÍFICOS
C145: ÍTEM | D145: DESCRIPCIÓN | M145: UNIDAD | O145: CANTIDAD
...

Sheet APU CAP 14
C2: Formulario 1 - Propuesta económica - Licitación de obra pública de infraestructura social
C3: Código | D3: CCE-EICP-FM-116 | E3: Versión | F3: 1
C5: [La Entidad podrá utilizar este Formato para la presentación de los análisis de Precios Unitarios del Contratista en la oportunidad prevista en el numeral 8.1. del Documento Base]
C7: #VALUE!
D8: =PRESUPUESTO!C13 -> CONSTRUCCIÓN DEL CENTRO DE DESARROLLO INFANTIL BRISAS DEL MUNICIPIO DE MOSQUERA, CUNDINAMARCA
L9: VERSIÓN
L10: PÁGINA | M10: 1 | N10: DE | O10: 1
D11: ALCALDÍA DE MUNICIPAL DE MOSQUERA
L14: FECHA | M14: DD | N14: MM | O14: AA
C15: ESTUDIOS, DISEÑOS A DETALLE, PERMISOS Y LICENCIAMIENTO DE LOS DIFERENTES EQUIPAMIENTOS PÚBLICOS PARA EL MUNICIPIO DE MOSQUERA CUNDINAMARCA
C18: DATOS ESPECÍFICOS
C19: ÍTEM | D19: DESCRIPCIÓN | M19: UNIDAD | O19: CANTIDAD
C20: =PRESUPUESTO!C287 -> 14.02 | D20: =IFERROR(VLOOKUP(C20,PRESUPUESTO!$C$11:$K$366,5,FALSE)," ") -> CIELO RASO EN DRYWALL RH CON 1 MANO DE PINTURA | M20: =IFERROR(VLOOKUP(C20,PRESUPUESTO!$C$11:$K$366,6,FALSE)," ") -> M2 | O20: =IFERROR(VLOOKUP(C20,PRESUPUESTO!$C$11:$K$366,7,FALSE)," ") -> 136.46
C24: DESCRIPCIÓN | H24: MARCA | J24: TIPO | L24: TARIFA/HORA | M24: RENDIMIENTO | O24: Vr. UNITARIO
C25: HERRAMIENTA MENOR | J25: =IFERROR(VLOOKUP(C25,EQUIPOS!$C$13:$G$80,2,FALSE)," ") -> % | L25: =O63 -> 38053 | M25: 0.05 | O25: =IFERROR(M25*L25,0) -> 1902.65
C26: SECCION DE 1,4 POR 1,4 H=2,0 - ANDAMIO CERTIFICADO BASE PLANA ACCESOINTERNO | J26: =IFERROR(VLOOKUP(C26,EQUIPOS!$C$13:$G$80,2,FALSE)," ") -> D | L26: =IFERROR(VLOOKUP(C26,EQUIPOS!$C$13:$G$80,5,FALSE)," ") -> 30496 | M26: =1/0.0667 -> 14.992504 | O26: =IFERROR(L26/M26,0) -> 2034.0832
J27: =IFERROR(VLOOKUP(C27,EQUIPOS!$C$13:$G$80,2,FALSE)," ") | L27: =IFERROR(VLOOKUP(C27,EQUIPOS!$C$13:$G$80,5,FALSE)," ") | O27: =IFERROR(L27/M27,0) -> 0
J28: =IFERROR(VLOOKUP(C28,EQUIPOS!$C$13:$G$80,2,FALSE)," ") | L28: =IFERROR(VLOOKUP(C28,EQUIPOS!$C$13:$G$80,5,FALSE)," ") | O28: =IFERROR(L28/M28,0) -> 0
J29: =IFERROR(VLOOKUP(C29,EQUIPOS!$C$13:$G$80,2,FALSE)," ") | L29: =IFERROR(VLOOKUP(C29,EQUIPOS!$C$13:$G$80,5,FALSE)," ") | O29: =IFERROR(L29/M29,0) -> 0
C30: SUBTOTAL | O30: =SUM(O25:O29) -> 3936.7332
C31: II. MATERIALES
C34: DESCRIPCIÓN | K34: UNIDAD | L34: CANTIDAD | M34: PRECIO UNIT. | O34: Vr. UNITARIO
C35: PLACA DE YESO RH 1.22X2.44M 12.7MM | K35: =IFERROR(VLOOKUP(C35,MATERIALES!$C$13:$G$2486,2,FALSE)," ") -> M2 | L35: 1.05 | M35: =IFERROR(VLOOKUP(C35,MATERIALES!$C$13:$G$2486,5,FALSE)," ") -> 30198 | O35: =IFERROR(M35*L35,0) -> 31707.9
C36: PINTURA ANTIBACTERIAL | K36: =IFERROR(VLOOKUP(C36,MATERIALES!$C$13:$G$2486,2,FALSE)," ") -> GLN | L36: 0.04 | M36: =IFERROR(VLOOKUP(C36,MATERIALES!$C$13:$G$2486,5,FALSE)," ") -> 93340 | O36: =IFERROR(M36*L36,0) -> 3733.6
C37: ÁNGULO CAL.26 LÁMINA GALV. 2.44 M | K37: =IFERROR(VLOOKUP(C37,MATERIALES!$C$13:$G$2486,2,FALSE)," ") -> UN | L37: 0.45 | M37: =IFERROR(VLOOKUP(C37,MATERIALES!$C$13:$G$2486,5,FALSE)," ") -> 6430 | O37: =IFERROR(M37*L37,0) -> 2893.5
C38: CHAZO PLÁSTICO 1/4" | K38: =IFERROR(VLOOKUP(C38,MATERIALES!$C$13:$G$2486,2,FALSE)," ") -> UN | L38: 3 | M38: =IFERROR(VLOOKUP(C38,MATERIALES!$C$13:$G$2486,5,FALSE)," ") -> 167 | O38: =IFERROR(M38*L38,0) -> 501
C39: CINTA DE PAPEL SUPERCINTA 250 | K39: =IFERROR(VLOOKUP(C39,MATERIALES!$C$13:$G$2486,2,FALSE)," ") -> RL | L39: 0.07 | M39: =IFERROR(VLOOKUP(C39,MATERIALES!$C$13:$G$2486,5,FALSE)," ") -> 11614 | O39: =IFERROR(M39*L39,0) -> 812.98
C40: MASILLA SUPERMÁSTICO 5GLN | K40: =IFERROR(VLOOKUP(C40,MATERIALES!$C$13:$G$2486,2,FALSE)," ") -> GLN | L40: 0.06 | M40: =IFERROR(VLOOKUP(C40,MATERIALES!$C$13:$G$2486,5,FALSE)," ") -> 85293 | O40: =IFERROR(M40*L40,0) -> 5117.58
C41: LIJA DE AGUA 150 SUPER | K41: =IFERROR(VLOOKUP(C41,MATERIALES!$C$13:$G$2486,2,FALSE)," ") -> UN | L41: 1 | M41: =IFERROR(VLOOKUP(C41,MATERIALES!$C$13:$G$2486,5,FALSE)," ") -> 1858 | O41: =IFERROR(M41*L41,0) -> 1858
C42: PERNO 1/2" ALT. VEL. 1 3/4" | K42: =IFERROR(VLOOKUP(C42,MATERIALES!$C$13:$G$2486,2,FALSE)," ") -> UN | L42: 2 | M42: =IFERROR(VLOOKUP(C42,MATERIALES!$C$13:$G$2486,5,FALSE)," ") -> 929 | O42: =IFERROR(M42*L42,0) -> 1858
C43: PERFIL OMEGA METÁLICO 63 MM X 3,05 M | K43: =IFERROR(VLOOKUP(C43,MATERIALES!$C$13:$G$2486,2,FALSE)," ") -> UN | L43: 1.25 | M43: =IFERROR(VLOOKUP(C43,MATERIALES!$C$13:$G$2486,5,FALSE)," ") -> 9477 | O43: =IFERROR(M43*L43,0) -> 11846.25
C44: TORNILLO GRABER 6X1" | K44: =IFERROR(VLOOKUP(C44,MATERIALES!$C$13:$G$2486,2,FALSE)," ") -> UN | L44: 15 | M44: =IFERROR(VLOOKUP(C44,MATERIALES!$C$13:$G$2486,5,FALSE)," ") -> 32 | O44: =IFERROR(M44*L44,0) -> 480
C45: TORNILLO CABEZA EXTRAPLANA 8 X 1/2" | K45: =IFERROR(VLOOKUP(C45,MATERIALES!$C$13:$G$2486,2,FALSE)," ") -> UN | L45: 4 | M45: =IFERROR(VLOOKUP(C45,MATERIALES!$C$13:$G$2486,5,FALSE)," ") -> 149 | O45: =IFERROR(M45*L45,0) -> 596
K46: =IFERROR(VLOOKUP(C46,MATERIALES!$C$13:$G$2486,2,FALSE)," ") | M46: =IFERROR(VLOOKUP(C46,MATERIALES!$C$13:$G$2486,5,FALSE)," ") | O46: =IFERROR(M46*L46,0) -> 0
C47: SUBTOTAL | O47: =SUM(O35:O46) -> 61404.81
C48: III. TRANSPORTES
C51: MATERIAL | J51: VOL. o PESO | K51: DISTANCIA | L51: M3 o Ton/Km | M51: TARIFA | O51: Vr. UNITARIO
K52: 25.1 | L52: =K52*J52 -> 0 | M52: =IFERROR(VLOOKUP(C52,TRANSPORTE!$C$14:$G$28,5,FALSE)," ") | O52: =IFERROR(M52*L52,0) -> 0
O53: =IFERROR(M53*L53,0) -> 0
C54: SUBTOTAL | O54: =+SUM(O52:O53) -> 0
C55: IV. MANO DE OBRA
C58: TRABAJADOR | J58: JORNAL | K58: PRESTACIONES | L58: JORNAL TOTAL | M58: RENDIMIENTO | O58: Vr. UNITARIO
C59: AA- 1 OFICIAL + 1 AYUDANTE ALBAÑILERÍA | J59: =IFERROR(VLOOKUP(C59,'MANO DE OBRA'!$C$13:$J$33,6,FALSE)," ") -> 190265 | K59: =IFERROR(VLOOKUP(C59,'MANO DE OBRA'!$C$13:$J$33,7,FALSE)," ") -> 2 | L59: =IFERROR(VLOOKUP(C59,'MANO DE OBRA'!$C$13:$J$33,8,FALSE)," ") -> 380530 | M59: 10 | O59: =IFERROR((L59/M59),0) -> 38053
J60: =IFERROR(VLOOKUP(C60,'MANO DE OBRA'!$C$13:$J$33,6,FALSE)," ") | K60: =IFERROR(VLOOKUP(C60,'MANO DE OBRA'!$C$13:$J$33,7,FALSE)," ") | L60: =IFERROR(VLOOKUP(C60,'MANO DE OBRA'!$C$13:$J$33,8,FALSE)," ") | O60: =IFERROR((L60/M60),0) -> 0
J61: =IFERROR(VLOOKUP(C61,'MANO DE OBRA'!$C$13:$J$33,6,FALSE)," ") | K61: =IFERROR(VLOOKUP(C61,'MANO DE OBRA'!$C$13:$J$33,7,FALSE)," ") | L61: =IFERROR(VLOOKUP(C61,'MANO DE OBRA'!$C$13:$J$33,8,FALSE)," ") | O61: =IFERROR((L61/M61),0) -> 0
J62: =IFERROR(VLOOKUP(C62,'MANO DE OBRA'!$C$13:$J$33,6,FALSE)," ") | K62: =IFERROR(VLOOKUP(C62,'MANO DE OBRA'!$C$13:$J$33,7,FALSE)," ") | L62: =IFERROR(VLOOKUP(C62,'MANO DE OBRA'!$C$13:$J$33,8,FALSE)," ") | O62: =IFERROR((L62/M62),0) -> 0
C63: SUBTOTAL | O63: =+SUM(O59:O62) -> 38053
C65: TOTAL COSTO DIRECTO | O65: =ROUND(O54+O30+O47+O63,0) -> 103395
C67: V. COSTOS INDIRECTOS
C70: DESCRIPCIÓN | N70: PORCENTAJE | O70: VALOR TOTAL
C71: ADMINISTRACION | N71: =PRESUPUESTO!$K$384 -> 0.26 | O71: =N71*O65 -> 26882.7
C72: IMPREVISTOS | N72: =PRESUPUESTO!$K$385 -> 0.01 | O72: =N72*O65 -> 1033.95
C73: UTILIDAD | N73: =PRESUPUESTO!$K$386 -> 0.03 | O73: =N73*O65 -> 3101.85
C76: TOTAL COSTO DIRECTO + A.I.U. | O76: =ROUNDUP(O65+O71+O72+O73,0) -> 134414
C81: DATOS ESPECÍFICOS
C82: ÍTEM | D82: DESCRIPCIÓN | M82: UNIDAD | O82: CANTIDAD
C83: =PRESUPUESTO!C288 -> 14.03 | D83: =IFERROR(VLOOKUP(C83,PRESUPUESTO!$C$11:$K$366,5,FALSE)," ") -> SUMINISTRO E INSTALACIÓN DE TAPAS DE INSPECCIÓN EN CIELORASO DE 60X60 DE MARCO OCULTO Y APERTURA PUSH, CON 1 MANO DE PINTURA ANTIBACTERIAL | M83: =IFERROR(VLOOKUP(C83,PRESUPUESTO!$C$11:$K$366,6,FALSE)," ") -> UN | O83: =IFERROR(VLOOKUP(C83,PRESUPUESTO!$C$11:$K$366,7,FALSE)," ") -> 29
C87: DESCRIPCIÓN | H87: MARCA | J87: TIPO | L87: TARIFA/HORA | M87: RENDIMIENTO | O87: Vr. UNITARIO
C88: HERRAMIENTA MENOR | J88: =IFERROR(VLOOKUP(C88,EQUIPOS!$C$13:$G$80,2,FALSE)," ") -> % | L88: =O126 -> 44768.235 | M88: 0.05 | O88: =IFERROR(M88*L88,0) -> 2238.4118
C89: SECCION DE 1,4 POR 1,4 H=2,0 - ANDAMIO CERTIFICADO BASE PLANA ACCESOINTERNO | J89: =IFERROR(VLOOKUP(C89,EQUIPOS!$C$13:$G$80,2,FALSE)," ") -> D | L89: =IFERROR(VLOOKUP(C89,EQUIPOS!$C$13:$G$80,5,FALSE)," ") -> 30496 | M89: =1/0.125 -> 8 | O89: =IFERROR(L89/M89,0) -> 3812
J90: =IFERROR(VLOOKUP(C90,EQUIPOS!$C$13:$G$80,2,FALSE)," ") | L90: =IFERROR(VLOOKUP(C90,EQUIPOS!$C$13:$G$80,5,FALSE)," ") | O90: =IFERROR(L90/M90,0) -> 0
J91: =IFERROR(VLOOKUP(C91,EQUIPOS!$C$13:$G$80,2,FALSE)," ") | L91: =IFERROR(VLOOKUP(C91,EQUIPOS!$C$13:$G$80,5,FALSE)," ") | O91: =IFERROR(L91/M91,0) -> 0
J92: =IFERROR(VLOOKUP(C92,EQUIPOS!$C$13:$G$80,2,FALSE)," ") | L92: =IFERROR(VLOOKUP(C92,EQUIPOS!$C$13:$G$80,5,FALSE)," ") | O92: =IFERROR(L92/M92,0) -> 0
C93: SUBTOTAL | O93: =SUM(O88:O92) -> 6050.4118
C94: II. MATERIALES
C97: DESCRIPCIÓN | K97: UNIDAD | L97: CANTIDAD | M97: PRECIO UNIT. | O97: Vr. UNITARIO
C98: TAPA REGULAR INVISIBLE 60X60 DRYWALL | K98: =IFERROR(VLOOKUP(C98,MATERIALES!$C$13:$G$2486,2,FALSE)," ") -> UN | L98: 1 | M98: =IFERROR(VLOOKUP(C98,MATERIALES!$C$13:$G$2486,5,FALSE)," ") -> 161900 | O98: =IFERROR(M98*L98,0) -> 161900
C99: DISPOSITIVO 160 PUSH TO OPEN CON ENGANCHE BOLA | K99: =IFERROR(VLOOKUP(C99,MATERIALES!$C$13:$G$2486,2,FALSE)," ") -> UN | L99: 1 | M99: =IFERROR(VLOOKUP(C99,MATERIALES!$C$13:$G$2486,5,FALSE)," ") -> 10900 | O99: =IFERROR(M99*L99,0) -> 10900
C100: OMEGAS Y VIGUETAS EN ALUMINIO PARA SOPORTE DRYWALL 0.38MM | K100: =IFERROR(VLOOKUP(C100,MATERIALES!$C$13:$G$2486,2,FALSE)," ") -> ML | L100: 2.4 | M100: =IFERROR(VLOOKUP(C100,MATERIALES!$C$13:$G$2486,5,FALSE)," ") -> 3147 | O100: =IFERROR(M100*L100,0) -> 7552.8
C101: MASILLA PARA JUNTAS DRYWALL 28KG | K101: =IFERROR(VLOOKUP(C101,MATERIALES!$C$13:$G$2486,2,FALSE)," ") -> KG | L101: 0.35 | M101: =IFERROR(VLOOKUP(C101,MATERIALES!$C$13:$G$2486,5,FALSE)," ") -> 2139 | O101: =IFERROR(M101*L101,0) -> 748.65
C102: CINTA DE MALLA FIBRA VIDRIO PARA DRYWALL L=45M | K102: =IFERROR(VLOOKUP(C102,MATERIALES!$C$13:$G$2486,2,FALSE)," ") -> ML | L102: 2.4 | M102: =IFERROR(VLOOKUP(C102,MATERIALES!$C$13:$G$2486,5,FALSE)," ") -> 160 | O102: =IFERROR(M102*L102,0) -> 384
C103: PINTURA ANTIBACTERIAL | K103: =IFERROR(VLOOKUP(C103,MATERIALES!$C$13:$G$2486,2,FALSE)," ") -> GLN | L103: 0.015 | M103: =IFERROR(VLOOKUP(C103,MATERIALES!$C$13:$G$2486,5,FALSE)," ") -> 93340 | O103: =IFERROR(M103*L103,0) -> 1400.1
C104: TORNILLO GRABER 6X1" | K104: =IFERROR(VLOOKUP(C104,MATERIALES!$C$13:$G$2486,2,FALSE)," ") -> UN | L104: 10 | M104: =IFERROR(VLOOKUP(C104,MATERIALES!$C$13:$G$2486,5,FALSE)," ") -> 32 | O104: =IFERROR(M104*L104,0) -> 320
C105: LIJA DE AGUA 150 SUPER | K105: =IFERROR(VLOOKUP(C105,MATERIALES!$C$13:$G$2486,2,FALSE)," ") -> UN | L105: 0.25 | M105: =IFERROR(VLOOKUP(C105,MATERIALES!$C$13:$G$2486,5,FALSE)," ") -> 1858 | O105: =IFERROR(M105*L105,0) -> 464.5
K106: =IFERROR(VLOOKUP(C106,MATERIALES!$C$13:$G$2486,2,FALSE)," ") | M106: =IFERROR(VLOOKUP(C106,MATERIALES!$C$13:$G$2486,5,FALSE)," ") | O106: =IFERROR(M106*L106,0) -> 0
K107: =IFERROR(VLOOKUP(C107,MATERIALES!$C$13:$G$2486,2,FALSE)," ") | M107: =IFERROR(VLOOKUP(C107,MATERIALES!$C$13:$G$2486,5,FALSE)," ") | O107: =IFERROR(M107*L107,0) -> 0
K108: =IFERROR(VLOOKUP(C108,MATERIALES!$C$13:$G$2486,2,FALSE)," ") | M108: =IFERROR(VLOOKUP(C108,MATERIALES!$C$13:$G$2486,5,FALSE)," ") | O108: =IFERROR(M108*L108,0) -> 0
K109: =IFERROR(VLOOKUP(C109,MATERIALES!$C$13:$G$2486,2,FALSE)," ") | M109: =IFERROR(VLOOKUP(C109,MATERIALES!$C$13:$G$2486,5,FALSE)," ") | O109: =IFERROR(M109*L109,0) -> 0
C110: SUBTOTAL | O110: =SUM(O98:O109) -> 183670.05
C111: III. TRANSPORTES
C114: MATERIAL | J114: VOL. o PESO | K114: DISTANCIA | L114: M3 o Ton/Km | M114: TARIFA | O114: Vr. UNITARIO
K115: 25.1 | L115: =K115*J115 -> 0 | M115: =IFERROR(VLOOKUP(C115,TRANSPORTE!$C$14:$G$28,5,FALSE)," ") | O115: =IFERROR(M115*L115,0) -> 0
O116: =IFERROR(M116*L116,0) -> 0
C117: SUBTOTAL | O117: =+SUM(O115:O116) -> 0
C118: IV. MANO DE OBRA
C121: TRABAJADOR | J121: JORNAL | K121: PRESTACIONES | L121: JORNAL TOTAL | M121: RENDIMIENTO | O121: Vr. UNITARIO
C122: AA- 1 OFICIAL + 1 AYUDANTE ALBAÑILERÍA | J122: =IFERROR(VLOOKUP(C122,'MANO DE OBRA'!$C$13:$J$33,6,FALSE)," ") -> 190265 | K122: =IFERROR(VLOOKUP(C122,'MANO DE OBRA'!$C$13:$J$33,7,FALSE)," ") -> 2 | L122: =IFERROR(VLOOKUP(C122,'MANO DE OBRA'!$C$13:$J$33,8,FALSE)," ") -> 380530 | M122: 8.5 | O122: =IFERROR((L122/M122),0) -> 44768.235
J123: =IFERROR(VLOOKUP(C123,'MANO DE OBRA'!$C$13:$J$33,6,FALSE)," ") | K123: =IFERROR(VLOOKUP(C123,'MANO DE OBRA'!$C$13:$J$33,7,FALSE)," ") | L123: =IFERROR(VLOOKUP(C123,'MANO DE OBRA'!$C$13:$J$33,8,FALSE)," ") | O123: =IFERROR((L123/M123),0) -> 0
J124: =IFERROR(VLOOKUP(C124,'MANO DE OBRA'!$C$13:$J$33,6,FALSE)," ") | K124: =IFERROR(VLOOKUP(C124,'MANO DE OBRA'!$C$13:$J$33,7,FALSE)," ") | L124: =IFERROR(VLOOKUP(C124,'MANO DE OBRA'!$C$13:$J$33,8,FALSE)," ") | O124: =IFERROR((L124/M124),0) -> 0
J125: =IFERROR(VLOOKUP(C125,'MANO DE OBRA'!$C$13:$J$33,6,FALSE)," ") | K125: =IFERROR(VLOOKUP(C125,'MANO DE OBRA'!$C$13:$J$33,7,FALSE)," ") | L125: =IFERROR(VLOOKUP(C125,'MANO DE OBRA'!$C$13:$J$33,8,FALSE)," ") | O125: =IFERROR((L125/M125),0) -> 0
C126: SUBTOTAL | O126: =+SUM(O122:O125) -> 44768.235
C128: TOTAL COSTO DIRECTO | O128: =ROUND(O117+O93+O110+O126,0) -> 234489
C130: V. COSTOS INDIRECTOS
C133: DESCRIPCIÓN | N133: PORCENTAJE | O133: VALOR TOTAL
C134: ADMINISTRACION | N134: =PRESUPUESTO!$K$384 -> 0.26 | O134: =N134*O128 -> 60967.14
C135: IMPREVISTOS | N135: =PRESUPUESTO!$K$385 -> 0.01 | O135: =N135*O128 -> 2344.89
C136: UTILIDAD | N136: =PRESUPUESTO!$K$386 -> 0.03 | O136: =N136*O128 -> 7034.67
C139: TOTAL COSTO DIRECTO + A.I.U. | O139: =ROUNDUP(O128+O134+O135+O136,0) -> 304836
C144: DATOS ESPECÍFICOS
C145: ÍTEM | D145: DESCRIPCIÓN | M145: UNIDAD | O145: CANTIDAD
...

Sheet APU CAP 15
C2: Formulario 1 - Propuesta económica - Licitación de obra pública de infraestructura social
C3: Código | D3: CCE-EICP-FM-116 | E3: Versión | F3: 1
C5: [La Entidad podrá utilizar este Formato para la presentación de los análisis de Precios Unitarios del Contratista en la oportunidad prevista en el numeral 8.1. del Documento Base]
C7: #VALUE!
D8: =PRESUPUESTO!C13 -> CONSTRUCCIÓN DEL CENTRO DE DESARROLLO INFANTIL BRISAS DEL MUNICIPIO DE MOSQUERA, CUNDINAMARCA
L9: VERSIÓN
L10: PÁGINA | M10: 1 | N10: DE | O10: 1
D11: ALCALDÍA DE MUNICIPAL DE MOSQUERA
L14: FECHA | M14: DD | N14: MM | O14: AA
C15: ESTUDIOS, DISEÑOS A DETALLE, PERMISOS Y LICENCIAMIENTO DE LOS DIFERENTES EQUIPAMIENTOS PÚBLICOS PARA EL MUNICIPIO DE MOSQUERA CUNDINAMARCA
C18: DATOS ESPECÍFICOS
C19: ÍTEM | D19: DESCRIPCIÓN | M19: UNIDAD | O19: CANTIDAD
C20: =PRESUPUESTO!C293 -> 15.01 | D20: =IFERROR(VLOOKUP(C20,PRESUPUESTO!$C$11:$K$366,5,FALSE)," ") -> SUMINISTRO E INSTALACIÓN DE TAZA SANITARIA INSTITUCIONAL TIPO ADRIÁTICA PLUS O SIMILAR, EN PORCELANA VITRIFICADA COLOR BLANCO, CON ENTRADA POSTERIOR Y VÁLVULA PUSH DE EMPOTRAR. INCLUYE ASIENTO, CONEXIONES, ANCLAJES Y PRUEBA DE FUNCIONAMIENTO. | M20: =IFERROR(VLOOKUP(C20,PRESUPUESTO!$C$11:$K$366,6,FALSE)," ") -> UN | O20: =IFERROR(VLOOKUP(C20,PRESUPUESTO!$C$11:$K$366,7,FALSE)," ") -> 8
C24: DESCRIPCIÓN | H24: MARCA | J24: TIPO | L24: TARIFA/HORA | M24: RENDIMIENTO | O24: Vr. UNITARIO
C25: HERRAMIENTA MENOR | J25: =IFERROR(VLOOKUP(C25,EQUIPOS!$C$13:$G$80,2,FALSE)," ") -> % | L25: =O63 -> 10403.575 | M25: 0.05 | O25: =IFERROR(M25*L25,0) -> 520.17875
J26: =IFERROR(VLOOKUP(C26,EQUIPOS!$C$13:$G$80,2,FALSE)," ") | L26: =IFERROR(VLOOKUP(C26,EQUIPOS!$C$13:$G$80,5,FALSE)," ") | O26: =IFERROR(L26/M26,0) -> 0
J27: =IFERROR(VLOOKUP(C27,EQUIPOS!$C$13:$G$80,2,FALSE)," ") | L27: =IFERROR(VLOOKUP(C27,EQUIPOS!$C$13:$G$80,5,FALSE)," ") | O27: =IFERROR(L27/M27,0) -> 0
J28: =IFERROR(VLOOKUP(C28,EQUIPOS!$C$13:$G$80,2,FALSE)," ") | L28: =IFERROR(VLOOKUP(C28,EQUIPOS!$C$13:$G$80,5,FALSE)," ") | O28: =IFERROR(L28/M28,0) -> 0
J29: =IFERROR(VLOOKUP(C29,EQUIPOS!$C$13:$G$80,2,FALSE)," ") | L29: =IFERROR(VLOOKUP(C29,EQUIPOS!$C$13:$G$80,5,FALSE)," ") | O29: =IFERROR(L29/M29,0) -> 0
C30: SUBTOTAL | O30: =SUM(O25:O29) -> 520.17875
C31: II. MATERIALES
C34: DESCRIPCIÓN | K34: UNIDAD | L34: CANTIDAD | M34: PRECIO UNIT. | O34: Vr. UNITARIO
C35: KIT TAZA ADRIÁTICA PLUS ENTRADA POSTERIOR CON VÁLVULA PUSH DE EMPOTRAR | K35: =IFERROR(VLOOKUP(C35,MATERIALES!$C$13:$G$2486,2,FALSE)," ") -> UN | L35: 1 | M35: =IFERROR(VLOOKUP(C35,MATERIALES!$C$13:$G$2486,5,FALSE)," ") -> 1531900 | O35: =IFERROR(M35*L35,0) -> 1531900
C36: SILICONA ANTIHONGOS | K36: =IFERROR(VLOOKUP(C36,MATERIALES!$C$13:$G$2486,2,FALSE)," ") -> UN | L36: 0.4 | M36: =IFERROR(VLOOKUP(C36,MATERIALES!$C$13:$G$2486,5,FALSE)," ") -> 17500 | O36: =IFERROR(M36*L36,0) -> 7000
K37: =IFERROR(VLOOKUP(C37,MATERIALES!$C$13:$G$2486,2,FALSE)," ") | M37: =IFERROR(VLOOKUP(C37,MATERIALES!$C$13:$G$2486,5,FALSE)," ") | O37: =IFERROR(M37*L37,0) -> 0
K38: =IFERROR(VLOOKUP(C38,MATERIALES!$C$13:$G$2486,2,FALSE)," ") | M38: =IFERROR(VLOOKUP(C38,MATERIALES!$C$13:$G$2486,5,FALSE)," ") | O38: =IFERROR(M38*L38,0) -> 0
K39: =IFERROR(VLOOKUP(C39,MATERIALES!$C$13:$G$2486,2,FALSE)," ") | M39: =IFERROR(VLOOKUP(C39,MATERIALES!$C$13:$G$2486,5,FALSE)," ") | O39: =IFERROR(M39*L39,0) -> 0
K40: =IFERROR(VLOOKUP(C40,MATERIALES!$C$13:$G$2486,2,FALSE)," ") | M40: =IFERROR(VLOOKUP(C40,MATERIALES!$C$13:$G$2486,5,FALSE)," ") | O40: =IFERROR(M40*L40,0) -> 0
K41: =IFERROR(VLOOKUP(C41,MATERIALES!$C$13:$G$2486,2,FALSE)," ") | M41: =IFERROR(VLOOKUP(C41,MATERIALES!$C$13:$G$2486,5,FALSE)," ") | O41: =IFERROR(M41*L41,0) -> 0
K42: =IFERROR(VLOOKUP(C42,MATERIALES!$C$13:$G$2486,2,FALSE)," ") | M42: =IFERROR(VLOOKUP(C42,MATERIALES!$C$13:$G$2486,5,FALSE)," ") | O42: =IFERROR(M42*L42,0) -> 0
K43: =IFERROR(VLOOKUP(C43,MATERIALES!$C$13:$G$2486,2,FALSE)," ") | M43: =IFERROR(VLOOKUP(C43,MATERIALES!$C$13:$G$2486,5,FALSE)," ") | O43: =IFERROR(M43*L43,0) -> 0
K44: =IFERROR(VLOOKUP(C44,MATERIALES!$C$13:$G$2486,2,FALSE)," ") | M44: =IFERROR(VLOOKUP(C44,MATERIALES!$C$13:$G$2486,5,FALSE)," ") | O44: =IFERROR(M44*L44,0) -> 0
K45: =IFERROR(VLOOKUP(C45,MATERIALES!$C$13:$G$2486,2,FALSE)," ") | M45: =IFERROR(VLOOKUP(C45,MATERIALES!$C$13:$G$2486,5,FALSE)," ") | O45: =IFERROR(M45*L45,0) -> 0
K46: =IFERROR(VLOOKUP(C46,MATERIALES!$C$13:$G$2486,2,FALSE)," ") | M46: =IFERROR(VLOOKUP(C46,MATERIALES!$C$13:$G$2486,5,FALSE)," ") | O46: =IFERROR(M46*L46,0) -> 0
C47: SUBTOTAL | O47: =SUM(O35:O46) -> 1538900
C48: III. TRANSPORTES
C51: MATERIAL | J51: VOL. o PESO | K51: DISTANCIA | L51: M3 o Ton/Km | M51: TARIFA | O51: Vr. UNITARIO
K52: 25.1 | L52: =K52*J52 -> 0 | M52: =IFERROR(VLOOKUP(C52,TRANSPORTE!$C$14:$G$28,5,FALSE)," ") | O52: =IFERROR(M52*L52,0) -> 0
O53: =IFERROR(M53*L53,0) -> 0
C54: SUBTOTAL | O54: =+SUM(O52:O53) -> 0
C55: IV. MANO DE OBRA
C58: TRABAJADOR | J58: JORNAL | K58: PRESTACIONES | L58: JORNAL TOTAL | M58: RENDIMIENTO | O58: Vr. UNITARIO
C59: 1 OFICIAL + AYUDANTE HyS | J59: =IFERROR(VLOOKUP(C59,'MANO DE OBRA'!$C$13:$J$33,6,FALSE)," ") -> 208071.7 | K59: =IFERROR(VLOOKUP(C59,'MANO DE OBRA'!$C$13:$J$33,7,FALSE)," ") -> 2 | L59: =IFERROR(VLOOKUP(C59,'MANO DE OBRA'!$C$13:$J$33,8,FALSE)," ") -> 416143 | M59: 40 | O59: =IFERROR((L59/M59),0) -> 10403.575
J60: =IFERROR(VLOOKUP(C60,'MANO DE OBRA'!$C$13:$J$33,6,FALSE)," ") | K60: =IFERROR(VLOOKUP(C60,'MANO DE OBRA'!$C$13:$J$33,7,FALSE)," ") | L60: =IFERROR(VLOOKUP(C60,'MANO DE OBRA'!$C$13:$J$33,8,FALSE)," ") | O60: =IFERROR((L60/M60),0) -> 0
J61: =IFERROR(VLOOKUP(C61,'MANO DE OBRA'!$C$13:$J$33,6,FALSE)," ") | K61: =IFERROR(VLOOKUP(C61,'MANO DE OBRA'!$C$13:$J$33,7,FALSE)," ") | L61: =IFERROR(VLOOKUP(C61,'MANO DE OBRA'!$C$13:$J$33,8,FALSE)," ") | O61: =IFERROR((L61/M61),0) -> 0
J62: =IFERROR(VLOOKUP(C62,'MANO DE OBRA'!$C$13:$J$33,6,FALSE)," ") | K62: =IFERROR(VLOOKUP(C62,'MANO DE OBRA'!$C$13:$J$33,7,FALSE)," ") | L62: =IFERROR(VLOOKUP(C62,'MANO DE OBRA'!$C$13:$J$33,8,FALSE)," ") | O62: =IFERROR((L62/M62),0) -> 0
C63: SUBTOTAL | O63: =+SUM(O59:O62) -> 10403.575
C65: TOTAL COSTO DIRECTO | O65: =ROUND(O54+O30+O47+O63,0) -> 1549824
C67: V. COSTOS INDIRECTOS
C70: DESCRIPCIÓN | N70: PORCENTAJE | O70: VALOR TOTAL
C71: ADMINISTRACION | N71: =PRESUPUESTO!$K$384 -> 0.26 | O71: =N71*O65 -> 402954.24
C72: IMPREVISTOS | N72: =PRESUPUESTO!$K$385 -> 0.01 | O72: =N72*O65 -> 15498.24
C73: UTILIDAD | N73: =PRESUPUESTO!$K$386 -> 0.03 | O73: =N73*O65 -> 46494.72
C76: TOTAL COSTO DIRECTO + A.I.U. | O76: =ROUNDUP(O65+O71+O72+O73,0) -> 2014772
C81: DATOS ESPECÍFICOS
C82: ÍTEM | D82: DESCRIPCIÓN | M82: UNIDAD | O82: CANTIDAD
C83: =PRESUPUESTO!C294 -> 15.02 | D83: =IFERROR(VLOOKUP(C83,PRESUPUESTO!$C$11:$K$366,5,FALSE)," ") -> SUMINISTRO E INSTALACIÓN DE ORINAL INSTITUCIONAL TIPO GOTTA O SIMILAR, EN PORCELANA VITRIFICADA COLOR BLANCO, CON ENTRADA POSTERIOR Y VÁLVULA PUSH ANTIVANDÁLICA. INCLUYE CONEXIONES, FIJACIONES, SELLADO Y PRUEBA DE FUNCIONAMIENTO. | M83: =IFERROR(VLOOKUP(C83,PRESUPUESTO!$C$11:$K$366,6,FALSE)," ") -> UN | O83: =IFERROR(VLOOKUP(C83,PRESUPUESTO!$C$11:$K$366,7,FALSE)," ") -> 1
C87: DESCRIPCIÓN | H87: MARCA | J87: TIPO | L87: TARIFA/HORA | M87: RENDIMIENTO | O87: Vr. UNITARIO
C88: HERRAMIENTA MENOR | J88: =IFERROR(VLOOKUP(C88,EQUIPOS!$C$13:$G$80,2,FALSE)," ") -> % | L88: =O126 -> 6305.197 | M88: 0.05 | O88: =IFERROR(M88*L88,0) -> 315.25985
J89: =IFERROR(VLOOKUP(C89,EQUIPOS!$C$13:$G$80,2,FALSE)," ") | L89: =IFERROR(VLOOKUP(C89,EQUIPOS!$C$13:$G$80,5,FALSE)," ") | O89: =IFERROR(L89/M89,0) -> 0
J90: =IFERROR(VLOOKUP(C90,EQUIPOS!$C$13:$G$80,2,FALSE)," ") | L90: =IFERROR(VLOOKUP(C90,EQUIPOS!$C$13:$G$80,5,FALSE)," ") | O90: =IFERROR(L90/M90,0) -> 0
J91: =IFERROR(VLOOKUP(C91,EQUIPOS!$C$13:$G$80,2,FALSE)," ") | L91: =IFERROR(VLOOKUP(C91,EQUIPOS!$C$13:$G$80,5,FALSE)," ") | O91: =IFERROR(L91/M91,0) -> 0
J92: =IFERROR(VLOOKUP(C92,EQUIPOS!$C$13:$G$80,2,FALSE)," ") | L92: =IFERROR(VLOOKUP(C92,EQUIPOS!$C$13:$G$80,5,FALSE)," ") | O92: =IFERROR(L92/M92,0) -> 0
C93: SUBTOTAL | O93: =SUM(O88:O92) -> 315.25985
C94: II. MATERIALES
C97: DESCRIPCIÓN | K97: UNIDAD | L97: CANTIDAD | M97: PRECIO UNIT. | O97: Vr. UNITARIO
C98: KIT ORINAL GOTTA ENTRADA POSTERIOR CON VÁLVULA PUSH DE EMPOTRAR | K98: =IFERROR(VLOOKUP(C98,MATERIALES!$C$13:$G$2486,2,FALSE)," ") -> UN | L98: 1 | M98: =IFERROR(VLOOKUP(C98,MATERIALES!$C$13:$G$2486,5,FALSE)," ") -> 1230900 | O98: =IFERROR(M98*L98,0) -> 1230900
C99: SILICONA ANTIHONGOS | K99: =IFERROR(VLOOKUP(C99,MATERIALES!$C$13:$G$2486,2,FALSE)," ") -> UN | L99: 0.05 | M99: =IFERROR(VLOOKUP(C99,MATERIALES!$C$13:$G$2486,5,FALSE)," ") -> 17500 | O99: =IFERROR(M99*L99,0) -> 875
K100: =IFERROR(VLOOKUP(C100,MATERIALES!$C$13:$G$2486,2,FALSE)," ") | M100: =IFERROR(VLOOKUP(C100,MATERIALES!$C$13:$G$2486,5,FALSE)," ") | O100: =IFERROR(M100*L100,0) -> 0
K101: =IFERROR(VLOOKUP(C101,MATERIALES!$C$13:$G$2486,2,FALSE)," ") | M101: =IFERROR(VLOOKUP(C101,MATERIALES!$C$13:$G$2486,5,FALSE)," ") | O101: =IFERROR(M101*L101,0) -> 0
K102: =IFERROR(VLOOKUP(C102,MATERIALES!$C$13:$G$2486,2,FALSE)," ") | M102: =IFERROR(VLOOKUP(C102,MATERIALES!$C$13:$G$2486,5,FALSE)," ") | O102: =IFERROR(M102*L102,0) -> 0
K103: =IFERROR(VLOOKUP(C103,MATERIALES!$C$13:$G$2486,2,FALSE)," ") | M103: =IFERROR(VLOOKUP(C103,MATERIALES!$C$13:$G$2486,5,FALSE)," ") | O103: =IFERROR(M103*L103,0) -> 0
K104: =IFERROR(VLOOKUP(C104,MATERIALES!$C$13:$G$2486,2,FALSE)," ") | M104: =IFERROR(VLOOKUP(C104,MATERIALES!$C$13:$G$2486,5,FALSE)," ") | O104: =IFERROR(M104*L104,0) -> 0
K105: =IFERROR(VLOOKUP(C105,MATERIALES!$C$13:$G$2486,2,FALSE)," ") | M105: =IFERROR(VLOOKUP(C105,MATERIALES!$C$13:$G$2486,5,FALSE)," ") | O105: =IFERROR(M105*L105,0) -> 0
K106: =IFERROR(VLOOKUP(C106,MATERIALES!$C$13:$G$2486,2,FALSE)," ") | M106: =IFERROR(VLOOKUP(C106,MATERIALES!$C$13:$G$2486,5,FALSE)," ") | O106: =IFERROR(M106*L106,0) -> 0
K107: =IFERROR(VLOOKUP(C107,MATERIALES!$C$13:$G$2486,2,FALSE)," ") | M107: =IFERROR(VLOOKUP(C107,MATERIALES!$C$13:$G$2486,5,FALSE)," ") | O107: =IFERROR(M107*L107,0) -> 0
K108: =IFERROR(VLOOKUP(C108,MATERIALES!$C$13:$G$2486,2,FALSE)," ") | M108: =IFERROR(VLOOKUP(C108,MATERIALES!$C$13:$G$2486,5,FALSE)," ") | O108: =IFERROR(M108*L108,0) -> 0
K109: =IFERROR(VLOOKUP(C109,MATERIALES!$C$13:$G$2486,2,FALSE)," ") | M109: =IFERROR(VLOOKUP(C109,MATERIALES!$C$13:$G$2486,5,FALSE)," ") | O109: =IFERROR(M109*L109,0) -> 0
C110: SUBTOTAL | O110: =SUM(O98:O109) -> 1231775
C111: III. TRANSPORTES
C114: MATERIAL | J114: VOL. o PESO | K114: DISTANCIA | L114: M3 o Ton/Km | M114: TARIFA | O114: Vr. UNITARIO
K115: 25.1 | L115: =K115*J115 -> 0 | M115: =IFERROR(VLOOKUP(C115,TRANSPORTE!$C$14:$G$28,5,FALSE)," ") | O115: =IFERROR(M115*L115,0) -> 0
O116: =IFERROR(M116*L116,0) -> 0
C117: SUBTOTAL | O117: =+SUM(O115:O116) -> 0
C118: IV. MANO DE OBRA
C121: TRABAJADOR | J121: JORNAL | K121: PRESTACIONES | L121: JORNAL TOTAL | M121: RENDIMIENTO | O121: Vr. UNITARIO
C122: 1 OFICIAL + AYUDANTE HyS | J122: =IFERROR(VLOOKUP(C122,'MANO DE OBRA'!$C$13:$J$33,6,FALSE)," ") -> 208071.7 | K122: =IFERROR(VLOOKUP(C122,'MANO DE OBRA'!$C$13:$J$33,7,FALSE)," ") -> 2 | L122: =IFERROR(VLOOKUP(C122,'MANO DE OBRA'!$C$13:$J$33,8,FALSE)," ") -> 416143 | M122: 66 | O122: =IFERROR((L122/M122),0) -> 6305.197
J123: =IFERROR(VLOOKUP(C123,'MANO DE OBRA'!$C$13:$J$33,6,FALSE)," ") | K123: =IFERROR(VLOOKUP(C123,'MANO DE OBRA'!$C$13:$J$33,7,FALSE)," ") | L123: =IFERROR(VLOOKUP(C123,'MANO DE OBRA'!$C$13:$J$33,8,FALSE)," ") | O123: =IFERROR((L123/M123),0) -> 0
J124: =IFERROR(VLOOKUP(C124,'MANO DE OBRA'!$C$13:$J$33,6,FALSE)," ") | K124: =IFERROR(VLOOKUP(C124,'MANO DE OBRA'!$C$13:$J$33,7,FALSE)," ") | L124: =IFERROR(VLOOKUP(C124,'MANO DE OBRA'!$C$13:$J$33,8,FALSE)," ") | O124: =IFERROR((L124/M124),0) -> 0
J125: =IFERROR(VLOOKUP(C125,'MANO DE OBRA'!$C$13:$J$33,6,FALSE)," ") | K125: =IFERROR(VLOOKUP(C125,'MANO DE OBRA'!$C$13:$J$33,7,FALSE)," ") | L125: =IFERROR(VLOOKUP(C125,'MANO DE OBRA'!$C$13:$J$33,8,FALSE)," ") | O125: =IFERROR((L125/M125),0) -> 0
C126: SUBTOTAL | O126: =+SUM(O122:O125) -> 6305.197
C128: TOTAL COSTO DIRECTO | O128: =ROUND(O117+O93+O110+O126,0) -> 1238395
C130: V. COSTOS INDIRECTOS
C133: DESCRIPCIÓN | N133: PORCENTAJE | O133: VALOR TOTAL
C134: ADMINISTRACION | N134: =PRESUPUESTO!$K$384 -> 0.26 | O134: =N134*O128 -> 321982.7
C135: IMPREVISTOS | N135: =PRESUPUESTO!$K$385 -> 0.01 | O135: =N135*O128 -> 12383.95
C136: UTILIDAD | N136: =PRESUPUESTO!$K$386 -> 0.03 | O136: =N136*O128 -> 37151.85
C139: TOTAL COSTO DIRECTO + A.I.U. | O139: =ROUNDUP(O128+O134+O135+O136,0) -> 1609914
C144: DATOS ESPECÍFICOS
C145: ÍTEM | D145: DESCRIPCIÓN | M145: UNIDAD | O145: CANTIDAD
...

Sheet APU CAP 16
C2: Formulario 1 - Propuesta económica - Licitación de obra pública de infraestructura social
C3: Código | D3: CCE-EICP-FM-116 | E3: Versión | F3: 1
C5: [La Entidad podrá utilizar este Formato para la presentación de los análisis de Precios Unitarios del Contratista en la oportunidad prevista en el numeral 8.1. del Documento Base]
C7: #VALUE!
D8: =PRESUPUESTO!C13 -> CONSTRUCCIÓN DEL CENTRO DE DESARROLLO INFANTIL BRISAS DEL MUNICIPIO DE MOSQUERA, CUNDINAMARCA
L9: VERSIÓN
L10: PÁGINA | M10: 1 | N10: DE | O10: 1
D11: ALCALDÍA DE MUNICIPAL DE MOSQUERA
L14: FECHA | M14: DD | N14: MM | O14: AA
C15: ESTUDIOS, DISEÑOS A DETALLE, PERMISOS Y LICENCIAMIENTO DE LOS DIFERENTES EQUIPAMIENTOS PÚBLICOS PARA EL MUNICIPIO DE MOSQUERA CUNDINAMARCA
C18: DATOS ESPECÍFICOS
C19: ÍTEM | D19: DESCRIPCIÓN | M19: UNIDAD | O19: CANTIDAD
C20: =PRESUPUESTO!C312 -> 16.01 | D20: =IFERROR(VLOOKUP(C20,PRESUPUESTO!$C$11:$K$366,5,FALSE)," ") -> SUMINISTRO E INSTALACION DE PUERTA PIVOTANTE METÁLICA EN LÁMINA COLD ROLLED CAL 18. DE UNA HOJA BATIENTE EN LAMINA METÁLICA, BASTIDOR EN PERFIL COD ROLLED CAL 18 ENTAMBORADO EN LAMINA. ACABADO EN PINTURA ELECTROSTATICA COLOR RAL 2005. MIRILLA FIJA EN VIDRIO TEMPLADO LAMINADO 4+4MM, JALADERA TIPO H DE ACERO INOXIDABLE. CERROJO INSTITUCIONAL YALE ACERO INOXIDABLE | M20: =IFERROR(VLOOKUP(C20,PRESUPUESTO!$C$11:$K$366,6,FALSE)," ") -> M2 | O20: =IFERROR(VLOOKUP(C20,PRESUPUESTO!$C$11:$K$366,7,FALSE)," ") -> 15.84
C24: DESCRIPCIÓN | H24: MARCA | J24: TIPO | L24: TARIFA/HORA | M24: RENDIMIENTO | O24: Vr. UNITARIO
C25: HERRAMIENTA MENOR | J25: =IFERROR(VLOOKUP(C25,EQUIPOS!$C$13:$G$80,2,FALSE)," ") -> % | L25: =O63 -> 0 | O25: =IFERROR(M25*L25,0) -> 0
J26: =IFERROR(VLOOKUP(C26,EQUIPOS!$C$13:$G$80,2,FALSE)," ") | L26: =IFERROR(VLOOKUP(C26,EQUIPOS!$C$13:$G$80,5,FALSE)," ") | O26: =IFERROR(L26/M26,0) -> 0
J27: =IFERROR(VLOOKUP(C27,EQUIPOS!$C$13:$G$80,2,FALSE)," ") | L27: =IFERROR(VLOOKUP(C27,EQUIPOS!$C$13:$G$80,5,FALSE)," ") | O27: =IFERROR(L27/M27,0) -> 0
J28: =IFERROR(VLOOKUP(C28,EQUIPOS!$C$13:$G$80,2,FALSE)," ") | L28: =IFERROR(VLOOKUP(C28,EQUIPOS!$C$13:$G$80,5,FALSE)," ") | O28: =IFERROR(L28/M28,0) -> 0
J29: =IFERROR(VLOOKUP(C29,EQUIPOS!$C$13:$G$80,2,FALSE)," ") | L29: =IFERROR(VLOOKUP(C29,EQUIPOS!$C$13:$G$80,5,FALSE)," ") | O29: =IFERROR(L29/M29,0) -> 0
C30: SUBTOTAL | O30: =SUM(O25:O29) -> 0
C31: II. MATERIALES
C34: DESCRIPCIÓN | K34: UNIDAD | L34: CANTIDAD | M34: PRECIO UNIT. | O34: Vr. UNITARIO
C35: FABRICACIÓN E INSTALACIÓN DE PUERTA METÁLICA PIVOTANTE, SEGÚN DISEÑO Y ESPECIFICACIONES ARQUITECTÓNICAS. | K35: =IFERROR(VLOOKUP(C35,MATERIALES!$C$13:$G$2486,2,FALSE)," ") -> M2 | L35: 1.02 | M35: =IFERROR(VLOOKUP(C35,MATERIALES!$C$13:$G$2486,5,FALSE)," ") -> 734261 | O35: =IFERROR(M35*L35,0) -> 748946.22
K36: =IFERROR(VLOOKUP(C36,MATERIALES!$C$13:$G$2486,2,FALSE)," ") | M36: =IFERROR(VLOOKUP(C36,MATERIALES!$C$13:$G$2486,5,FALSE)," ") | O36: =IFERROR(M36*L36,0) -> 0
K37: =IFERROR(VLOOKUP(C37,MATERIALES!$C$13:$G$2486,2,FALSE)," ") | M37: =IFERROR(VLOOKUP(C37,MATERIALES!$C$13:$G$2486,5,FALSE)," ") | O37: =IFERROR(M37*L37,0) -> 0
K38: =IFERROR(VLOOKUP(C38,MATERIALES!$C$13:$G$2486,2,FALSE)," ") | M38: =IFERROR(VLOOKUP(C38,MATERIALES!$C$13:$G$2486,5,FALSE)," ") | O38: =IFERROR(M38*L38,0) -> 0
K39: =IFERROR(VLOOKUP(C39,MATERIALES!$C$13:$G$2486,2,FALSE)," ") | M39: =IFERROR(VLOOKUP(C39,MATERIALES!$C$13:$G$2486,5,FALSE)," ") | O39: =IFERROR(M39*L39,0) -> 0
K40: =IFERROR(VLOOKUP(C40,MATERIALES!$C$13:$G$2486,2,FALSE)," ") | M40: =IFERROR(VLOOKUP(C40,MATERIALES!$C$13:$G$2486,5,FALSE)," ") | O40: =IFERROR(M40*L40,0) -> 0
K41: =IFERROR(VLOOKUP(C41,MATERIALES!$C$13:$G$2486,2,FALSE)," ") | M41: =IFERROR(VLOOKUP(C41,MATERIALES!$C$13:$G$2486,5,FALSE)," ") | O41: =IFERROR(M41*L41,0) -> 0
K42: =IFERROR(VLOOKUP(C42,MATERIALES!$C$13:$G$2486,2,FALSE)," ") | M42: =IFERROR(VLOOKUP(C42,MATERIALES!$C$13:$G$2486,5,FALSE)," ") | O42: =IFERROR(M42*L42,0) -> 0
K43: =IFERROR(VLOOKUP(C43,MATERIALES!$C$13:$G$2486,2,FALSE)," ") | M43: =IFERROR(VLOOKUP(C43,MATERIALES!$C$13:$G$2486,5,FALSE)," ") | O43: =IFERROR(M43*L43,0) -> 0
K44: =IFERROR(VLOOKUP(C44,MATERIALES!$C$13:$G$2486,2,FALSE)," ") | M44: =IFERROR(VLOOKUP(C44,MATERIALES!$C$13:$G$2486,5,FALSE)," ") | O44: =IFERROR(M44*L44,0) -> 0
K45: =IFERROR(VLOOKUP(C45,MATERIALES!$C$13:$G$2486,2,FALSE)," ") | M45: =IFERROR(VLOOKUP(C45,MATERIALES!$C$13:$G$2486,5,FALSE)," ") | O45: =IFERROR(M45*L45,0) -> 0
K46: =IFERROR(VLOOKUP(C46,MATERIALES!$C$13:$G$2486,2,FALSE)," ") | M46: =IFERROR(VLOOKUP(C46,MATERIALES!$C$13:$G$2486,5,FALSE)," ") | O46: =IFERROR(M46*L46,0) -> 0
C47: SUBTOTAL | O47: =SUM(O35:O46) -> 748946.22
C48: III. TRANSPORTES
C51: MATERIAL | J51: VOL. o PESO | K51: DISTANCIA | L51: M3 o Ton/Km | M51: TARIFA | O51: Vr. UNITARIO
K52: 25.1 | L52: =K52*J52 -> 0 | M52: =IFERROR(VLOOKUP(C52,TRANSPORTE!$C$14:$G$28,5,FALSE)," ") | O52: =IFERROR(M52*L52,0) -> 0
O53: =IFERROR(M53*L53,0) -> 0
C54: SUBTOTAL | O54: =+SUM(O52:O53) -> 0
C55: IV. MANO DE OBRA
C58: TRABAJADOR | J58: JORNAL | K58: PRESTACIONES | L58: JORNAL TOTAL | M58: RENDIMIENTO | O58: Vr. UNITARIO
J59: =IFERROR(VLOOKUP(C59,'MANO DE OBRA'!$C$13:$J$33,6,FALSE)," ") | K59: =IFERROR(VLOOKUP(C59,'MANO DE OBRA'!$C$13:$J$33,7,FALSE)," ") | L59: =IFERROR(VLOOKUP(C59,'MANO DE OBRA'!$C$13:$J$33,8,FALSE)," ") | O59: =IFERROR((L59/M59),0) -> 0
J60: =IFERROR(VLOOKUP(C60,'MANO DE OBRA'!$C$13:$J$33,6,FALSE)," ") | K60: =IFERROR(VLOOKUP(C60,'MANO DE OBRA'!$C$13:$J$33,7,FALSE)," ") | L60: =IFERROR(VLOOKUP(C60,'MANO DE OBRA'!$C$13:$J$33,8,FALSE)," ") | O60: =IFERROR((L60/M60),0) -> 0
J61: =IFERROR(VLOOKUP(C61,'MANO DE OBRA'!$C$13:$J$33,6,FALSE)," ") | K61: =IFERROR(VLOOKUP(C61,'MANO DE OBRA'!$C$13:$J$33,7,FALSE)," ") | L61: =IFERROR(VLOOKUP(C61,'MANO DE OBRA'!$C$13:$J$33,8,FALSE)," ") | O61: =IFERROR((L61/M61),0) -> 0
J62: =IFERROR(VLOOKUP(C62,'MANO DE OBRA'!$C$13:$J$33,6,FALSE)," ") | K62: =IFERROR(VLOOKUP(C62,'MANO DE OBRA'!$C$13:$J$33,7,FALSE)," ") | L62: =IFERROR(VLOOKUP(C62,'MANO DE OBRA'!$C$13:$J$33,8,FALSE)," ") | O62: =IFERROR((L62/M62),0) -> 0
C63: SUBTOTAL | O63: =+SUM(O59:O62) -> 0
C65: TOTAL COSTO DIRECTO | O65: =ROUND(O54+O30+O47+O63,0) -> 748946
C67: V. COSTOS INDIRECTOS
C70: DESCRIPCIÓN | N70: PORCENTAJE | O70: VALOR TOTAL
C71: ADMINISTRACION | N71: =PRESUPUESTO!$K$384 -> 0.26 | O71: =N71*O65 -> 194725.96
C72: IMPREVISTOS | N72: =PRESUPUESTO!$K$385 -> 0.01 | O72: =N72*O65 -> 7489.46
C73: UTILIDAD | N73: =PRESUPUESTO!$K$386 -> 0.03 | O73: =N73*O65 -> 22468.38
C76: TOTAL COSTO DIRECTO + A.I.U. | O76: =ROUNDUP(O65+O71+O72+O73,0) -> 973630
C82: DATOS ESPECÍFICOS
C83: ÍTEM | D83: DESCRIPCIÓN | M83: UNIDAD | O83: CANTIDAD
C84: =PRESUPUESTO!C313 -> 16.02 | D84: =IFERROR(VLOOKUP(C84,PRESUPUESTO!$C$11:$K$366,5,FALSE)," ") -> SUMINISTRO E INSTALACION DE PUERTA METALICA COLD ROLLED CAL 18, HOJA BATIENTE EN LAMINA METÁLICA, MARCO EN LAMINA METÁLICA COLD ROLLED CAL18. MONTANTE SUPERIOR EN CELOSÍA TIPO REJILLA EN LAMINA METÁLICA CAL 16 ANTICORROSIVO Y PINTURA. ACABADO EN PINTURA ELECTROSTATICA RAL 2005, CERRADURA DE SEGURIDAD CON MANIJA CENTRAL | M84: =IFERROR(VLOOKUP(C84,PRESUPUESTO!$C$11:$K$366,6,FALSE)," ") -> M2 | O84: =IFERROR(VLOOKUP(C84,PRESUPUESTO!$C$11:$K$366,7,FALSE)," ") -> 27.51
C88: DESCRIPCIÓN | H88: MARCA | J88: TIPO | L88: TARIFA/HORA | M88: RENDIMIENTO | O88: Vr. UNITARIO
C89: HERRAMIENTA MENOR | J89: =IFERROR(VLOOKUP(C89,EQUIPOS!$C$13:$G$80,2,FALSE)," ") -> % | L89: =O127 -> 0 | O89: =IFERROR(M89*L89,0) -> 0
J90: =IFERROR(VLOOKUP(C90,EQUIPOS!$C$13:$G$80,2,FALSE)," ") | L90: =IFERROR(VLOOKUP(C90,EQUIPOS!$C$13:$G$80,5,FALSE)," ") | O90: =IFERROR(L90/M90,0) -> 0
J91: =IFERROR(VLOOKUP(C91,EQUIPOS!$C$13:$G$80,2,FALSE)," ") | L91: =IFERROR(VLOOKUP(C91,EQUIPOS!$C$13:$G$80,5,FALSE)," ") | O91: =IFERROR(L91/M91,0) -> 0
J92: =IFERROR(VLOOKUP(C92,EQUIPOS!$C$13:$G$80,2,FALSE)," ") | L92: =IFERROR(VLOOKUP(C92,EQUIPOS!$C$13:$G$80,5,FALSE)," ") | O92: =IFERROR(L92/M92,0) -> 0
J93: =IFERROR(VLOOKUP(C93,EQUIPOS!$C$13:$G$80,2,FALSE)," ") | L93: =IFERROR(VLOOKUP(C93,EQUIPOS!$C$13:$G$80,5,FALSE)," ") | O93: =IFERROR(L93/M93,0) -> 0
C94: SUBTOTAL | O94: =SUM(O89:O93) -> 0
C95: II. MATERIALES
C98: DESCRIPCIÓN | K98: UNIDAD | L98: CANTIDAD | M98: PRECIO UNIT. | O98: Vr. UNITARIO
C99: FABRICACIÓN E INSTALACIÓN DE PUERTA METÁLICA CON MONTANTE EN CELOSÍA, SEGÚN DISEÑO Y ESPECIFICACIONES ARQUITECTÓNICAS. | K99: =IFERROR(VLOOKUP(C99,MATERIALES!$C$13:$G$2486,2,FALSE)," ") -> M2 | L99: 1.02 | M99: =IFERROR(VLOOKUP(C99,MATERIALES!$C$13:$G$2486,5,FALSE)," ") -> 718261 | O99: =IFERROR(M99*L99,0) -> 732626.22
K100: =IFERROR(VLOOKUP(C100,MATERIALES!$C$13:$G$2486,2,FALSE)," ") | M100: =IFERROR(VLOOKUP(C100,MATERIALES!$C$13:$G$2486,5,FALSE)," ") | O100: =IFERROR(M100*L100,0) -> 0
K101: =IFERROR(VLOOKUP(C101,MATERIALES!$C$13:$G$2486,2,FALSE)," ") | M101: =IFERROR(VLOOKUP(C101,MATERIALES!$C$13:$G$2486,5,FALSE)," ") | O101: =IFERROR(M101*L101,0) -> 0
K102: =IFERROR(VLOOKUP(C102,MATERIALES!$C$13:$G$2486,2,FALSE)," ") | M102: =IFERROR(VLOOKUP(C102,MATERIALES!$C$13:$G$2486,5,FALSE)," ") | O102: =IFERROR(M102*L102,0) -> 0
K103: =IFERROR(VLOOKUP(C103,MATERIALES!$C$13:$G$2486,2,FALSE)," ") | M103: =IFERROR(VLOOKUP(C103,MATERIALES!$C$13:$G$2486,5,FALSE)," ") | O103: =IFERROR(M103*L103,0) -> 0
K104: =IFERROR(VLOOKUP(C104,MATERIALES!$C$13:$G$2486,2,FALSE)," ") | M104: =IFERROR(VLOOKUP(C104,MATERIALES!$C$13:$G$2486,5,FALSE)," ") | O104: =IFERROR(M104*L104,0) -> 0
K105: =IFERROR(VLOOKUP(C105,MATERIALES!$C$13:$G$2486,2,FALSE)," ") | M105: =IFERROR(VLOOKUP(C105,MATERIALES!$C$13:$G$2486,5,FALSE)," ") | O105: =IFERROR(M105*L105,0) -> 0
K106: =IFERROR(VLOOKUP(C106,MATERIALES!$C$13:$G$2486,2,FALSE)," ") | M106: =IFERROR(VLOOKUP(C106,MATERIALES!$C$13:$G$2486,5,FALSE)," ") | O106: =IFERROR(M106*L106,0) -> 0
K107: =IFERROR(VLOOKUP(C107,MATERIALES!$C$13:$G$2486,2,FALSE)," ") | M107: =IFERROR(VLOOKUP(C107,MATERIALES!$C$13:$G$2486,5,FALSE)," ") | O107: =IFERROR(M107*L107,0) -> 0
K108: =IFERROR(VLOOKUP(C108,MATERIALES!$C$13:$G$2486,2,FALSE)," ") | M108: =IFERROR(VLOOKUP(C108,MATERIALES!$C$13:$G$2486,5,FALSE)," ") | O108: =IFERROR(M108*L108,0) -> 0
K109: =IFERROR(VLOOKUP(C109,MATERIALES!$C$13:$G$2486,2,FALSE)," ") | M109: =IFERROR(VLOOKUP(C109,MATERIALES!$C$13:$G$2486,5,FALSE)," ") | O109: =IFERROR(M109*L109,0) -> 0
K110: =IFERROR(VLOOKUP(C110,MATERIALES!$C$13:$G$2486,2,FALSE)," ") | M110: =IFERROR(VLOOKUP(C110,MATERIALES!$C$13:$G$2486,5,FALSE)," ") | O110: =IFERROR(M110*L110,0) -> 0
C111: SUBTOTAL | O111: =SUM(O99:O110) -> 732626.22
C112: III. TRANSPORTES
C115: MATERIAL | J115: VOL. o PESO | K115: DISTANCIA | L115: M3 o Ton/Km | M115: TARIFA | O115: Vr. UNITARIO
K116: 25.1 | L116: =K116*J116 -> 0 | M116: =IFERROR(VLOOKUP(C116,TRANSPORTE!$C$14:$G$28,5,FALSE)," ") | O116: =IFERROR(M116*L116,0) -> 0
O117: =IFERROR(M117*L117,0) -> 0
C118: SUBTOTAL | O118: =+SUM(O116:O117) -> 0
C119: IV. MANO DE OBRA
C122: TRABAJADOR | J122: JORNAL | K122: PRESTACIONES | L122: JORNAL TOTAL | M122: RENDIMIENTO | O122: Vr. UNITARIO
J123: =IFERROR(VLOOKUP(C123,'MANO DE OBRA'!$C$13:$J$33,6,FALSE)," ") | K123: =IFERROR(VLOOKUP(C123,'MANO DE OBRA'!$C$13:$J$33,7,FALSE)," ") | L123: =IFERROR(VLOOKUP(C123,'MANO DE OBRA'!$C$13:$J$33,8,FALSE)," ") | O123: =IFERROR((L123/M123),0) -> 0
J124: =IFERROR(VLOOKUP(C124,'MANO DE OBRA'!$C$13:$J$33,6,FALSE)," ") | K124: =IFERROR(VLOOKUP(C124,'MANO DE OBRA'!$C$13:$J$33,7,FALSE)," ") | L124: =IFERROR(VLOOKUP(C124,'MANO DE OBRA'!$C$13:$J$33,8,FALSE)," ") | O124: =IFERROR((L124/M124),0) -> 0
J125: =IFERROR(VLOOKUP(C125,'MANO DE OBRA'!$C$13:$J$33,6,FALSE)," ") | K125: =IFERROR(VLOOKUP(C125,'MANO DE OBRA'!$C$13:$J$33,7,FALSE)," ") | L125: =IFERROR(VLOOKUP(C125,'MANO DE OBRA'!$C$13:$J$33,8,FALSE)," ") | O125: =IFERROR((L125/M125),0) -> 0
J126: =IFERROR(VLOOKUP(C126,'MANO DE OBRA'!$C$13:$J$33,6,FALSE)," ") | K126: =IFERROR(VLOOKUP(C126,'MANO DE OBRA'!$C$13:$J$33,7,FALSE)," ") | L126: =IFERROR(VLOOKUP(C126,'MANO DE OBRA'!$C$13:$J$33,8,FALSE)," ") | O126: =IFERROR((L126/M126),0) -> 0
C127: SUBTOTAL | O127: =+SUM(O123:O126) -> 0
C129: TOTAL COSTO DIRECTO | O129: =ROUND(O118+O94+O111+O127,0) -> 732626
C131: V. COSTOS INDIRECTOS
C134: DESCRIPCIÓN | N134: PORCENTAJE | O134: VALOR TOTAL
C135: ADMINISTRACION | N135: =PRESUPUESTO!$K$384 -> 0.26 | O135: =N135*O129 -> 190482.76
C136: IMPREVISTOS | N136: =PRESUPUESTO!$K$385 -> 0.01 | O136: =N136*O129 -> 7326.26
C137: UTILIDAD | N137: =PRESUPUESTO!$K$386 -> 0.03 | O137: =N137*O129 -> 21978.78
C140: TOTAL COSTO DIRECTO + A.I.U. | O140: =ROUNDUP(O129+O135+O136+O137,0) -> 952414
C146: DATOS ESPECÍFICOS
C147: ÍTEM | D147: DESCRIPCIÓN | M147: UNIDAD | O147: CANTIDAD
...

Sheet APU CAP 17
C2: Formulario 1 - Propuesta económica - Licitación de obra pública de infraestructura social
C3: Código | D3: CCE-EICP-FM-116 | E3: Versión | F3: 1
C5: [La Entidad podrá utilizar este Formato para la presentación de los análisis de Precios Unitarios del Contratista en la oportunidad prevista en el numeral 8.1. del Documento Base]
C7: #VALUE!
D8: =PRESUPUESTO!C13 -> CONSTRUCCIÓN DEL CENTRO DE DESARROLLO INFANTIL BRISAS DEL MUNICIPIO DE MOSQUERA, CUNDINAMARCA
L9: VERSIÓN
L10: PÁGINA | M10: 1 | N10: DE | O10: 1
D11: ALCALDÍA DE MUNICIPAL DE MOSQUERA
L14: FECHA | M14: DD | N14: MM | O14: AA
C15: ESTUDIOS, DISEÑOS A DETALLE, PERMISOS Y LICENCIAMIENTO DE LOS DIFERENTES EQUIPAMIENTOS PÚBLICOS PARA EL MUNICIPIO DE MOSQUERA CUNDINAMARCA
C18: DATOS ESPECÍFICOS
C19: ÍTEM | D19: DESCRIPCIÓN | M19: UNIDAD | O19: CANTIDAD
C20: =PRESUPUESTO!C331 -> 17.01 | D20: =IFERROR(VLOOKUP(C20,PRESUPUESTO!$C$11:$K$366,5,FALSE)," ") -> SUMINISTRO E INSTALACIÓN DE PUERTA EN MADERA ENTAMBORADA CON ACABADO EN FÓRMICA, MARCO EN LÁMINA COLD ROLLED CALIBRE 18 Y MONTANTE SUPERIOR EN REJILLA DE VENTILACIÓN. INCLUYE PINTURA ELECTROSTÁTICA RAL 2005 EN ELEMENTOS METÁLICOS, MANIJA INSTITUCIONAL EN ACERO SATINADO DE 90 CM, CERRADURA, CERROJO DE SEGURIDAD, TRES BISAGRAS TIPO OMEGA DE 3”, ANCLAJES Y FIJACIONES. | M20: =IFERROR(VLOOKUP(C20,PRESUPUESTO!$C$11:$K$366,6,FALSE)," ") -> M2 | O20: =IFERROR(VLOOKUP(C20,PRESUPUESTO!$C$11:$K$366,7,FALSE)," ") -> 6.24
C24: DESCRIPCIÓN | H24: MARCA | J24: TIPO | L24: TARIFA/HORA | M24: RENDIMIENTO | O24: Vr. UNITARIO
C25: HERRAMIENTA MENOR | J25: =IFERROR(VLOOKUP(C25,EQUIPOS!$C$13:$G$80,2,FALSE)," ") -> % | L25: =O63 -> 0 | O25: =IFERROR(M25*L25,0) -> 0
J26: =IFERROR(VLOOKUP(C26,EQUIPOS!$C$13:$G$80,2,FALSE)," ") | L26: =IFERROR(VLOOKUP(C26,EQUIPOS!$C$13:$G$80,5,FALSE)," ") | O26: =IFERROR(L26/M26,0) -> 0
J27: =IFERROR(VLOOKUP(C27,EQUIPOS!$C$13:$G$80,2,FALSE)," ") | L27: =IFERROR(VLOOKUP(C27,EQUIPOS!$C$13:$G$80,5,FALSE)," ") | O27: =IFERROR(L27/M27,0) -> 0
J28: =IFERROR(VLOOKUP(C28,EQUIPOS!$C$13:$G$80,2,FALSE)," ") | L28: =IFERROR(VLOOKUP(C28,EQUIPOS!$C$13:$G$80,5,FALSE)," ") | O28: =IFERROR(L28/M28,0) -> 0
J29: =IFERROR(VLOOKUP(C29,EQUIPOS!$C$13:$G$80,2,FALSE)," ") | L29: =IFERROR(VLOOKUP(C29,EQUIPOS!$C$13:$G$80,5,FALSE)," ") | O29: =IFERROR(L29/M29,0) -> 0
C30: SUBTOTAL | O30: =SUM(O25:O29) -> 0
C31: II. MATERIALES
C34: DESCRIPCIÓN | K34: UNIDAD | L34: CANTIDAD | M34: PRECIO UNIT. | O34: Vr. UNITARIO
C35: FABRICACIÓN E INSTALACIÓN DE PUERTA EN MADERA ENTAMBORADA CON MONTANTE EN REJILLA, SEGÚN ESPECIFICACIONES ARQUITECTÓNICAS. | K35: =IFERROR(VLOOKUP(C35,MATERIALES!$C$13:$G$2486,2,FALSE)," ") -> M2 | L35: 1.02 | M35: =IFERROR(VLOOKUP(C35,MATERIALES!$C$13:$G$2486,5,FALSE)," ") -> 509094.95 | O35: =IFERROR(M35*L35,0) -> 519276.85
K36: =IFERROR(VLOOKUP(C36,MATERIALES!$C$13:$G$2486,2,FALSE)," ") | M36: =IFERROR(VLOOKUP(C36,MATERIALES!$C$13:$G$2486,5,FALSE)," ") | O36: =IFERROR(M36*L36,0) -> 0
K37: =IFERROR(VLOOKUP(C37,MATERIALES!$C$13:$G$2486,2,FALSE)," ") | M37: =IFERROR(VLOOKUP(C37,MATERIALES!$C$13:$G$2486,5,FALSE)," ") | O37: =IFERROR(M37*L37,0) -> 0
K38: =IFERROR(VLOOKUP(C38,MATERIALES!$C$13:$G$2486,2,FALSE)," ") | M38: =IFERROR(VLOOKUP(C38,MATERIALES!$C$13:$G$2486,5,FALSE)," ") | O38: =IFERROR(M38*L38,0) -> 0
K39: =IFERROR(VLOOKUP(C39,MATERIALES!$C$13:$G$2486,2,FALSE)," ") | M39: =IFERROR(VLOOKUP(C39,MATERIALES!$C$13:$G$2486,5,FALSE)," ") | O39: =IFERROR(M39*L39,0) -> 0
K40: =IFERROR(VLOOKUP(C40,MATERIALES!$C$13:$G$2486,2,FALSE)," ") | M40: =IFERROR(VLOOKUP(C40,MATERIALES!$C$13:$G$2486,5,FALSE)," ") | O40: =IFERROR(M40*L40,0) -> 0
K41: =IFERROR(VLOOKUP(C41,MATERIALES!$C$13:$G$2486,2,FALSE)," ") | M41: =IFERROR(VLOOKUP(C41,MATERIALES!$C$13:$G$2486,5,FALSE)," ") | O41: =IFERROR(M41*L41,0) -> 0
K42: =IFERROR(VLOOKUP(C42,MATERIALES!$C$13:$G$2486,2,FALSE)," ") | M42: =IFERROR(VLOOKUP(C42,MATERIALES!$C$13:$G$2486,5,FALSE)," ") | O42: =IFERROR(M42*L42,0) -> 0
K43: =IFERROR(VLOOKUP(C43,MATERIALES!$C$13:$G$2486,2,FALSE)," ") | M43: =IFERROR(VLOOKUP(C43,MATERIALES!$C$13:$G$2486,5,FALSE)," ") | O43: =IFERROR(M43*L43,0) -> 0
K44: =IFERROR(VLOOKUP(C44,MATERIALES!$C$13:$G$2486,2,FALSE)," ") | M44: =IFERROR(VLOOKUP(C44,MATERIALES!$C$13:$G$2486,5,FALSE)," ") | O44: =IFERROR(M44*L44,0) -> 0
K45: =IFERROR(VLOOKUP(C45,MATERIALES!$C$13:$G$2486,2,FALSE)," ") | M45: =IFERROR(VLOOKUP(C45,MATERIALES!$C$13:$G$2486,5,FALSE)," ") | O45: =IFERROR(M45*L45,0) -> 0
K46: =IFERROR(VLOOKUP(C46,MATERIALES!$C$13:$G$2486,2,FALSE)," ") | M46: =IFERROR(VLOOKUP(C46,MATERIALES!$C$13:$G$2486,5,FALSE)," ") | O46: =IFERROR(M46*L46,0) -> 0
C47: SUBTOTAL | O47: =SUM(O35:O46) -> 519276.85
C48: III. TRANSPORTES
C51: MATERIAL | J51: VOL. o PESO | K51: DISTANCIA | L51: M3 o Ton/Km | M51: TARIFA | O51: Vr. UNITARIO
K52: 25.1 | L52: =K52*J52 -> 0 | M52: =IFERROR(VLOOKUP(C52,TRANSPORTE!$C$14:$G$28,5,FALSE)," ") | O52: =IFERROR(M52*L52,0) -> 0
O53: =IFERROR(M53*L53,0) -> 0
C54: SUBTOTAL | O54: =+SUM(O52:O53) -> 0
C55: IV. MANO DE OBRA
C58: TRABAJADOR | J58: JORNAL | K58: PRESTACIONES | L58: JORNAL TOTAL | M58: RENDIMIENTO | O58: Vr. UNITARIO
J59: =IFERROR(VLOOKUP(C59,'MANO DE OBRA'!$C$13:$J$33,6,FALSE)," ") | K59: =IFERROR(VLOOKUP(C59,'MANO DE OBRA'!$C$13:$J$33,7,FALSE)," ") | L59: =IFERROR(VLOOKUP(C59,'MANO DE OBRA'!$C$13:$J$33,8,FALSE)," ") | O59: =IFERROR((L59/M59),0) -> 0
